Workbook
Name MINOCO: #REF!

Sheet Secteurs
A1: N° | B1: Zone | C1: Technico-Commercial
A2: 1 | B2: Nord | C2: Alexis MABOUNDA
A3: 2 | B3: Centre | C3: Félix OVOURA
A4: 3 | B4: Sud | C4: Armel SOKAMBA

Sheet WEEK 1
A1: N° | B1: Boulangerie | C1: Groupe | D1: Type | E1: Cons/j | F1: C° heb | G1: Date Dernière Visite | H1: Période sans visite | I1: Secteur | J1: Technico Commercial | K1: %MINOCO | L1: %FANTA | M1: %GMK | N1: %SGMP | O1: %MFB | P1: %GMC | Q1: MINOCO | R1: FANTA | S1: GMK | T1: SGMP | U1: MFB | V1: GMC | W1: Total | X1: COMMENTAIRES | AA1: Week | AB1: Minoco | AC1: Fanta | AD1: GMPN | AE1: GMK | AF1: SGMP | AG1: MFB | AH1: GMC
A2: =+IF(E2>0,1,0) -> 1 | B2: CONGO FUTUR SIAFOUMOU | C2: G2 | D2: crédit | E2: 20 | F2: =E2*7 -> 140 | G2: 46015 | H2: =+IF(A2=1,(+TODAY())-G2,"Sans objet") -> 293 | I2: 1 | J2: =VLOOKUP(I2,Secteurs!$A$2:$C$4,3) -> Alexis MABOUNDA | N2: 0.5 | P2: 0.5 | Q2: =+$F2*K2 -> 0 | R2: =+$F2*L2 -> 0 | S2: =+$F2*M2 -> 0 | T2: =+$F2*N2 -> 70 | U2: =+$F2*O2 -> 0 | V2: =+$F2*P2 -> 70 | W2: =SUM(Q2:V2) -> 140 | Y2: =+W2-F2 -> 0 | AA2: 50 | AB2: 0.34874188 | AC2: 0.11209652 | AD2: =SUM(AB2:AC2) -> 0.4608384 | AE2: 0.089409096 | AF2: 0.11784573 | AG2: 0.089177065 | AH2: 0.24272971 | AI2: =SUM(AD2:AH2) -> 1
A3: =+IF(E3>0,1,0) -> 1 | B3: EL ATIGH mengo péage | C3: G1 | D3: cash | E3: 24 | F3: =E3*7 -> 168 | G3: 46008 | H3: =+IF(A3=1,(+TODAY())-G3,"Sans objet") -> 300 | I3: 1 | J3: =VLOOKUP(I3,Secteurs!$A$2:$C$4,3) -> Alexis MABOUNDA | K3: 0.75 | M3: 0.25 | Q3: =+$F3*K3 -> 126 | R3: =+$F3*L3 -> 0 | S3: =+$F3*M3 -> 42 | T3: =+$F3*N3 -> 0 | U3: =+$F3*O3 -> 0 | V3: =+$F3*P3 -> 0 | W3: =SUM(Q3:V3) -> 168 | Y3: =+W3-F3 -> 0 | AA3: 51 | AB3: 0.3501863 | AC3: 0.11721176 | AD3: =SUM(AB3:AC3) -> 0.46739805 | AE3: 0.095166632 | AF3: 0.10541296 | AG3: 0.088956738 | AH3: 0.24306562 | AI3: =SUM(AD3:AH3) -> 1
A4: =+IF(E4>0,1,0) -> 1 | B4: ATAKAHYR loandjili | C4: G1 | D4: cash | E4: 54 | F4: =E4*7 -> 378 | G4: 46021 | H4: =+IF(A4=1,(+TODAY())-G4,"Sans objet") -> 287 | I4: 1 | J4: =VLOOKUP(I4,Secteurs!$A$2:$C$4,3) -> Alexis MABOUNDA | K4: 0.5 | O4: 0.5 | Q4: 252 | R4: =+$F4*L4 -> 0 | S4: =+$F4*M4 -> 0 | T4: =+$F4*N4 -> 0 | U4: 126 | V4: =+$F4*P4 -> 0 | W4: =SUM(Q4:V4) -> 378 | Y4: =+W4-F4 -> 0 | AA4: 52 | AB4: 0.32964421 | AC4: 0.10093549 | AD4: =SUM(AB4:AC4) -> 0.4305797 | AE4: 0.10502505 | AF4: 0.11951743 | AG4: 0.11872508 | AH4: 0.22615275 | AI4: =SUM(AD4:AH4) -> 1
A5: =+IF(E5>0,1,0) -> 1 | B5: ATAKAHYR fouks | C5: G1 | D5: cash | E5: 28 | F5: =E5*7 -> 196 | G5: 46015 | H5: =+IF(A5=1,(+TODAY())-G5,"Sans objet") -> 293 | I5: 2 | J5: =VLOOKUP(I5,Secteurs!$A$2:$C$4,3) -> Félix OVOURA | K5: 0.5 | O5: 0.5 | Q5: =+$F5*K5 -> 98 | R5: =+$F5*L5 -> 0 | S5: =+$F5*M5 -> 0 | T5: =+$F5*N5 -> 0 | U5: =+$F5*O5 -> 98 | V5: =+$F5*P5 -> 0 | W5: =SUM(Q5:V5) -> 196 | Y5: =+W5-F5 -> 0 | AA5: 1 | AB5: =E147 -> 0.32964421 | AC5: =E148 -> 0.10093549 | AD5: =SUM(AB5:AC5) -> 0.4305797 | AE5: =E150 -> 0.10502505 | AF5: =E151 -> 0.11951743 | AG5: =E152 -> 0.11872508 | AH5: =E153 -> 0.22615275 | AI5: =SUM(AD5:AH5) -> 1
A6: =+IF(E6>0,1,0) -> 1 | B6: ATAKAHYR mayinga | C6: G1 | D6: cash | E6: 20 | F6: 140 | G6: 46013 | H6: =+IF(A6=1,(+TODAY())-G6,"Sans objet") -> 295 | I6: 3 | J6: =VLOOKUP(I6,Secteurs!$A$2:$C$4,3) -> Armel SOKAMBA | K6: 0.5 | O6: 0.5 | Q6: 70 | R6: =+$F6*L6 -> 0 | S6: =+$F6*M6 -> 0 | T6: =+$F6*N6 -> 0 | U6: =+$F6*O6 -> 70 | W6: =SUM(Q6:V6) -> 140 | Y6: =+W6-F6 -> 0 | AA6: Variation
A7: =+IF(E7>0,1,0) -> 1 | B7: MED MMB CEG vindoulou | C7: G1 | D7: cash | E7: 20 | F7: =E7*7 -> 140 | G7: 46008 | H7: =+IF(A7=1,(+TODAY())-G7,"Sans objet") -> 300 | I7: 3 | J7: Christelle ITOUA | K7: 0.5 | M7: 0.25 | P7: 0.25 | Q7: =+$F7*K7 -> 70 | R7: =+$F7*L7 -> 0 | S7: =+$F7*M7 -> 35 | T7: =+$F7*N7 -> 0 | U7: =+$F7*O7 -> 0 | V7: =+$F7*P7 -> 35 | W7: =SUM(Q7:V7) -> 140 | Y7: =+W7-F7 -> 0
A8: =+IF(E8>0,1,0) -> 1 | B8: MED globaline | C8: G1 | D8: cash | E8: 26 | F8: =E8*7 -> 182 | G8: 46014 | H8: =+IF(A8=1,(+TODAY())-G8,"Sans objet") -> 294 | I8: 3 | J8: =VLOOKUP(I8,Secteurs!$A$2:$C$4,3) -> Armel SOKAMBA | K8: 0.5 | N8: 0.5 | Q8: =+$F8*K8 -> 91 | R8: =+$F8*L8 -> 0 | S8: =+$F8*M8 -> 0 | T8: =+$F8*N8 -> 91 | U8: =+$F8*O8 -> 0 | V8: =+$F8*P8 -> 0 | W8: =SUM(Q8:V8) -> 182 | Y8: =+W8-F8 -> 0
A9: =+IF(E9>0,1,0) -> 1 | B9: Ets AMITIE ex BAGDAD1 grand marché révolution | C9: G1 | D9: cash | E9: 20 | F9: =E9*7 -> 140 | G9: 46000 | H9: =+IF(A9=1,(+TODAY())-G9,"Sans objet") -> 308 | I9: 2 | J9: =VLOOKUP(I9,Secteurs!$A$2:$C$4,3) -> Félix OVOURA | K9: 0.75 | P9: 0.25 | Q9: =+$F9*K9 -> 105 | R9: =+$F9*L9 -> 0 | S9: =+$F9*M9 -> 0 | T9: =+$F9*N9 -> 0 | U9: =+$F9*O9 -> 0 | V9: =+$F9*P9 -> 35 | W9: =SUM(Q9:V9) -> 140 | Y9: =+W9-F9 -> 0
A10: =+IF(E10>0,1,0) -> 1 | B10: Ets AMITIE ex CONGO2 voungou école primaire | C10: G1 | D10: cash | E10: 20 | F10: =E10*7 -> 140 | G10: 46020 | H10: =+IF(A10=1,(+TODAY())-G10,"Sans objet") -> 288 | I10: 3 | J10: =VLOOKUP(I10,Secteurs!$A$2:$C$4,3) -> Armel SOKAMBA | K10: 1 | Q10: =+$F10*K10 -> 140 | R10: =+$F10*L10 -> 0 | S10: =+$F10*M10 -> 0 | T10: =+$F10*N10 -> 0 | U10: =+$F10*O10 -> 0 | V10: =+$F10*P10 -> 0 | W10: =SUM(Q10:V10) -> 140 | Y10: =+W10-F10 -> 0
A11: =+IF(E11>0,1,0) -> 1 | B11: Ets AMITIE ex CONGO1 kitoko daniel | C11: G1 | D11: cash | E11: 24 | F11: =E11*7 -> 168 | G11: 46000 | H11: =+IF(A11=1,(+TODAY())-G11,"Sans objet") -> 308 | I11: 2 | J11: =VLOOKUP(I11,Secteurs!$A$2:$C$4,3) -> Félix OVOURA | K11: 0.5 | M11: 0.5 | Q11: =+$F11*K11 -> 84 | R11: =+$F11*L11 -> 0 | S11: =+$F11*M11 -> 84 | T11: =+$F11*N11 -> 0 | U11: =+$F11*O11 -> 0 | V11: =+$F11*P11 -> 0 | W11: =SUM(Q11:V11) -> 168 | Y11: =+W11-F11 -> 0
A12: =+IF(E12>0,1,0) -> 1 | B12: Ets AMITIE ex BAGDAD2 Rex grand marché | C12: G1 | D12: cash | E12: 26 | F12: =E12*7 -> 182 | G12: 46000 | H12: =+IF(A12=1,(+TODAY())-G12,"Sans objet") -> 308 | I12: 2 | J12: =VLOOKUP(I12,Secteurs!$A$2:$C$4,3) -> Félix OVOURA | K12: 1 | Q12: =+$F12*K12 -> 182 | R12: =+$F12*L12 -> 0 | S12: =+$F12*M12 -> 0 | T12: =+$F12*N12 -> 0 | U12: =+$F12*O12 -> 0 | V12: =+$F12*P12 -> 0 | W12: =SUM(Q12:V12) -> 182 | Y12: =+W12-F12 -> 0
A13: =+IF(E13>0,1,0) -> 1 | B13: Ets AMITIE ex BONNE CHANCE nkouinkou dénisia | C13: G1 | D13: cash | E13: 24 | F13: =E13*7 -> 168 | G13: 46013 | H13: =+IF(A13=1,(+TODAY())-G13,"Sans objet") -> 295 | I13: 1 | J13: =VLOOKUP(I13,Secteurs!$A$2:$C$4,3) -> Alexis MABOUNDA | K13: 0.5 | M13: 0.5 | Q13: =+$F13*K13 -> 84 | R13: =+$F13*L13 -> 0 | S13: =+$F13*M13 -> 84 | T13: =+$F13*N13 -> 0 | U13: =+$F13*O13 -> 0 | V13: =+$F13*P13 -> 0 | W13: =SUM(Q13:V13) -> 168 | Y13: =+W13-F13 -> 0
A14: =+IF(E14>0,1,0) -> 1 | B14: BAH ex HACEN fond tié-tié | C14: G2 | D14: cash | E14: 36 | F14: =E14*7 -> 252 | G14: 46022 | H14: =+IF(A14=1,(+TODAY())-G14,"Sans objet") -> 286 | I14: 3 | J14: =VLOOKUP(I14,Secteurs!$A$2:$C$4,3) -> Armel SOKAMBA | K14: 0.5 | P14: 0.5 | Q14: =+$F14*K14 -> 126 | R14: =+$F14*L14 -> 0 | S14: =+$F14*M14 -> 0 | T14: =+$F14*N14 -> 0 | U14: =+$F14*O14 -> 0 | V14: =+$F14*P14 -> 126 | W14: =SUM(Q14:V14) -> 252 | Y14: =+W14-F14 -> 0
A15: =+IF(E15>0,1,0) -> 1 | B15: BAH ex SASI tié tié massola | C15: G1 | D15: cash | E15: 20 | F15: =E15*7 -> 140 | G15: 46015 | H15: =+IF(A15=1,(+TODAY())-G15,"Sans objet") -> 293 | I15: 2 | J15: Thérèse LOUKEBA | K15: 0.5 | P15: 0.5 | Q15: =+$F15*K15 -> 70 | R15: =+$F15*L15 -> 0 | S15: =+$F15*M15 -> 0 | T15: =+$F15*N15 -> 0 | U15: =+$F15*O15 -> 0 | V15: =+$F15*P15 -> 70 | W15: =SUM(Q15:V15) -> 140 | Y15: =+W15-F15 -> 0
A16: =+IF(E16>0,1,0) -> 1 | B16: BAH ex BMM paka maison blanche | C16: G1 | D16: cash | E16: 20 | F16: =E16*7 -> 140 | G16: 46009 | H16: =+IF(A16=1,(+TODAY())-G16,"Sans objet") -> 299 | I16: 3 | J16: =VLOOKUP(I16,Secteurs!$A$2:$C$4,3) -> Armel SOKAMBA | K16: 1 | Q16: =+$F16*K16 -> 140 | R16: =+$F16*L16 -> 0 | S16: =+$F16*M16 -> 0 | T16: =+$F16*N16 -> 0 | U16: =+$F16*O16 -> 0 | V16: =+$F16*P16 -> 0 | W16: =SUM(Q16:V16) -> 140 | Y16: =+W16-F16 -> 0
A17: =+IF(E17>0,1,0) -> 1 | B17: BA mvoumvou immigration | C17: G1 | D17: cash | E17: 30 | F17: =E17*7 -> 210 | G17: 46000 | H17: =+IF(A17=1,(+TODAY())-G17,"Sans objet") -> 308 | I17: 2 | J17: =VLOOKUP(I17,Secteurs!$A$2:$C$4,3) -> Félix OVOURA | K17: 0.5 | M17: 0.5 | Q17: =+$F17*K17 -> 105 | R17: =+$F17*L17 -> 0 | S17: =+$F17*M17 -> 105 | T17: =+$F17*N17 -> 0 | U17: =+$F17*O17 -> 0 | V17: =+$F17*P17 -> 0 | W17: =SUM(Q17:V17) -> 210 | Y17: =+W17-F17 -> 0
A18: =+IF(E18>0,1,0) -> 1 | B18: BA thyster mongo mpoukou | C18: G1 | D18: cash | E18: 20 | F18: =E18*7 -> 140 | G18: 46013 | H18: =+IF(A18=1,(+TODAY())-G18,"Sans objet") -> 295 | I18: 1 | J18: =VLOOKUP(I18,Secteurs!$A$2:$C$4,3) -> Alexis MABOUNDA | K18: 0.5 | M18: 0.5 | Q18: =+$F18*K18 -> 70 | R18: =+$F18*L18 -> 0 | S18: =+$F18*M18 -> 70 | T18: =+$F18*N18 -> 0 | U18: =+$F18*O18 -> 0 | V18: =+$F18*P18 -> 0 | W18: =SUM(Q18:V18) -> 140 | Y18: =+W18-F18 -> 0
A19: =+IF(E19>0,1,0) -> 1 | B19: BA mpaka dalette | C19: G1 | D19: cash | E19: 26 | F19: =E19*7 -> 182 | G19: 46020 | H19: =+IF(A19=1,(+TODAY())-G19,"Sans objet") -> 288 | I19: 3 | J19: =VLOOKUP(I19,Secteurs!$A$2:$C$4,3) -> Armel SOKAMBA | K19: 0.5 | M19: 0.5 | Q19: =+$F19*K19 -> 91 | R19: =+$F19*L19 -> 0 | S19: =+$F19*M19 -> 91 | T19: =+$F19*N19 -> 0 | U19: =+$F19*O19 -> 0 | V19: =+$F19*P19 -> 0 | W19: =SUM(Q19:V19) -> 182 | Y19: =+W19-F19 -> 0
A20: =+IF(E20>0,1,0) -> 1 | B20: BA fond tié-tié gar | C20: G1 | D20: cash | E20: 46 | F20: =E20*7 -> 322 | G20: 46007 | H20: =+IF(A20=1,(+TODAY())-G20,"Sans objet") -> 301 | I20: 3 | J20: =VLOOKUP(I20,Secteurs!$A$2:$C$4,3) -> Armel SOKAMBA | K20: 0.5 | M20: 0.5 | Q20: =+$F20*K20 -> 161 | R20: =+$F20*L20 -> 0 | S20: =+$F20*M20 -> 161 | T20: =+$F20*N20 -> 0 | U20: =+$F20*O20 -> 0 | V20: =+$F20*P20 -> 0 | W20: =SUM(Q20:V20) -> 322 | Y20: =+W20-F20 -> 0
A21: =+IF(E21>0,1,0) -> 1 | B21: BA mpaka marché | C21: G1 | D21: cash | E21: 20 | F21: =E21*7 -> 140 | G21: 46009 | H21: =+IF(A21=1,(+TODAY())-G21,"Sans objet") -> 299 | I21: 3 | J21: =VLOOKUP(I21,Secteurs!$A$2:$C$4,3) -> Armel SOKAMBA | K21: 0.5 | P21: 0.5 | Q21: =+$F21*K21 -> 70 | R21: =+$F21*L21 -> 0 | S21: =+$F21*M21 -> 0 | T21: =+$F21*N21 -> 0 | U21: =+$F21*O21 -> 0 | V21: =+$F21*P21 -> 70 | W21: =SUM(Q21:V21) -> 140 | Y21: =+W21-F21 -> 0
A22: =+IF(E22>0,1,0) -> 1 | B22: BA ngoyo | C22: G1 | D22: cash | E22: 26 | F22: =E22*7 -> 182 | G22: 46014 | H22: =+IF(A22=1,(+TODAY())-G22,"Sans objet") -> 294 | I22: 3 | J22: =VLOOKUP(I22,Secteurs!$A$2:$C$4,3) -> Armel SOKAMBA | K22: 0.75 | P22: 0.25 | Q22: =+$F22*K22 -> 136.5 | R22: =+$F22*L22 -> 0 | S22: =+$F22*M22 -> 0 | T22: =+$F22*N22 -> 0 | U22: =+$F22*O22 -> 0 | V22: =+$F22*P22 -> 45.5 | W22: =SUM(Q22:V22) -> 182 | Y22: =+W22-F22 -> 0
A23: =+IF(E23>0,1,0) -> 1 | B23: BA fond tié-tié en allant vers voungou | C23: G1 | D23: cash | E23: 20 | F23: =E23*7 -> 140 | G23: 46020 | H23: =+IF(A23=1,(+TODAY())-G23,"Sans objet") -> 288 | I23: 3 | J23: =VLOOKUP(I23,Secteurs!$A$2:$C$4,3) -> Armel SOKAMBA | K23: 0.75 | P23: 0.25 | Q23: =+$F23*K23 -> 105 | R23: =+$F23*L23 -> 0 | S23: =+$F23*M23 -> 0 | T23: =+$F23*N23 -> 0 | U23: =+$F23*O23 -> 0 | V23: =+$F23*P23 -> 35 | W23: =SUM(Q23:V23) -> 140 | Y23: =+W23-F23 -> 0
A24: =+IF(E24>0,1,0) -> 1 | B24: NEINA REPUBLIQUE marché bissongo | C24: G1 | D24: cash | E24: 18 | F24: =E24*7 -> 126 | G24: 46020 | H24: =+IF(A24=1,(+TODAY())-G24,"Sans objet") -> 288 | I24: 3 | J24: =VLOOKUP(I24,Secteurs!$A$2:$C$4,3) -> Armel SOKAMBA | K24: 0.5 | P24: 0.5 | Q24: =+$F24*K24 -> 63 | R24: =+$F24*L24 -> 0 | S24: =+$F24*M24 -> 0 | T24: =+$F24*N24 -> 0 | U24: =+$F24*O24 -> 0 | V24: =+$F24*P24 -> 63 | W24: =SUM(Q24:V24) -> 126 | Y24: =+W24-F24 -> 0
A25: =+IF(E25>0,1,0) -> 1 | B25: NEINA REPUBLIQUE ngoyo central | C25: G1 | D25: cash | E25: 24 | F25: =E25*7 -> 168 | G25: 46014 | H25: =+IF(A25=1,(+TODAY())-G25,"Sans objet") -> 294 | I25: 3 | J25: =VLOOKUP(I25,Secteurs!$A$2:$C$4,3) -> Armel SOKAMBA | K25: 0.75 | P25: 0.25 | Q25: =+$F25*K25 -> 126 | R25: =+$F25*L25 -> 0 | S25: =+$F25*M25 -> 0 | T25: =+$F25*N25 -> 0 | U25: =+$F25*O25 -> 0 | V25: =+$F25*P25 -> 42 | W25: =SUM(Q25:V25) -> 168 | Y25: =+W25-F25 -> 0
A26: =+IF(E26>0,1,0) -> 1 | B26: NEINA REPUBLIQUE grand marché | C26: G1 | D26: cash | E26: 26 | F26: =E26*7 -> 182 | G26: 46000 | H26: =+IF(A26=1,(+TODAY())-G26,"Sans objet") -> 308 | I26: 2 | J26: =VLOOKUP(I26,Secteurs!$A$2:$C$4,3) -> Félix OVOURA | K26: 0.5 | P26: 0.5 | Q26: =+$F26*K26 -> 91 | R26: =+$F26*L26 -> 0 | S26: =+$F26*M26 -> 0 | T26: =+$F26*N26 -> 0 | U26: =+$F26*O26 -> 0 | V26: =+$F26*P26 -> 91 | W26: =SUM(Q26:V26) -> 182 | Y26: =+W26-F26 -> 0
A27: =+IF(E27>0,1,0) -> 1 | B27: NEINA REPUBLIQUE tchimbambouka | C27: G1 | D27: cash | E27: 20 | F27: =E27*7 -> 140 | G27: 46020 | H27: =+IF(A27=1,(+TODAY())-G27,"Sans objet") -> 288 | I27: 3 | J27: =VLOOKUP(I27,Secteurs!$A$2:$C$4,3) -> Armel SOKAMBA | K27: 0.5 | P27: 0.5 | Q27: =+$F27*K27 -> 70 | R27: =+$F27*L27 -> 0 | S27: =+$F27*M27 -> 0 | T27: =+$F27*N27 -> 0 | U27: =+$F27*O27 -> 0 | V27: =+$F27*P27 -> 70 | W27: =SUM(Q27:V27) -> 140 | Y27: =+W27-F27 -> 0
A28: =+IF(E28>0,1,0) -> 1 | B28: MED MMB deux poteaux | C28: G1 | D28: cash | E28: 20 | F28: =E28*7 -> 140 | G28: 46013 | H28: =+IF(A28=1,(+TODAY())-G28,"Sans objet") -> 295 | I28: 3 | J28: =VLOOKUP(I28,Secteurs!$A$2:$C$4,3) -> Armel SOKAMBA | K28: 1 | Q28: =+$F28*K28 -> 140 | R28: =+$F28*L28 -> 0 | S28: =+$F28*M28 -> 0 | T28: =+$F28*N28 -> 0 | U28: =+$F28*O28 -> 0 | V28: =+$F28*P28 -> 0 | W28: =SUM(Q28:V28) -> 140 | Y28: =+W28-F28 -> 0
A29: =+IF(E29>0,1,0) -> 1 | B29: MED marché tchimbamba | C29: G1 | D29: cash | E29: 26 | F29: 24 | G29: 46013 | H29: =+IF(A29=1,(+TODAY())-G29,"Sans objet") -> 295 | I29: 3 | J29: =VLOOKUP(I29,Secteurs!$A$2:$C$4,3) -> Armel SOKAMBA | K29: 0.5 | O29: 0.5 | Q29: =+$F29*K29 -> 12 | R29: =+$F29*L29 -> 0 | S29: =+$F29*M29 -> 0 | T29: =+$F29*N29 -> 0 | U29: =+$F29*O29 -> 12 | V29: =+$F29*P29 -> 0 | W29: =SUM(Q29:V29) -> 24 | Y29: =+W29-F29 -> 0
A30: =+IF(E30>0,1,0) -> 1 | B30: MED ngoyo péage | C30: G1 | D30: cash | E30: 30 | F30: =E30*7 -> 210 | G30: 46014 | H30: =+IF(A30=1,(+TODAY())-G30,"Sans objet") -> 294 | I30: 3 | J30: =VLOOKUP(I30,Secteurs!$A$2:$C$4,3) -> Armel SOKAMBA | N30: 0.5 | O30: 0.5 | Q30: =+$F30*K30 -> 0 | R30: =+$F30*L30 -> 0 | S30: =+$F30*M30 -> 0 | T30: =+$F30*N30 -> 105 | U30: =+$F30*O30 -> 105 | V30: =+$F30*P30 -> 0 | W30: =SUM(Q30:V30) -> 210 | Y30: =+W30-F30 -> 0
A31: =+IF(E31>0,1,0) -> 1 | B31: MED ex la grace vindoulou | C31: G1 | D31: cash | E31: 26 | F31: =E31*7 -> 182 | G31: 46013 | H31: =+IF(A31=1,(+TODAY())-G31,"Sans objet") -> 295 | I31: 1 | J31: =VLOOKUP(I31,Secteurs!$A$2:$C$4,3) -> Alexis MABOUNDA | K31: 0.5 | M31: 0.25 | O31: 0.25 | Q31: =+$F31*K31 -> 91 | R31: =+$F31*L31 -> 0 | S31: =+$F31*M31 -> 45.5 | T31: =+$F31*N31 -> 0 | U31: =+$F31*O31 -> 45.5 | V31: =+$F31*P31 -> 0 | W31: =SUM(Q31:V31) -> 182 | Y31: =+W31-F31 -> 0
A32: =+IF(E32>0,1,0) -> 1 | B32: MMB Licee vindoulou | C32: G1 | D32: cash | E32: 10 | F32: =E32*7 -> 70 | G32: 46008 | H32: =+IF(A32=1,(+TODAY())-G32,"Sans objet") -> 300 | I32: 1 | J32: Christelle ITOUA | K32: 0.5 | M32: 0.5 | Q32: =+$F32*K32 -> 35 | R32: =+$F32*L32 -> 0 | S32: =+$F32*M32 -> 35 | T32: =+$F32*N32 -> 0 | U32: =+$F32*O32 -> 0 | V32: =+$F32*P32 -> 0 | W32: =SUM(Q32:V32) -> 70 | Y32: =+W32-F32 -> 0
A33: =+IF(E33>0,1,0) -> 1 | B33: MED marché tsourou thyster | C33: G1 | D33: cash | E33: 22 | F33: =E33*7 -> 154 | G33: 46008 | H33: =+IF(A33=1,(+TODAY())-G33,"Sans objet") -> 300 | I33: 1 | J33: =VLOOKUP(I33,Secteurs!$A$2:$C$4,3) -> Alexis MABOUNDA | K33: 0.5 | M33: 0.25 | O33: 0.25 | Q33: =+$F33*K33 -> 77 | R33: =+$F33*L33 -> 0 | S33: =+$F33*M33 -> 38.5 | T33: =+$F33*N33 -> 0 | U33: =+$F33*O33 -> 38.5 | V33: =+$F33*P33 -> 0 | W33: =SUM(Q33:V33) -> 154 | Y33: =+W33-F33 -> 0
A34: =+IF(E34>0,1,0) -> 1 | B34: MED MMB contre rail | C34: G1 | D34: cash | E34: 16 | F34: =E34*7 -> 112 | G34: 46009 | H34: =+IF(A34=1,(+TODAY())-G34,"Sans objet") -> 299 | I34: 3 | J34: =VLOOKUP(I34,Secteurs!$A$2:$C$4,3) -> Armel SOKAMBA | L34: 0.5 | N34: 0.5 | Q34: =+$F34*K34 -> 0 | R34: =+$F34*L34 -> 56 | S34: =+$F34*M34 -> 0 | T34: =+$F34*N34 -> 56 | U34: =+$F34*O34 -> 0 | V34: =+$F34*P34 -> 0 | W34: =SUM(Q34:V34) -> 112 | Y34: =+W34-F34 -> 0
A35: =+IF(E35>0,1,0) -> 1 | B35: TOD mvoumvou sympatique | C35: G1 | D35: cash | E35: 26 | F35: =E35*7 -> 182 | G35: 46006 | H35: =+IF(A35=1,(+TODAY())-G35,"Sans objet") -> 302 | I35: 2 | J35: =VLOOKUP(I35,Secteurs!$A$2:$C$4,3) -> Félix OVOURA | K35: 1 | Q35: =+$F35*K35 -> 182 | R35: =+$F35*L35 -> 0 | S35: =+$F35*M35 -> 0 | T35: =+$F35*N35 -> 0 | U35: =+$F35*O35 -> 0 | V35: =+$F35*P35 -> 0 | W35: =SUM(Q35:V35) -> 182 | Y35: =+W35-F35 -> 0
A36: =+IF(E36>0,1,0) -> 1 | B36: TOD roy | C36: G1 | D36: cash | E36: 20 | F36: =E36*7 -> 140 | G36: 46000 | H36: =+IF(A36=1,(+TODAY())-G36,"Sans objet") -> 308 | I36: 2 | J36: =VLOOKUP(I36,Secteurs!$A$2:$C$4,3) -> Félix OVOURA | K36: 1 | Q36: =+$F36*K36 -> 140 | R36: =+$F36*L36 -> 0 | S36: =+$F36*M36 -> 0 | T36: =+$F36*N36 -> 0 | U36: =+$F36*O36 -> 0 | V36: =+$F36*P36 -> 0 | W36: =SUM(Q36:V36) -> 140 | Y36: =+W36-F36 -> 0
A37: =+IF(E37>0,1,0) -> 1 | B37: TOD och | C37: G1 | D37: cash | E37: 20 | F37: =E37*7 -> 140 | G37: 46022 | H37: =+IF(A37=1,(+TODAY())-G37,"Sans objet") -> 286 | I37: 2 | J37: Thérèse LOUKEBA | K37: 0.5 | M37: 0.5 | Q37: =+$F37*K37 -> 70 | R37: =+$F37*L37 -> 0 | S37: =+$F37*M37 -> 70 | T37: =+$F37*N37 -> 0 | U37: =+$F37*O37 -> 0 | V37: =+$F37*P37 -> 0 | W37: =SUM(Q37:V37) -> 140 | Y37: =+W37-F37 -> 0
A38: =+IF(E38>0,1,0) -> 1 | B38: WAMAS ex moulin rouge | C38: Direct | D38: cash | E38: 18 | F38: =E38*7 -> 126 | G38: 46006 | H38: =+IF(A38=1,(+TODAY())-G38,"Sans objet") -> 302 | I38: 3 | J38: =VLOOKUP(I38,Secteurs!$A$2:$C$4,3) -> Armel SOKAMBA | K38: 1 | Q38: =+$F38*K38 -> 126 | R38: =+$F38*L38 -> 0 | S38: =+$F38*M38 -> 0 | T38: =+$F38*N38 -> 0 | U38: =+$F38*O38 -> 0 | V38: =+$F38*P38 -> 0 | W38: =SUM(Q38:V38) -> 126 | Y38: =+W38-F38 -> 0
A39: =+IF(E39>0,1,0) -> 1 | B39: CHRISTINA kitoko daniel | C39: Direct | D39: cash | E39: 24 | F39: =E39*7 -> 168 | G39: 46000 | H39: =+IF(A39=1,(+TODAY())-G39,"Sans objet") -> 308 | I39: 2 | J39: =VLOOKUP(I39,Secteurs!$A$2:$C$4,3) -> Félix OVOURA | K39: 0.5 | M39: 0.5 | Q39: =+$F39*K39 -> 84 | R39: =+$F39*L39 -> 0 | S39: =+$F39*M39 -> 84 | T39: =+$F39*N39 -> 0 | U39: =+$F39*O39 -> 0 | V39: =+$F39*P39 -> 0 | W39: =SUM(Q39:V39) -> 168 | Y39: =+W39-F39 -> 0
A40: =+IF(E40>0,1,0) -> 1 | B40: LOUKABOU grand marhé lumumba | C40: Direct | D40: cash | E40: 16 | F40: =E40*7 -> 112 | G40: 46007 | H40: =+IF(A40=1,(+TODAY())-G40,"Sans objet") -> 301 | I40: 2 | J40: =VLOOKUP(I40,Secteurs!$A$2:$C$4,3) -> Félix OVOURA | K40: 0.5 | M40: 0.5 | Q40: =+$F40*K40 -> 56 | R40: =+$F40*L40 -> 0 | S40: =+$F40*M40 -> 56 | T40: =+$F40*N40 -> 0 | U40: =+$F40*O40 -> 0 | V40: =+$F40*P40 -> 0 | W40: =SUM(Q40:V40) -> 112 | Y40: =+W40-F40 -> 0
A41: =+IF(E41>0,1,0) -> 1 | B41: LA CITRONNELLE | C41: Direct | D41: cash | E41: 16 | F41: =E41*7 -> 112 | G41: 45996 | H41: =+IF(A41=1,(+TODAY())-G41,"Sans objet") -> 312 | I41: 2 | J41: =VLOOKUP(I41,Secteurs!$A$2:$C$4,3) -> Félix OVOURA | K41: 1 | Q41: =+$F41*K41 -> 112 | R41: =+$F41*L41 -> 0 | S41: =+$F41*M41 -> 0 | T41: =+$F41*N41 -> 0 | U41: =+$F41*O41 -> 0 | V41: =+$F41*P41 -> 0 | W41: =SUM(Q41:V41) -> 112 | Y41: =+W41-F41 -> 0
A42: =+IF(E42>0,1,0) -> 1 | B42: CONTINENT | C42: Direct | D42: cash | E42: 10 | F42: =E42*7 -> 70 | G42: 46007 | H42: =+IF(A42=1,(+TODAY())-G42,"Sans objet") -> 301 | I42: 2 | J42: =VLOOKUP(I42,Secteurs!$A$2:$C$4,3) -> Félix OVOURA | O42: 1 | Q42: =+$F42*K42 -> 0 | R42: =+$F42*L42 -> 0 | S42: =+$F42*M42 -> 0 | T42: =+$F42*N42 -> 0 | U42: =+$F42*O42 -> 70 | V42: =+$F42*P42 -> 0 | W42: =SUM(Q42:V42) -> 70 | Y42: =+W42-F42 -> 0
A43: =+IF(E43>0,1,0) -> 1 | B43: ESPACE DE LA PROMESSE | C43: Direct | D43: crédit | E43: 14 | F43: =E43*7 -> 98 | G43: 46013 | H43: =+IF(A43=1,(+TODAY())-G43,"Sans objet") -> 295 | I43: 1 | J43: =VLOOKUP(I43,Secteurs!$A$2:$C$4,3) -> Alexis MABOUNDA | K43: 0.5 | P43: 0.5 | Q43: =+$F43*K43 -> 49 | R43: =+$F43*L43 -> 0 | S43: =+$F43*M43 -> 0 | T43: =+$F43*N43 -> 0 | U43: =+$F43*O43 -> 0 | V43: =+$F43*P43 -> 49 | W43: =SUM(Q43:V43) -> 98 | Y43: =+W43-F43 -> 0
A44: =+IF(E44>0,1,0) -> 1 | B44: ZAM-ZAM1 mpaka 5chemin | C44: G2 | D44: crédit | E44: 30 | F44: =E44*7 -> 210 | G44: 46009 | H44: =+IF(A44=1,(+TODAY())-G44,"Sans objet") -> 299 | I44: 3 | J44: =VLOOKUP(I44,Secteurs!$A$2:$C$4,3) -> Armel SOKAMBA | L44: 0.5 | O44: 0.25 | P44: 0.25 | Q44: =+$F44*K44 -> 0 | R44: =+$F44*L44 -> 105 | S44: =+$F44*M44 -> 0 | T44: =+$F44*N44 -> 0 | U44: =+$F44*O44 -> 52.5 | V44: =+$F44*P44 -> 52.5 | W44: =SUM(Q44:V44) -> 210 | Y44: =+W44-F44 -> 0
A45: =+IF(E45>0,1,0) -> 1 | B45: ZAM-ZAM2 tchimani | C45: G2 | D45: crédit | E45: 26 | F45: =E45*7 -> 182 | G45: 46007 | H45: =+IF(A45=1,(+TODAY())-G45,"Sans objet") -> 301 | I45: 3 | J45: =VLOOKUP(I45,Secteurs!$A$2:$C$4,3) -> Armel SOKAMBA | N45: 0.5 | P45: 0.5 | Q45: =+$F45*K45 -> 0 | R45: =+$F45*L45 -> 0 | S45: =+$F45*M45 -> 0 | T45: =+$F45*N45 -> 91 | U45: =+$F45*O45 -> 0 | V45: =+$F45*P45 -> 91 | W45: =SUM(Q45:V45) -> 182 | Y45: =+W45-F45 -> 0
A46: =+IF(E46>0,1,0) -> 1 | B46: YAYA BILAL1 tchimbambouka | C46: G2 | D46: crédit | E46: 30 | F46: =E46*7 -> 210 | G46: 46020 | H46: =+IF(A46=1,(+TODAY())-G46,"Sans objet") -> 288 | I46: 3 | J46: =VLOOKUP(I46,Secteurs!$A$2:$C$4,3) -> Armel SOKAMBA | M46: 0.5 | O46: 0.5 | Q46: =+$F46*K46 -> 0 | R46: =+$F46*L46 -> 0 | S46: =+$F46*M46 -> 105 | T46: =+$F46*N46 -> 0 | U46: =+$F46*O46 -> 105 | V46: =+$F46*P46 -> 0 | W46: =SUM(Q46:V46) -> 210 | Y46: =+W46-F46 -> 0
A47: =+IF(E47>0,1,0) -> 1 | B47: ZAM-ZAM ext 5chemin | C47: G2 | D47: crédit | E47: 26 | F47: =E47*7 -> 182 | G47: 46015 | H47: =+IF(A47=1,(+TODAY())-G47,"Sans objet") -> 293 | I47: 3 | J47: =VLOOKUP(I47,Secteurs!$A$2:$C$4,3) -> Armel SOKAMBA | M47: 0.25 | O47: 0.25 | P47: 0.5 | Q47: =+$F47*K47 -> 0 | R47: =+$F47*L47 -> 0 | S47: =+$F47*M47 -> 45.5 | T47: =+$F47*N47 -> 0 | U47: =+$F47*O47 -> 45.5 | V47: =+$F47*P47 -> 91 | W47: =SUM(Q47:V47) -> 182 | Y47: =+W47-F47 -> 0
A48: =+IF(E48>0,1,0) -> 1 | B48: AFRICAINE1 nkouikou nzango | C48: G2 | D48: cash | E48: 14 | F48: =E48*7 -> 98 | G48: 46014 | H48: =+IF(A48=1,(+TODAY())-G48,"Sans objet") -> 294 | I48: 1 | J48: =VLOOKUP(I48,Secteurs!$A$2:$C$4,3) -> Alexis MABOUNDA | K48: 0.5 | P48: 0.5 | Q48: =+$F48*K48 -> 49 | R48: =+$F48*L48 -> 0 | S48: =+$F48*M48 -> 0 | T48: =+$F48*N48 -> 0 | U48: =+$F48*O48 -> 0 | V48: =+$F48*P48 -> 49 | W48: =SUM(Q48:V48) -> 98 | Y48: =+W48-F48 -> 0
A49: =+IF(E49>0,1,0) -> 1 | B49: AFRICAINE2 nkouinkou vonvon | C49: G2 | D49: cash | E49: 12 | F49: =E49*7 -> 84 | G49: 46014 | H49: =+IF(A49=1,(+TODAY())-G49,"Sans objet") -> 294 | I49: 1 | J49: =VLOOKUP(I49,Secteurs!$A$2:$C$4,3) -> Alexis MABOUNDA | K49: 0.5 | P49: 0.5 | Q49: =+$F49*K49 -> 42 | R49: =+$F49*L49 -> 0 | S49: =+$F49*M49 -> 0 | T49: =+$F49*N49 -> 0 | U49: =+$F49*O49 -> 0 | V49: =+$F49*P49 -> 42 | W49: =SUM(Q49:V49) -> 84 | Y49: =+W49-F49 -> 0
A50: =+IF(E50>0,1,0) -> 1 | B50: AFRICAINE3 tchialli | C50: G2 | D50: cash | E50: 16 | F50: =E50*7 -> 112 | G50: 45994 | H50: =+IF(A50=1,(+TODAY())-G50,"Sans objet") -> 314 | I50: 1 | J50: =VLOOKUP(I50,Secteurs!$A$2:$C$4,3) -> Alexis MABOUNDA | K50: 0.5 | N50: 0.5 | Q50: =+$F50*K50 -> 56 | R50: =+$F50*L50 -> 0 | S50: =+$F50*M50 -> 0 | T50: =+$F50*N50 -> 56 | U50: =+$F50*O50 -> 0 | V50: =+$F50*P50 -> 0 | W50: =SUM(Q50:V50) -> 112 | Y50: =+W50-F50 -> 0
A51: =+IF(E51>0,1,0) -> 1 | B51: AFRICAINE4 la fontaine | C51: G2 | D51: cash | E51: 14 | F51: =E51*7 -> 98 | G51: 46020 | H51: =+IF(A51=1,(+TODAY())-G51,"Sans objet") -> 288 | I51: 3 | J51: =VLOOKUP(I51,Secteurs!$A$2:$C$4,3) -> Armel SOKAMBA | K51: 0.5 | P51: 0.5 | Q51: =+$F51*K51 -> 49 | R51: =+$F51*L51 -> 0 | S51: =+$F51*M51 -> 0 | T51: =+$F51*N51 -> 0 | U51: =+$F51*O51 -> 0 | V51: =+$F51*P51 -> 49 | W51: =SUM(Q51:V51) -> 98 | Y51: =+W51-F51 -> 0
A52: =+IF(E52>0,1,0) -> 1 | B52: AFRICAINE5 ngoyo avenue taty loutard | C52: G2 | D52: cash | E52: 24 | F52: =E52*7 -> 168 | G52: 46014 | H52: =+IF(A52=1,(+TODAY())-G52,"Sans objet") -> 294 | I52: 3 | J52: =VLOOKUP(I52,Secteurs!$A$2:$C$4,3) -> Armel SOKAMBA | K52: 0.5 | N52: 0.5 | Q52: =+$F52*K52 -> 84 | R52: =+$F52*L52 -> 0 | S52: =+$F52*M52 -> 0 | T52: =+$F52*N52 -> 84 | U52: =+$F52*O52 -> 0 | V52: =+$F52*P52 -> 0 | W52: =SUM(Q52:V52) -> 168 | Y52: =+W52-F52 -> 0
A53: =+IF(E53>0,1,0) -> 1 | B53: AFRICAINE6 ngoyo central | C53: G2 | D53: cash | E53: 24 | F53: =E53*7 -> 168 | G53: 46014 | H53: =+IF(A53=1,(+TODAY())-G53,"Sans objet") -> 294 | I53: 3 | J53: =VLOOKUP(I53,Secteurs!$A$2:$C$4,3) -> Armel SOKAMBA | K53: 0.5 | P53: 0.5 | Q53: =+$F53*K53 -> 84 | R53: =+$F53*L53 -> 0 | S53: =+$F53*M53 -> 0 | T53: =+$F53*N53 -> 0 | U53: =+$F53*O53 -> 0 | V53: =+$F53*P53 -> 84 | W53: =SUM(Q53:V53) -> 168 | Y53: =+W53-F53 -> 0
A54: =+IF(E54>0,1,0) -> 1 | B54: AFRICAINE7 nzassi | C54: G2 | D54: cash | E54: 18 | F54: =E54*7 -> 126 | G54: 45995 | H54: =+IF(A54=1,(+TODAY())-G54,"Sans objet") -> 313 | I54: 3 | J54: =VLOOKUP(I54,Secteurs!$A$2:$C$4,3) -> Armel SOKAMBA | K54: 0.5 | P54: 0.5 | Q54: =+$F54*K54 -> 63 | R54: =+$F54*L54 -> 0 | S54: =+$F54*M54 -> 0 | T54: =+$F54*N54 -> 0 | U54: =+$F54*O54 -> 0 | V54: =+$F54*P54 -> 63 | W54: =SUM(Q54:V54) -> 126 | Y54: =+W54-F54 -> 0
A55: =+IF(E55>0,1,0) -> 1 | B55: ML AFRICAINE marché faubourd | C55: G2 | D55: cash | E55: 14 | F55: =E55*7 -> 98 | G55: 46013 | H55: =+IF(A55=1,(+TODAY())-G55,"Sans objet") -> 295 | I55: 1 | J55: =VLOOKUP(I55,Secteurs!$A$2:$C$4,3) -> Alexis MABOUNDA | K55: 0.5 | P55: 0.5 | Q55: =+$F55*K55 -> 49 | R55: =+$F55*L55 -> 0 | S55: =+$F55*M55 -> 0 | T55: =+$F55*N55 -> 0 | U55: =+$F55*O55 -> 0 | V55: =+$F55*P55 -> 49 | W55: =SUM(Q55:V55) -> 98 | Y55: =+W55-F55 -> 0
A56: =+IF(E56>0,1,0) -> 1 | B56: SUPER MIE ex MLD raffinerie | C56: G2 | D56: crédit | E56: 28 | F56: =E56*7 -> 196 | G56: 46015 | H56: =+IF(A56=1,(+TODAY())-G56,"Sans objet") -> 293 | I56: 1 | J56: =VLOOKUP(I56,Secteurs!$A$2:$C$4,3) -> Alexis MABOUNDA | K56: 0.5 | L56: 0.25 | P56: 0.25 | Q56: =+$F56*K56 -> 98 | R56: =+$F56*L56 -> 49 | S56: =+$F56*M56 -> 0 | T56: =+$F56*N56 -> 0 | U56: =+$F56*O56 -> 0 | V56: =+$F56*P56 -> 49 | W56: =SUM(Q56:V56) -> 196 | Y56: =+W56-F56 -> 0
A57: =+IF(E57>0,1,0) -> 1 | B57: ELKOUZ marché faubourg | C57: G2 | D57: crédit | E57: 48 | F57: =E57*7 -> 336 | G57: 46014 | H57: =+IF(A57=1,(+TODAY())-G57,"Sans objet") -> 294 | I57: 1 | J57: =VLOOKUP(I57,Secteurs!$A$2:$C$4,3) -> Alexis MABOUNDA | K57: 0.5 | N57: 0.25 | P57: 0.25 | Q57: =+$F57*K57 -> 168 | R57: =+$F57*L57 -> 0 | S57: =+$F57*M57 -> 0 | T57: =+$F57*N57 -> 84 | U57: =+$F57*O57 -> 0 | V57: =+$F57*P57 -> 84 | W57: =SUM(Q57:V57) -> 336 | Y57: =+W57-F57 -> 0
A58: =+IF(E58>0,1,0) -> 1 | B58: AYA fond -tié-tié | C58: G2 | D58: cash | E58: 28 | F58: =E58*7 -> 196 | G58: 46007 | H58: =+IF(A58=1,(+TODAY())-G58,"Sans objet") -> 301 | I58: 3 | J58: =VLOOKUP(I58,Secteurs!$A$2:$C$4,3) -> Armel SOKAMBA | L58: 0.5 | O58: 0.5 | Q58: =+$F58*K58 -> 0 | R58: =+$F58*L58 -> 98 | S58: =+$F58*M58 -> 0 | T58: =+$F58*N58 -> 0 | U58: =+$F58*O58 -> 98 | V58: =+$F58*P58 -> 0 | W58: =SUM(Q58:V58) -> 196 | Y58: =+W58-F58 -> 0
A59: =+IF(E59>0,1,0) -> 1 | B59: LALA thyster | C59: G2 | D59: crédit | E59: 24 | F59: =E59*7 -> 168 | G59: 46013 | H59: =+IF(A59=1,(+TODAY())-G59,"Sans objet") -> 295 | I59: 1 | J59: =VLOOKUP(I59,Secteurs!$A$2:$C$4,3) -> Alexis MABOUNDA | K59: 0.5 | M59: 0.5 | Q59: =+$F59*K59 -> 84 | R59: =+$F59*L59 -> 0 | S59: =+$F59*M59 -> 84 | T59: =+$F59*N59 -> 0 | U59: =+$F59*O59 -> 0 | V59: =+$F59*P59 -> 0 | W59: =SUM(Q59:V59) -> 168 | Y59: =+W59-F59 -> 0
A60: =+IF(E60>0,1,0) -> 1 | B60: LALA thyster extension | C60: G2 | D60: crédit | E60: 20 | F60: =E60*7 -> 140 | G60: 46013 | H60: =+IF(A60=1,(+TODAY())-G60,"Sans objet") -> 295 | I60: 1 | J60: =VLOOKUP(I60,Secteurs!$A$2:$C$4,3) -> Alexis MABOUNDA | K60: 0.5 | M60: 0.5 | Q60: =+$F60*K60 -> 70 | R60: =+$F60*L60 -> 0 | S60: =+$F60*M60 -> 70 | T60: =+$F60*N60 -> 0 | U60: =+$F60*O60 -> 0 | V60: =+$F60*P60 -> 0 | W60: =SUM(Q60:V60) -> 140 | Y60: =+W60-F60 -> 0
A61: =+IF(E61>0,1,0) -> 1 | B61: EL WAVA vindoulou | C61: G2 | D61: crédit | E61: 22 | F61: =E61*7 -> 154 | G61: 46014 | H61: =+IF(A61=1,(+TODAY())-G61,"Sans objet") -> 294 | I61: 1 | J61: =VLOOKUP(I61,Secteurs!$A$2:$C$4,3) -> Alexis MABOUNDA | K61: 0.5 | M61: 0.5 | Q61: =+$F61*K61 -> 77 | R61: =+$F61*L61 -> 0 | S61: =+$F61*M61 -> 77 | T61: =+$F61*N61 -> 0 | U61: =+$F61*O61 -> 0 | V61: =+$F61*P61 -> 0 | W61: =SUM(Q61:V61) -> 154 | Y61: =+W61-F61 -> 0
A62: =+IF(E62>0,1,0) -> 1 | B62: MOUNGA PAIN avenue thyster movis | C62: G2 | D62: crédit | E62: 22 | F62: =E62*7 -> 154 | G62: 46008 | H62: =+IF(A62=1,(+TODAY())-G62,"Sans objet") -> 300 | I62: 1 | J62: =VLOOKUP(I62,Secteurs!$A$2:$C$4,3) -> Alexis MABOUNDA | M62: 0.5 | P62: 0.5 | Q62: =+$F62*K62 -> 0 | R62: =+$F62*L62 -> 0 | S62: =+$F62*M62 -> 77 | T62: =+$F62*N62 -> 0 | U62: =+$F62*O62 -> 0 | V62: =+$F62*P62 -> 77 | W62: =SUM(Q62:V62) -> 154 | Y62: =+W62-F62 -> 0
A63: =+IF(E63>0,1,0) -> 1 | B63: MOUNGA PAIN trabec mont kamba | C63: G2 | D63: crédit | E63: 36 | F63: =E63*7 -> 252 | G63: 46013 | H63: =+IF(A63=1,(+TODAY())-G63,"Sans objet") -> 295 | I63: 1 | J63: =VLOOKUP(I63,Secteurs!$A$2:$C$4,3) -> Alexis MABOUNDA | K63: 0.5 | M63: 0.25 | O63: 0.25 | Q63: =+$F63*K63 -> 126 | R63: =+$F63*L63 -> 0 | S63: =+$F63*M63 -> 63 | T63: =+$F63*N63 -> 0 | U63: =+$F63*O63 -> 63 | V63: =+$F63*P63 -> 0 | W63: =SUM(Q63:V63) -> 252 | Y63: =+W63-F63 -> 0
A64: =+IF(E64>0,1,0) -> 1 | B64: MOUNGA PAIN tsourou | C64: G2 | D64: crédit | E64: 30 | F64: =E64*7 -> 210 | G64: 46008 | H64: =+IF(A64=1,(+TODAY())-G64,"Sans objet") -> 300 | I64: 1 | J64: =VLOOKUP(I64,Secteurs!$A$2:$C$4,3) -> Alexis MABOUNDA | K64: 0.5 | P64: 0.5 | Q64: =+$F64*K64 -> 105 | R64: =+$F64*L64 -> 0 | S64: =+$F64*M64 -> 0 | T64: =+$F64*N64 -> 0 | U64: =+$F64*O64 -> 0 | V64: =+$F64*P64 -> 105 | W64: =SUM(Q64:V64) -> 210 | Y64: =+W64-F64 -> 0
A65: =+IF(E65>0,1,0) -> 1 | B65: PARIS PAIN 1 | C65: G2 | D65: crédit | E65: 20 | F65: =E65*7 -> 140 | G65: 46022 | H65: =+IF(A65=1,(+TODAY())-G65,"Sans objet") -> 286 | I65: 2 | J65: Thérèse LOUKEBA | K65: 0.5 | P65: 0.5 | Q65: =+$F65*K65 -> 70 | R65: =+$F65*L65 -> 0 | S65: =+$F65*M65 -> 0 | T65: =+$F65*N65 -> 0 | U65: =+$F65*O65 -> 0 | V65: =+$F65*P65 -> 70 | W65: =SUM(Q65:V65) -> 140 | Y65: =+W65-F65 -> 0
A66: =+IF(E66>0,1,0) -> 1 | B66: MAKKAH GM ex baguette d'amour | C66: G2 | D66: crédit | E66: 26 | F66: =E66*7 -> 182 | G66: 45996 | H66: =+IF(A66=1,(+TODAY())-G66,"Sans objet") -> 312 | I66: 2 | J66: =VLOOKUP(I66,Secteurs!$A$2:$C$4,3) -> Félix OVOURA | O66: 0.5 | P66: 0.5 | Q66: =+$F66*K66 -> 0 | R66: =+$F66*L66 -> 0 | S66: =+$F66*M66 -> 0 | T66: =+$F66*N66 -> 0 | U66: =+$F66*O66 -> 91 | V66: =+$F66*P66 -> 91 | W66: =SUM(Q66:V66) -> 182 | Y66: =+W66-F66 -> 0
A67: =+IF(E67>0,1,0) -> 1 | B67: MAKKAH ex NAJAH Vindoulou station | C67: G2 | D67: crédit | E67: 24 | F67: =E67*7 -> 168 | G67: 46013 | H67: =+IF(A67=1,(+TODAY())-G67,"Sans objet") -> 295 | I67: 1 | J67: =VLOOKUP(I67,Secteurs!$A$2:$C$4,3) -> Alexis MABOUNDA | P67: 1 | Q67: =+$F67*K67 -> 0 | R67: =+$F67*L67 -> 0 | S67: =+$F67*M67 -> 0 | T67: =+$F67*N67 -> 0 | U67: =+$F67*O67 -> 0 | V67: =+$F67*P67 -> 168 | W67: =SUM(Q67:V67) -> 168 | Y67: =+W67-F67 -> 0
A68: =+IF(E68>0,1,0) -> 1 | B68: MAKKAH grand marché nina service | C68: G2 | D68: crédit | E68: 24 | F68: =E68*7 -> 168 | G68: 46000 | H68: =+IF(A68=1,(+TODAY())-G68,"Sans objet") -> 308 | I68: 2 | J68: =VLOOKUP(I68,Secteurs!$A$2:$C$4,3) -> Félix OVOURA | P68: 1 | Q68: =+$F68*K68 -> 0 | R68: =+$F68*L68 -> 0 | S68: =+$F68*M68 -> 0 | T68: =+$F68*N68 -> 0 | U68: =+$F68*O68 -> 0 | V68: =+$F68*P68 -> 168 | W68: =SUM(Q68:V68) -> 168 | Y68: =+W68-F68 -> 0
A69: =+IF(E69>0,1,0) -> 1 | B69: MAKKAH marché nkounikou1 | C69: G2 | D69: crédit | E69: 20 | F69: =E69*7 -> 140 | G69: 46014 | H69: =+IF(A69=1,(+TODAY())-G69,"Sans objet") -> 294 | I69: 1 | J69: =VLOOKUP(I69,Secteurs!$A$2:$C$4,3) -> Alexis MABOUNDA | P69: 1 | Q69: =+$F69*K69 -> 0 | R69: =+$F69*L69 -> 0 | S69: =+$F69*M69 -> 0 | T69: =+$F69*N69 -> 0 | U69: =+$F69*O69 -> 0 | V69: =+$F69*P69 -> 140 | W69: =SUM(Q69:V69) -> 140 | Y69: =+W69-F69 -> 0
A70: =+IF(E70>0,1,0) -> 1 | B70: MAKKAH voungou péchana | C70: G2 | D70: crédit | E70: 24 | F70: =E70*7 -> 168 | G70: 46020 | H70: =+IF(A70=1,(+TODAY())-G70,"Sans objet") -> 288 | I70: 3 | J70: =VLOOKUP(I70,Secteurs!$A$2:$C$4,3) -> Armel SOKAMBA | P70: 1 | Q70: =+$F70*K70 -> 0 | R70: =+$F70*L70 -> 0 | S70: =+$F70*M70 -> 0 | T70: =+$F70*N70 -> 0 | U70: =+$F70*O70 -> 0 | V70: =+$F70*P70 -> 168 | W70: =SUM(Q70:V70) -> 168 | Y70: =+W70-F70 -> 0
A71: =+IF(E71>0,1,0) -> 1 | B71: MAKKAH marché nkounikou2 | C71: G2 | D71: crédit | E71: 20 | F71: =E71*7 -> 140 | G71: 46014 | H71: =+IF(A71=1,(+TODAY())-G71,"Sans objet") -> 294 | I71: 1 | J71: =VLOOKUP(I71,Secteurs!$A$2:$C$4,3) -> Alexis MABOUNDA | P71: 1 | Q71: =+$F71*K71 -> 0 | R71: =+$F71*L71 -> 0 | S71: =+$F71*M71 -> 0 | T71: =+$F71*N71 -> 0 | U71: =+$F71*O71 -> 0 | V71: =+$F71*P71 -> 140 | W71: =SUM(Q71:V71) -> 140 | Y71: =+W71-F71 -> 0
A72: =+IF(E72>0,1,0) -> 1 | B72: MAKKAH fond tié tié ex El emele | C72: G2 | D72: crédit | E72: 20 | F72: =E72*7 -> 140 | G72: 46009 | H72: =+IF(A72=1,(+TODAY())-G72,"Sans objet") -> 299 | I72: 2 | J72: Thérèse LOUKEBA | L72: 0.5 | P72: 0.5 | Q72: =+$F72*K72 -> 0 | R72: =+$F72*L72 -> 70 | S72: =+$F72*M72 -> 0 | T72: =+$F72*N72 -> 0 | U72: =+$F72*O72 -> 0 | V72: =+$F72*P72 -> 70 | W72: =SUM(Q72:V72) -> 140 | Y72: =+W72-F72 -> 0
A73: =+IF(E73>0,1,0) -> 1 | B73: MAKKAH TR Balou constant loandjili | C73: G2 | D73: crédit | E73: 20 | F73: =E73*7 -> 140 | G73: 45996 | H73: =+IF(A73=1,(+TODAY())-G73,"Sans objet") -> 312 | I73: 1 | J73: =VLOOKUP(I73,Secteurs!$A$2:$C$4,3) -> Alexis MABOUNDA | L73: 0.5 | O73: 0.5 | Q73: =+$F73*K73 -> 0 | R73: =+$F73*L73 -> 70 | S73: =+$F73*M73 -> 0 | T73: =+$F73*N73 -> 0 | U73: =+$F73*O73 -> 70 | V73: =+$F73*P73 -> 0 | W73: =SUM(Q73:V73) -> 140 | Y73: =+W73-F73 -> 0
A74: =+IF(E74>0,1,0) -> 1 | B74: SOLIDARITE mpita | C74: G2 | D74: cash | E74: 20 | F74: =E74*7 -> 140 | G74: 46022 | H74: =+IF(A74=1,(+TODAY())-G74,"Sans objet") -> 286 | I74: 2 | J74: Thérèse LOUKEBA | M74: 0.5 | O74: 0.5 | Q74: =+$F74*K74 -> 0 | R74: =+$F74*L74 -> 0 | S74: =+$F74*M74 -> 70 | T74: =+$F74*N74 -> 0 | U74: =+$F74*O74 -> 70 | V74: =+$F74*P74 -> 0 | W74: =SUM(Q74:V74) -> 140 | Y74: =+W74-F74 -> 0
A75: =+IF(E75>0,1,0) -> 1 | B75: L-KAKARA ex SOLIDARITE makayabou | C75: G2 | D75: cash | E75: 24 | F75: =E75*7 -> 168 | G75: 46021 | H75: =+IF(A75=1,(+TODAY())-G75,"Sans objet") -> 287 | I75: 1 | J75: =VLOOKUP(I75,Secteurs!$A$2:$C$4,3) -> Alexis MABOUNDA | M75: 0.5 | O75: 0.5 | Q75: =+$F75*K75 -> 0 | R75: =+$F75*L75 -> 0 | S75: =+$F75*M75 -> 84 | T75: =+$F75*N75 -> 0 | U75: =+$F75*O75 -> 84 | V75: =+$F75*P75 -> 0 | W75: =SUM(Q75:V75) -> 168 | Y75: =+W75-F75 -> 0
A76: =+IF(E76>0,1,0) -> 1 | B76: ZEYNAB ex chebou loussala | C76: G2 | D76: crédit | E76: 18 | F76: =E76*7 -> 126 | G76: 46020 | H76: =+IF(A76=1,(+TODAY())-G76,"Sans objet") -> 288 | I76: 3 | J76: =VLOOKUP(I76,Secteurs!$A$2:$C$4,3) -> Armel SOKAMBA | K76: 0.5 | L76: 0.5 | Q76: =+$F76*K76 -> 63 | R76: =+$F76*L76 -> 63 | S76: =+$F76*M76 -> 0 | T76: =+$F76*N76 -> 0 | U76: =+$F76*O76 -> 0 | V76: =+$F76*P76 -> 0 | W76: =SUM(Q76:V76) -> 126 | Y76: =+W76-F76 -> 0
A77: =+IF(E77>0,1,0) -> 1 | B77: ZEYNAB ex chebou amour du pays | C77: G2 | D77: crédit | E77: 28 | F77: =E77*7 -> 196 | G77: 46009 | H77: =+IF(A77=1,(+TODAY())-G77,"Sans objet") -> 299 | I77: 3 | J77: =VLOOKUP(I77,Secteurs!$A$2:$C$4,3) -> Armel SOKAMBA | K77: 0.5 | O77: 0.5 | Q77: =+$F77*K77 -> 98 | R77: =+$F77*L77 -> 0 | S77: =+$F77*M77 -> 0 | T77: =+$F77*N77 -> 0 | U77: =+$F77*O77 -> 98 | V77: =+$F77*P77 -> 0 | W77: =SUM(Q77:V77) -> 196 | Y77: =+W77-F77 -> 0
A78: =+IF(E78>0,1,0) -> 1 | B78: ZEYNAB ex chebou marché tchinkounkou | C78: G2 | D78: crédit | E78: 14 | F78: =E78*7 -> 98 | G78: 46009 | H78: =+IF(A78=1,(+TODAY())-G78,"Sans objet") -> 299 | I78: 3 | J78: =VLOOKUP(I78,Secteurs!$A$2:$C$4,3) -> Armel SOKAMBA | K78: 0.5 | N78: 0.5 | Q78: =+$F78*K78 -> 49 | R78: =+$F78*L78 -> 0 | S78: =+$F78*M78 -> 0 | T78: =+$F78*N78 -> 49 | U78: =+$F78*O78 -> 0 | V78: =+$F78*P78 -> 0 | W78: =SUM(Q78:V78) -> 98 | Y78: =+W78-F78 -> 0
A79: =+IF(E79>0,1,0) -> 1 | B79: ZEYNAB PATRA hopital de base | C79: G2 | D79: crédit | E79: 20 | F79: =E79*7 -> 140 | G79: 46015 | H79: =+IF(A79=1,(+TODAY())-G79,"Sans objet") -> 293 | I79: 3 | J79: =VLOOKUP(I79,Secteurs!$A$2:$C$4,3) -> Armel SOKAMBA | L79: 0.5 | N79: 0.5 | Q79: =+$F79*K79 -> 0 | R79: =+$F79*L79 -> 70 | S79: =+$F79*M79 -> 0 | T79: =+$F79*N79 -> 70 | U79: =+$F79*O79 -> 0 | V79: =+$F79*P79 -> 0 | W79: =SUM(Q79:V79) -> 140 | Y79: =+W79-F79 -> 0
A80: =+IF(E80>0,1,0) -> 1 | B80: HASSAN nzasi | C80: G2 | D80: cash | E80: 20 | F80: =E80*7 -> 140 | G80: 45976 | H80: =+IF(A80=1,(+TODAY())-G80,"Sans objet") -> 332 | I80: 3 | J80: =VLOOKUP(I80,Secteurs!$A$2:$C$4,3) -> Armel SOKAMBA | K80: 0.5 | O80: 0.25 | P80: 0.25 | Q80: =+$F80*K80 -> 70 | R80: =+$F80*L80 -> 0 | S80: =+$F80*M80 -> 0 | T80: =+$F80*N80 -> 0 | U80: =+$F80*O80 -> 35 | V80: =+$F80*P80 -> 35 | W80: =SUM(Q80:V80) -> 140 | Y80: =+W80-F80 -> 0
A81: =+IF(E81>0,1,0) -> 1 | B81: SUPER QUALITE marhé foire | C81: G2 | D81: crédit | E81: 12 | F81: =E81*7 -> 84 | G81: 46000 | H81: =+IF(A81=1,(+TODAY())-G81,"Sans objet") -> 308 | I81: 1 | J81: =VLOOKUP(I81,Secteurs!$A$2:$C$4,3) -> Alexis MABOUNDA | N81: 1 | Q81: =+$F81*K81 -> 0 | R81: =+$F81*L81 -> 0 | S81: =+$F81*M81 -> 0 | T81: =+$F81*N81 -> 84 | U81: =+$F81*O81 -> 0 | V81: =+$F81*P81 -> 0 | W81: =SUM(Q81:V81) -> 84 | Y81: =+W81-F81 -> 0
A82: =+IF(E82>0,1,0) -> 1 | B82: BON CHOIX ngoyo | C82: Direct | D82: cash | E82: 18 | F82: =E82*7 -> 126 | G82: 46014 | H82: =+IF(A82=1,(+TODAY())-G82,"Sans objet") -> 294 | I82: 3 | J82: =VLOOKUP(I82,Secteurs!$A$2:$C$4,3) -> Armel SOKAMBA | K82: 0.5 | P82: 0.5 | Q82: =+$F82*K82 -> 63 | R82: =+$F82*L82 -> 0 | S82: =+$F82*M82 -> 0 | T82: =+$F82*N82 -> 0 | U82: =+$F82*O82 -> 0 | V82: =+$F82*P82 -> 63 | W82: =SUM(Q82:V82) -> 126 | Y82: =+W82-F82 -> 0
A83: =+IF(E83>0,1,0) -> 1 | B83: BON CHOIX ex GAZA2 km4 | C83: Direct | D83: cash | E83: 10 | F83: =E83*7 -> 70 | G83: 46015 | H83: =+IF(A83=1,(+TODAY())-G83,"Sans objet") -> 293 | I83: 2 | J83: Thérèse LOUKEBA | N83: 0.5 | P83: 0.5 | Q83: =+$F83*K83 -> 0 | R83: =+$F83*L83 -> 0 | S83: =+$F83*M83 -> 0 | T83: =+$F83*N83 -> 35 | U83: =+$F83*O83 -> 0 | V83: =+$F83*P83 -> 35 | W83: =SUM(Q83:V83) -> 70 | Y83: =+W83-F83 -> 0
A84: =+IF(E84>0,1,0) -> 1 | B84: BM EX ELKER WENVIR vindoulou arrêt sapin | C84: G2 | D84: cash | E84: 20 | F84: =E84*7 -> 140 | G84: 46013 | H84: =+IF(A84=1,(+TODAY())-G84,"Sans objet") -> 295 | I84: 1 | J84: =VLOOKUP(I84,Secteurs!$A$2:$C$4,3) -> Alexis MABOUNDA | K84: 0.5 | M84: 0.25 | O84: 0.25 | Q84: =+$F84*K84 -> 70 | R84: =+$F84*L84 -> 0 | S84: =+$F84*M84 -> 35 | T84: =+$F84*N84 -> 0 | U84: =+$F84*O84 -> 35 | V84: =+$F84*P84 -> 0 | W84: =SUM(Q84:V84) -> 140 | Y84: =+W84-F84 -> 0
A85: =+IF(E85>0,1,0) -> 1 | B85: CONGO FUTUR grand marché | C85: G2 | D85: crédit | E85: 40 | F85: =E85*7 -> 280 | G85: 46000 | H85: =+IF(A85=1,(+TODAY())-G85,"Sans objet") -> 308 | I85: 2 | J85: =VLOOKUP(I85,Secteurs!$A$2:$C$4,3) -> Félix OVOURA | L85: 0.25 | N85: 0.25 | P85: 0.5 | Q85: =+$F85*K85 -> 0 | R85: =+$F85*L85 -> 70 | S85: =+$F85*M85 -> 0 | T85: =+$F85*N85 -> 70 | U85: =+$F85*O85 -> 0 | V85: =+$F85*P85 -> 140 | W85: =SUM(Q85:V85) -> 280 | Y85: =+W85-F85 -> 0
A86: =+IF(E86>0,1,0) -> 1 | B86: CONGO FUTUR faubourg | C86: G2 | D86: crédit | E86: 26 | F86: =E86*7 -> 182 | G86: 46014 | H86: =+IF(A86=1,(+TODAY())-G86,"Sans objet") -> 294 | I86: 1 | J86: =VLOOKUP(I86,Secteurs!$A$2:$C$4,3) -> Alexis MABOUNDA | L86: 0.25 | N86: 0.25 | P86: 0.5 | Q86: =+$F86*K86 -> 0 | R86: =+$F86*L86 -> 45.5 | S86: =+$F86*M86 -> 0 | T86: =+$F86*N86 -> 45.5 | U86: =+$F86*O86 -> 0 | V86: =+$F86*P86 -> 91 | W86: =SUM(Q86:V86) -> 182 | Y86: =+W86-F86 -> 0
A87: =+IF(E87>0,1,0) -> 1 | B87: CONGO FUTUR carrefour rafinnerie | C87: G2 | D87: crédit | E87: 22 | F87: =E87*7 -> 154 | G87: 46015 | H87: =+IF(A87=1,(+TODAY())-G87,"Sans objet") -> 293 | I87: 1 | J87: =VLOOKUP(I87,Secteurs!$A$2:$C$4,3) -> Alexis MABOUNDA | O87: 0.5 | P87: 0.5 | Q87: =+$F87*K87 -> 0 | R87: =+$F87*L87 -> 0 | S87: =+$F87*M87 -> 0 | T87: =+$F87*N87 -> 0 | U87: =+$F87*O87 -> 77 | V87: =+$F87*P87 -> 77 | W87: =SUM(Q87:V87) -> 154 | Y87: =+W87-F87 -> 0
A88: =+IF(E88>0,1,0) -> 1 | B88: CONGO FUTUR terre jaune | C88: G2 | D88: crédit | E88: 26 | F88: =E88*7 -> 182 | G88: 46015 | H88: =+IF(A88=1,(+TODAY())-G88,"Sans objet") -> 293 | I88: 1 | J88: =VLOOKUP(I88,Secteurs!$A$2:$C$4,3) -> Alexis MABOUNDA | N88: 0.25 | O88: 0.25 | P88: 0.5 | Q88: =+$F88*K88 -> 0 | R88: =+$F88*L88 -> 0 | S88: =+$F88*M88 -> 0 | T88: =+$F88*N88 -> 45.5 | U88: =+$F88*O88 -> 45.5 | V88: =+$F88*P88 -> 91 | W88: =SUM(Q88:V88) -> 182 | Y88: =+W88-F88 -> 0
A89: =+IF(E89>0,1,0) -> 1 | B89: CONGO FUTUR arrêt manguier | C89: G2 | D89: crédit | E89: 24 | F89: =E89*7 -> 168 | G89: 46015 | H89: =+IF(A89=1,(+TODAY())-G89,"Sans objet") -> 293 | I89: 1 | J89: =VLOOKUP(I89,Secteurs!$A$2:$C$4,3) -> Alexis MABOUNDA | N89: 0.5 | O89: 0.25 | P89: 0.25 | Q89: =+$F89*K89 -> 0 | R89: =+$F89*L89 -> 0 | S89: =+$F89*M89 -> 0 | T89: =+$F89*N89 -> 84 | U89: =+$F89*O89 -> 42 | V89: =+$F89*P89 -> 42 | W89: =SUM(Q89:V89) -> 168 | Y89: =+W89-F89 -> 0
A90: =+IF(E90>0,1,0) -> 1 | B90: CONGO FUTUR rafinerie 1er camp | C90: G2 | D90: crédit | E90: 20 | F90: =E90*7 -> 140 | G90: 46015 | H90: =+IF(A90=1,(+TODAY())-G90,"Sans objet") -> 293 | I90: 1 | J90: =VLOOKUP(I90,Secteurs!$A$2:$C$4,3) -> Alexis MABOUNDA | N90: 0.25 | O90: 0.25 | P90: 0.5 | Q90: =+$F90*K90 -> 0 | R90: =+$F90*L90 -> 0 | S90: =+$F90*M90 -> 0 | T90: =+$F90*N90 -> 35 | U90: =+$F90*O90 -> 35 | V90: =+$F90*P90 -> 70 | W90: =SUM(Q90:V90) -> 140 | Y90: =+W90-F90 -> 0
A91: =+IF(E91>0,1,0) -> 1 | B91: CONGO FUTUR fond tié-tié | C91: G2 | D91: crédit | E91: 24 | F91: =E91*7 -> 168 | G91: 46009 | H91: =+IF(A91=1,(+TODAY())-G91,"Sans objet") -> 299 | I91: 2 | J91: Thérèse LOUKEBA | L91: 0.5 | N91: 0.25 | P91: 0.25 | Q91: =+$F91*K91 -> 0 | R91: =+$F91*L91 -> 84 | S91: =+$F91*M91 -> 0 | T91: =+$F91*N91 -> 42 | U91: =+$F91*O91 -> 0 | V91: =+$F91*P91 -> 42 | W91: =SUM(Q91:V91) -> 168 | Y91: =+W91-F91 -> 0
A92: =+IF(E92>0,1,0) -> 1 | B92: CONGO FUTUR moukondo | C92: G2 | D92: cash | E92: 24 | F92: =E92*7 -> 168 | G92: 46015 | H92: =+IF(A92=1,(+TODAY())-G92,"Sans objet") -> 293 | I92: 1 | J92: =VLOOKUP(I92,Secteurs!$A$2:$C$4,3) -> Alexis MABOUNDA | L92: 0.5 | N92: 0.5 | Q92: =+$F92*K92 -> 0 | R92: =+$F92*L92 -> 84 | S92: =+$F92*M92 -> 0 | T92: =+$F92*N92 -> 84 | U92: =+$F92*O92 -> 0 | V92: =+$F92*P92 -> 0 | W92: =SUM(Q92:V92) -> 168 | Y92: =+W92-F92 -> 0
A93: =+IF(E93>0,1,0) -> 1 | B93: CONGO FUTUR marché culotte | C93: G2 | D93: cash | E93: 28 | F93: =E93*7 -> 196 | G93: 46021 | H93: =+IF(A93=1,(+TODAY())-G93,"Sans objet") -> 287 | I93: 1 | J93: =VLOOKUP(I93,Secteurs!$A$2:$C$4,3) -> Alexis MABOUNDA | L93: 0.25 | N93: 0.5 | P93: 0.25 | Q93: =+$F93*K93 -> 0 | R93: 49 | S93: =+$F93*M93 -> 0 | T93: =+$F93*N93 -> 98 | U93: =+$F93*O93 -> 0 | V93: =+$F93*P93 -> 49 | W93: =SUM(Q93:V93) -> 196 | Y93: =+W93-F93 -> 0
A94: =+IF(E94>0,1,0) -> 1 | B94: MEA 7/7ex baguette d'asta | C94: Autre | D94: cash | E94: 18 | F94: =E94*7 -> 126 | G94: 46020 | H94: =+IF(A94=1,(+TODAY())-G94,"Sans objet") -> 288 | I94: 2 | J94: Thérèse LOUKEBA | N94: 0.5 | P94: 0.5 | Q94: =+$F94*K94 -> 0 | R94: =+$F94*L94 -> 0 | S94: =+$F94*M94 -> 0 | T94: =+$F94*N94 -> 63 | U94: =+$F94*O94 -> 0 | V94: =+$F94*P94 -> 63 | W94: =SUM(Q94:V94) -> 126 | Y94: =+W94-F94 -> 0
A95: =+IF(E95>0,1,0) -> 1 | B95: PARIS PAIN 2 ex baguette d'asta mpita | C95: G2 | D95: crédit | E95: 20 | F95: =E95*7 -> 140 | G95: 46013 | H95: =+IF(A95=1,(+TODAY())-G95,"Sans objet") -> 295 | I95: 2 | J95: Thérèse LOUKEBA | K95: 0.5 | N95: 0.5 | Q95: =+$F95*K95 -> 70 | R95: =+$F95*L95 -> 0 | S95: =+$F95*M95 -> 0 | T95: =+$F95*N95 -> 70 | U95: =+$F95*O95 -> 0 | V95: =+$F95*P95 -> 0 | W95: =SUM(Q95:V95) -> 140 | Y95: =+W95-F95 -> 0
A96: =+IF(E96>0,1,0) -> 1 | B96: ELVOZ INCHALLA mbota | C96: Direct | D96: cash | E96: 24 | F96: =E96*7 -> 168 | G96: 46020 | H96: =+IF(A96=1,(+TODAY())-G96,"Sans objet") -> 288 | I96: 3 | J96: =VLOOKUP(I96,Secteurs!$A$2:$C$4,3) -> Armel SOKAMBA | K96: 0.5 | N96: 0.5 | Q96: =+$F96*K96 -> 84 | R96: =+$F96*L96 -> 0 | S96: =+$F96*M96 -> 0 | T96: =+$F96*N96 -> 84 | U96: =+$F96*O96 -> 0 | V96: =+$F96*P96 -> 0 | W96: =SUM(Q96:V96) -> 168 | Y96: =+W96-F96 -> 0
A97: =+IF(E97>0,1,0) -> 1 | B97: BAGUETTE D'EXCELLENCE nkouinkou | C97: Autre | D97: cash | E97: 6 | F97: =E97*7 -> 42 | G97: 46013 | H97: =+IF(A97=1,(+TODAY())-G97,"Sans objet") -> 295 | I97: 1 | J97: =VLOOKUP(I97,Secteurs!$A$2:$C$4,3) -> Alexis MABOUNDA | M97: 1 | Q97: =+$F97*K97 -> 0 | R97: =+$F97*L97 -> 0 | S97: =+$F97*M97 -> 42 | T97: =+$F97*N97 -> 0 | U97: =+$F97*O97 -> 0 | V97: =+$F97*P97 -> 0 | W97: =SUM(Q97:V97) -> 42 | Y97: =+W97-F97 -> 0
A98: =+IF(E98>0,1,0) -> 1 | B98: BOUDI mvou-mvou | C98: Autre | D98: cash | E98: 12 | F98: =E98*7 -> 84 | G98: 46000 | H98: =+IF(A98=1,(+TODAY())-G98,"Sans objet") -> 308 | I98: 2 | J98: =VLOOKUP(I98,Secteurs!$A$2:$C$4,3) -> Félix OVOURA | N98: 0.5 | O98: 0.5 | Q98: =+$F98*K98 -> 0 | R98: =+$F98*L98 -> 0 | S98: =+$F98*M98 -> 0 | T98: =+$F98*N98 -> 42 | U98: =+$F98*O98 -> 42 | V98: =+$F98*P98 -> 0 | W98: =SUM(Q98:V98) -> 84 | Y98: =+W98-F98 -> 0
A99: =+IF(E99>0,1,0) -> 1 | B99: ELVETH/ EX CONGO RIM patra | C99: Autre | D99: cash | E99: 14 | F99: =E99*7 -> 98 | G99: 46015 | H99: =+IF(A99=1,(+TODAY())-G99,"Sans objet") -> 293 | I99: 3 | J99: =VLOOKUP(I99,Secteurs!$A$2:$C$4,3) -> Armel SOKAMBA | K99: 1 | Q99: =+$F99*K99 -> 98 | R99: =+$F99*L99 -> 0 | S99: =+$F99*M99 -> 0 | T99: =+$F99*N99 -> 0 | U99: =+$F99*O99 -> 0 | V99: =+$F99*P99 -> 0 | W99: =SUM(Q99:V99) -> 98 | Y99: =+W99-F99 -> 0
A100: =+IF(E100>0,1,0) -> 1 | B100: EL MONA tié tié masola | C100: Autre | D100: cash | E100: 10 | F100: =E100*7 -> 70 | G100: 46015 | H100: =+IF(A100=1,(+TODAY())-G100,"Sans objet") -> 293 | I100: 2 | J100: Thérèse LOUKEBA | L100: 1 | Q100: =+$F100*K100 -> 0 | R100: =+$F100*L100 -> 70 | S100: =+$F100*M100 -> 0 | T100: =+$F100*N100 -> 0 | U100: =+$F100*O100 -> 0 | V100: =+$F100*P100 -> 0 | W100: =SUM(Q100:V100) -> 70 | Y100: =+W100-F100 -> 0
...

Sheet WEEK2
A1: N° | B1: Boulangerie | C1: Groupe | D1: Type | E1: Cons/j | F1: C° heb | G1: Date Dernière Visite | H1: Période sans visite | I1: Secteur | J1: Technico Commercial | K1: %MINOCO | L1: %FANTA | M1: %GMK | N1: %SGMP | O1: %MFB | P1: %GMC | Q1: MINOCO | R1: FANTA | S1: GMK | T1: SGMP | U1: MFB | V1: GMC | W1: Total | X1: COMMENTAIRES | AA1: Week | AB1: Minoco | AC1: Fanta | AD1: GMPN | AE1: GMK | AF1: SGMP | AG1: MFB | AH1: GMC
A2: =+IF(E2>0,1,0) -> 1 | B2: CONGO FUTUR SIAFOUMOU | C2: G2 | D2: crédit | E2: 20 | F2: =E2*7 -> 140 | G2: 46027 | H2: =+IF(A2=1,(+TODAY())-G2,"Sans objet") -> 281 | I2: 1 | J2: =VLOOKUP(I2,Secteurs!$A$2:$C$4,3) -> Alexis MABOUNDA | N2: 0.25 | O2: 0.25 | P2: 0.5 | Q2: =+$F2*K2 -> 0 | R2: =+$F2*L2 -> 0 | S2: =+$F2*M2 -> 0 | T2: =+$F2*N2 -> 35 | U2: =+$F2*O2 -> 35 | V2: =+$F2*P2 -> 70 | W2: =SUM(Q2:V2) -> 140 | Y2: =+W2-F2 -> 0 | AA2: 51 | AB2: 0.3501863 | AC2: 0.11721176 | AD2: =SUM(AB2:AC2) -> 0.46739805 | AE2: 0.095166632 | AF2: 0.10541296 | AG2: 0.088956738 | AH2: 0.24306562 | AI2: =SUM(AD2:AH2) -> 1
A3: =+IF(E3>0,1,0) -> 1 | B3: EL ATIGH mengo péage | C3: G1 | D3: cash | E3: 24 | F3: =E3*7 -> 168 | G3: 46028 | H3: =+IF(A3=1,(+TODAY())-G3,"Sans objet") -> 280 | I3: 1 | J3: =VLOOKUP(I3,Secteurs!$A$2:$C$4,3) -> Alexis MABOUNDA | K3: 0.75 | M3: 0.25 | Q3: =+$F3*K3 -> 126 | R3: =+$F3*L3 -> 0 | S3: =+$F3*M3 -> 42 | T3: =+$F3*N3 -> 0 | U3: =+$F3*O3 -> 0 | V3: =+$F3*P3 -> 0 | W3: =SUM(Q3:V3) -> 168 | Y3: =+W3-F3 -> 0 | AA3: 52 | AB3: 0.32964421 | AC3: 0.10093549 | AD3: =SUM(AB3:AC3) -> 0.4305797 | AE3: 0.10502505 | AF3: 0.11951743 | AG3: 0.11872508 | AH3: 0.22615275 | AI3: =SUM(AD3:AH3) -> 1
A4: =+IF(E4>0,1,0) -> 1 | B4: ATAKALKHAYR loandjili | C4: G1 | D4: cash | E4: 54 | F4: =E4*7 -> 378 | G4: 46028 | H4: =+IF(A4=1,(+TODAY())-G4,"Sans objet") -> 280 | I4: 1 | J4: =VLOOKUP(I4,Secteurs!$A$2:$C$4,3) -> Alexis MABOUNDA | K4: 0.5 | O4: 0.5 | Q4: 252 | R4: =+$F4*L4 -> 0 | S4: =+$F4*M4 -> 0 | T4: =+$F4*N4 -> 0 | U4: 126 | V4: =+$F4*P4 -> 0 | W4: =SUM(Q4:V4) -> 378 | Y4: =+W4-F4 -> 0 | AA4: 1 | AB4: 0.35592619 | AC4: 0.081263307 | AD4: =AB4+AC4 -> 0.4371895 | AE4: 0.10502505 | AF4: 0.11951743 | AG4: 0.11872508 | AH4: 0.22615275 | AI4: =SUM(AD4:AH4) -> 1.0066098
A5: =+IF(E5>0,1,0) -> 1 | B5: ATAKALKHAYR fouks | C5: G1 | D5: cash | E5: 28 | F5: =E5*7 -> 196 | G5: 46029 | H5: =+IF(A5=1,(+TODAY())-G5,"Sans objet") -> 279 | I5: 2 | J5: =VLOOKUP(I5,Secteurs!$A$2:$C$4,3) -> Félix OVOURA | K5: 0.5 | O5: 0.5 | Q5: =+$F5*K5 -> 98 | R5: =+$F5*L5 -> 0 | S5: =+$F5*M5 -> 0 | T5: =+$F5*N5 -> 0 | U5: =+$F5*O5 -> 98 | V5: =+$F5*P5 -> 0 | W5: =SUM(Q5:V5) -> 196 | Y5: =+W5-F5 -> 0 | AA5: 2 | AB5: =E147 -> 0.35592619 | AC5: =E148 -> 0.081263307 | AD5: =SUM(AB5:AC5) -> 0.4371895 | AE5: =E150 -> 0.083569908 | AF5: =E151 -> 0.12668559 | AG5: =E152 -> 0.11905607 | AH5: =E153 -> 0.23349894 | AI5: =SUM(AD5:AH5) -> 1
A6: =+IF(E6>0,1,0) -> 1 | B6: ATAKAHYR mayinga | C6: G1 | D6: cash | E6: 20 | F6: =E6*7 -> 140 | G6: 46030 | H6: =+IF(A6=1,(+TODAY())-G6,"Sans objet") -> 278 | I6: 3 | J6: =VLOOKUP(I6,Secteurs!$A$2:$C$4,3) -> Armel SOKAMBA | K6: 0.5 | O6: 0.5 | Q6: 70 | R6: =+$F6*L6 -> 0 | S6: =+$F6*M6 -> 0 | T6: =+$F6*N6 -> 0 | U6: =+$F6*O6 -> 70 | W6: =SUM(Q6:V6) -> 140 | Y6: =+W6-F6 -> 0 | AA6: Variation
A7: =+IF(E7>0,1,0) -> 1 | B7: MED MMB CEG vindoulou | C7: G1 | D7: cash | E7: 20 | F7: =E7*7 -> 140 | G7: 46028 | H7: =+IF(A7=1,(+TODAY())-G7,"Sans objet") -> 280 | I7: 3 | J7: Christelle ITOUA | K7: 0.5 | M7: 0.25 | P7: 0.25 | Q7: =+$F7*K7 -> 70 | R7: =+$F7*L7 -> 0 | S7: =+$F7*M7 -> 35 | T7: =+$F7*N7 -> 0 | U7: =+$F7*O7 -> 0 | V7: =+$F7*P7 -> 35 | W7: =SUM(Q7:V7) -> 140 | Y7: =+W7-F7 -> 0
A8: =+IF(E8>0,1,0) -> 1 | B8: MED globaline | C8: G1 | D8: cash | E8: 26 | F8: =E8*7 -> 182 | G8: 46029 | H8: =+IF(A8=1,(+TODAY())-G8,"Sans objet") -> 279 | I8: 3 | J8: =VLOOKUP(I8,Secteurs!$A$2:$C$4,3) -> Armel SOKAMBA | K8: 0.5 | N8: 0.5 | Q8: =+$F8*K8 -> 91 | R8: =+$F8*L8 -> 0 | S8: =+$F8*M8 -> 0 | T8: =+$F8*N8 -> 91 | U8: =+$F8*O8 -> 0 | V8: =+$F8*P8 -> 0 | W8: =SUM(Q8:V8) -> 182 | Y8: =+W8-F8 -> 0
A9: =+IF(E9>0,1,0) -> 1 | B9: Ets AMITIE ex BAGDAD1 grand marché révolution | C9: G1 | D9: cash | E9: 26 | F9: =E9*7 -> 182 | G9: 46030 | H9: =+IF(A9=1,(+TODAY())-G9,"Sans objet") -> 278 | I9: 2 | J9: =VLOOKUP(I9,Secteurs!$A$2:$C$4,3) -> Félix OVOURA | K9: 1 | Q9: =+$F9*K9 -> 182 | R9: =+$F9*L9 -> 0 | S9: =+$F9*M9 -> 0 | T9: =+$F9*N9 -> 0 | U9: =+$F9*O9 -> 0 | V9: =+$F9*P9 -> 0 | W9: =SUM(Q9:V9) -> 182 | Y9: =+W9-F9 -> 0
A10: =+IF(E10>0,1,0) -> 1 | B10: Ets AMITIE ex CONGO2 voungou école primaire | C10: G1 | D10: cash | E10: 20 | F10: =E10*7 -> 140 | G10: 46031 | H10: =+IF(A10=1,(+TODAY())-G10,"Sans objet") -> 277 | I10: 3 | J10: =VLOOKUP(I10,Secteurs!$A$2:$C$4,3) -> Armel SOKAMBA | K10: 1 | Q10: =+$F10*K10 -> 140 | R10: =+$F10*L10 -> 0 | S10: =+$F10*M10 -> 0 | T10: =+$F10*N10 -> 0 | U10: =+$F10*O10 -> 0 | V10: =+$F10*P10 -> 0 | W10: =SUM(Q10:V10) -> 140 | Y10: =+W10-F10 -> 0
A11: =+IF(E11>0,1,0) -> 1 | B11: Ets AMITIE ex CONGO1 kitoko daniel | C11: G1 | D11: cash | E11: 24 | F11: =E11*7 -> 168 | G11: 46030 | H11: =+IF(A11=1,(+TODAY())-G11,"Sans objet") -> 278 | I11: 2 | J11: =VLOOKUP(I11,Secteurs!$A$2:$C$4,3) -> Félix OVOURA | K11: 0.5 | O11: 0.5 | Q11: =+$F11*K11 -> 84 | R11: =+$F11*L11 -> 0 | S11: =+$F11*M11 -> 0 | T11: =+$F11*N11 -> 0 | U11: =+$F11*O11 -> 84 | V11: =+$F11*P11 -> 0 | W11: =SUM(Q11:V11) -> 168 | Y11: =+W11-F11 -> 0
A12: =+IF(E12>0,1,0) -> 1 | B12: Ets AMITIE ex BAGDAD2 Rex grand marché | C12: G1 | D12: cash | E12: 24 | F12: =E12*7 -> 168 | G12: 46030 | H12: =+IF(A12=1,(+TODAY())-G12,"Sans objet") -> 278 | I12: 2 | J12: =VLOOKUP(I12,Secteurs!$A$2:$C$4,3) -> Félix OVOURA | K12: 1 | Q12: =+$F12*K12 -> 168 | R12: =+$F12*L12 -> 0 | S12: =+$F12*M12 -> 0 | T12: =+$F12*N12 -> 0 | U12: =+$F12*O12 -> 0 | V12: =+$F12*P12 -> 0 | W12: =SUM(Q12:V12) -> 168 | Y12: =+W12-F12 -> 0
A13: =+IF(E13>0,1,0) -> 1 | B13: Ets AMITIE ex BONNE CHANCE nkouinkou dénisia | C13: G1 | D13: cash | E13: 24 | F13: =E13*7 -> 168 | G13: 46028 | H13: =+IF(A13=1,(+TODAY())-G13,"Sans objet") -> 280 | I13: 1 | J13: =VLOOKUP(I13,Secteurs!$A$2:$C$4,3) -> Alexis MABOUNDA | K13: 0.5 | M13: 0.5 | Q13: =+$F13*K13 -> 84 | R13: =+$F13*L13 -> 0 | S13: =+$F13*M13 -> 84 | T13: =+$F13*N13 -> 0 | U13: =+$F13*O13 -> 0 | V13: =+$F13*P13 -> 0 | W13: =SUM(Q13:V13) -> 168 | Y13: =+W13-F13 -> 0
A14: =+IF(E14>0,1,0) -> 1 | B14: BAH ex HACEN fond tié-tié | C14: G2 | D14: cash | E14: 36 | F14: =E14*7 -> 252 | G14: 46028 | H14: =+IF(A14=1,(+TODAY())-G14,"Sans objet") -> 280 | I14: 3 | J14: =VLOOKUP(I14,Secteurs!$A$2:$C$4,3) -> Armel SOKAMBA | K14: 0.5 | P14: 0.5 | Q14: =+$F14*K14 -> 126 | R14: =+$F14*L14 -> 0 | S14: =+$F14*M14 -> 0 | T14: =+$F14*N14 -> 0 | U14: =+$F14*O14 -> 0 | V14: =+$F14*P14 -> 126 | W14: =SUM(Q14:V14) -> 252 | Y14: =+W14-F14 -> 0
A15: =+IF(E15>0,1,0) -> 1 | B15: BAH ex SASI tié tié massola | C15: G1 | D15: cash | E15: 20 | F15: =E15*7 -> 140 | G15: 46027 | H15: =+IF(A15=1,(+TODAY())-G15,"Sans objet") -> 281 | I15: 2 | J15: Thérèse LOUKEBA | K15: 0.5 | P15: 0.5 | Q15: =+$F15*K15 -> 70 | R15: =+$F15*L15 -> 0 | S15: =+$F15*M15 -> 0 | T15: =+$F15*N15 -> 0 | U15: =+$F15*O15 -> 0 | V15: =+$F15*P15 -> 70 | W15: =SUM(Q15:V15) -> 140 | Y15: =+W15-F15 -> 0
A16: =+IF(E16>0,1,0) -> 1 | B16: BAH ex BMM paka maison blanche | C16: G1 | D16: cash | E16: 20 | F16: =E16*7 -> 140 | G16: 46027 | H16: =+IF(A16=1,(+TODAY())-G16,"Sans objet") -> 281 | I16: 3 | J16: =VLOOKUP(I16,Secteurs!$A$2:$C$4,3) -> Armel SOKAMBA | K16: 1 | Q16: =+$F16*K16 -> 140 | R16: =+$F16*L16 -> 0 | S16: =+$F16*M16 -> 0 | T16: =+$F16*N16 -> 0 | U16: =+$F16*O16 -> 0 | V16: =+$F16*P16 -> 0 | W16: =SUM(Q16:V16) -> 140 | Y16: =+W16-F16 -> 0
A17: =+IF(E17>0,1,0) -> 1 | B17: BA mvoumvou immigration | C17: G1 | D17: cash | E17: 24 | F17: =E17*7 -> 168 | G17: 46030 | H17: =+IF(A17=1,(+TODAY())-G17,"Sans objet") -> 278 | I17: 2 | J17: =VLOOKUP(I17,Secteurs!$A$2:$C$4,3) -> Félix OVOURA | K17: 0.5 | P17: 0.5 | Q17: =+$F17*K17 -> 84 | R17: =+$F17*L17 -> 0 | S17: =+$F17*M17 -> 0 | T17: =+$F17*N17 -> 0 | U17: =+$F17*O17 -> 0 | V17: =+$F17*P17 -> 84 | W17: =SUM(Q17:V17) -> 168 | Y17: =+W17-F17 -> 0
A18: =+IF(E18>0,1,0) -> 1 | B18: BA thyster mongo mpoukou | C18: G1 | D18: cash | E18: 20 | F18: =E18*7 -> 140 | G18: 46028 | H18: =+IF(A18=1,(+TODAY())-G18,"Sans objet") -> 280 | I18: 1 | J18: =VLOOKUP(I18,Secteurs!$A$2:$C$4,3) -> Alexis MABOUNDA | K18: 0.5 | M18: 0.5 | Q18: =+$F18*K18 -> 70 | R18: =+$F18*L18 -> 0 | S18: =+$F18*M18 -> 70 | T18: =+$F18*N18 -> 0 | U18: =+$F18*O18 -> 0 | V18: =+$F18*P18 -> 0 | W18: =SUM(Q18:V18) -> 140 | Y18: =+W18-F18 -> 0
A19: =+IF(E19>0,1,0) -> 1 | B19: BA mpaka dalette | C19: G1 | D19: cash | E19: 26 | F19: =E19*7 -> 182 | G19: 46020 | H19: =+IF(A19=1,(+TODAY())-G19,"Sans objet") -> 288 | I19: 3 | J19: =VLOOKUP(I19,Secteurs!$A$2:$C$4,3) -> Armel SOKAMBA | K19: 0.5 | M19: 0.5 | Q19: =+$F19*K19 -> 91 | R19: =+$F19*L19 -> 0 | S19: =+$F19*M19 -> 91 | T19: =+$F19*N19 -> 0 | U19: =+$F19*O19 -> 0 | V19: =+$F19*P19 -> 0 | W19: =SUM(Q19:V19) -> 182 | Y19: =+W19-F19 -> 0
A20: =+IF(E20>0,1,0) -> 1 | B20: BA fond tié-tié gar | C20: G1 | D20: cash | E20: 46 | F20: =E20*7 -> 322 | G20: 46028 | H20: =+IF(A20=1,(+TODAY())-G20,"Sans objet") -> 280 | I20: 3 | J20: =VLOOKUP(I20,Secteurs!$A$2:$C$4,3) -> Armel SOKAMBA | K20: 0.5 | M20: 0.5 | Q20: =+$F20*K20 -> 161 | R20: =+$F20*L20 -> 0 | S20: =+$F20*M20 -> 161 | T20: =+$F20*N20 -> 0 | U20: =+$F20*O20 -> 0 | V20: =+$F20*P20 -> 0 | W20: =SUM(Q20:V20) -> 322 | Y20: =+W20-F20 -> 0
A21: =+IF(E21>0,1,0) -> 1 | B21: BA mpaka marché | C21: G1 | D21: cash | E21: 20 | F21: =E21*7 -> 140 | G21: 46027 | H21: =+IF(A21=1,(+TODAY())-G21,"Sans objet") -> 281 | I21: 3 | J21: =VLOOKUP(I21,Secteurs!$A$2:$C$4,3) -> Armel SOKAMBA | K21: 0.5 | M21: 0.5 | Q21: =+$F21*K21 -> 70 | R21: =+$F21*L21 -> 0 | S21: =+$F21*M21 -> 70 | T21: =+$F21*N21 -> 0 | U21: =+$F21*O21 -> 0 | V21: =+$F21*P21 -> 0 | W21: =SUM(Q21:V21) -> 140 | Y21: =+W21-F21 -> 0
A22: =+IF(E22>0,1,0) -> 1 | B22: BA ngoyo | C22: G1 | D22: cash | E22: 26 | F22: =E22*7 -> 182 | G22: 46029 | H22: =+IF(A22=1,(+TODAY())-G22,"Sans objet") -> 279 | I22: 3 | J22: =VLOOKUP(I22,Secteurs!$A$2:$C$4,3) -> Armel SOKAMBA | K22: 0.75 | P22: 0.25 | Q22: =+$F22*K22 -> 136.5 | R22: =+$F22*L22 -> 0 | S22: =+$F22*M22 -> 0 | T22: =+$F22*N22 -> 0 | U22: =+$F22*O22 -> 0 | V22: =+$F22*P22 -> 45.5 | W22: =SUM(Q22:V22) -> 182 | Y22: =+W22-F22 -> 0
A23: =+IF(E23>0,1,0) -> 1 | B23: BA fond tié-tié en allant vers voungou | C23: G1 | D23: cash | E23: 20 | F23: =E23*7 -> 140 | G23: 46031 | H23: =+IF(A23=1,(+TODAY())-G23,"Sans objet") -> 277 | I23: 3 | J23: =VLOOKUP(I23,Secteurs!$A$2:$C$4,3) -> Armel SOKAMBA | K23: 0.75 | P23: 0.25 | Q23: =+$F23*K23 -> 105 | R23: =+$F23*L23 -> 0 | S23: =+$F23*M23 -> 0 | T23: =+$F23*N23 -> 0 | U23: =+$F23*O23 -> 0 | V23: =+$F23*P23 -> 35 | W23: =SUM(Q23:V23) -> 140 | Y23: =+W23-F23 -> 0
A24: =+IF(E24>0,1,0) -> 1 | B24: NEINA REPUBLIQUE marché bissongo | C24: G1 | D24: cash | E24: 18 | F24: =E24*7 -> 126 | G24: 46020 | H24: =+IF(A24=1,(+TODAY())-G24,"Sans objet") -> 288 | I24: 3 | J24: =VLOOKUP(I24,Secteurs!$A$2:$C$4,3) -> Armel SOKAMBA | K24: 0.5 | P24: 0.5 | Q24: =+$F24*K24 -> 63 | R24: =+$F24*L24 -> 0 | S24: =+$F24*M24 -> 0 | T24: =+$F24*N24 -> 0 | U24: =+$F24*O24 -> 0 | V24: =+$F24*P24 -> 63 | W24: =SUM(Q24:V24) -> 126 | Y24: =+W24-F24 -> 0
A25: =+IF(E25>0,1,0) -> 1 | B25: NEINA REPUBLIQUE ngoyo central | C25: G1 | D25: cash | E25: 24 | F25: =E25*7 -> 168 | G25: 46020 | H25: =+IF(A25=1,(+TODAY())-G25,"Sans objet") -> 288 | I25: 3 | J25: =VLOOKUP(I25,Secteurs!$A$2:$C$4,3) -> Armel SOKAMBA | K25: 0.75 | P25: 0.25 | Q25: =+$F25*K25 -> 126 | R25: =+$F25*L25 -> 0 | S25: =+$F25*M25 -> 0 | T25: =+$F25*N25 -> 0 | U25: =+$F25*O25 -> 0 | V25: =+$F25*P25 -> 42 | W25: =SUM(Q25:V25) -> 168 | Y25: =+W25-F25 -> 0
A26: =+IF(E26>0,1,0) -> 1 | B26: NEINA REPUBLIQUE grand marché | C26: G1 | D26: cash | E26: 20 | F26: =E26*7 -> 140 | G26: 46030 | H26: =+IF(A26=1,(+TODAY())-G26,"Sans objet") -> 278 | I26: 2 | J26: =VLOOKUP(I26,Secteurs!$A$2:$C$4,3) -> Félix OVOURA | K26: 0.5 | P26: 0.5 | Q26: =+$F26*K26 -> 70 | R26: =+$F26*L26 -> 0 | S26: =+$F26*M26 -> 0 | T26: =+$F26*N26 -> 0 | U26: =+$F26*O26 -> 0 | V26: =+$F26*P26 -> 70 | W26: =SUM(Q26:V26) -> 140 | Y26: =+W26-F26 -> 0
A27: =+IF(E27>0,1,0) -> 1 | B27: NEINA REPUBLIQUE tchimbambouka | C27: G1 | D27: cash | E27: 20 | F27: =E27*7 -> 140 | G27: 46020 | H27: =+IF(A27=1,(+TODAY())-G27,"Sans objet") -> 288 | I27: 3 | J27: =VLOOKUP(I27,Secteurs!$A$2:$C$4,3) -> Armel SOKAMBA | K27: 0.5 | P27: 0.5 | Q27: =+$F27*K27 -> 70 | R27: =+$F27*L27 -> 0 | S27: =+$F27*M27 -> 0 | T27: =+$F27*N27 -> 0 | U27: =+$F27*O27 -> 0 | V27: =+$F27*P27 -> 70 | W27: =SUM(Q27:V27) -> 140 | Y27: =+W27-F27 -> 0
A28: =+IF(E28>0,1,0) -> 1 | B28: MED MMB deux poteaux | C28: G1 | D28: cash | E28: 20 | F28: =E28*7 -> 140 | G28: 46030 | H28: =+IF(A28=1,(+TODAY())-G28,"Sans objet") -> 278 | I28: 3 | J28: =VLOOKUP(I28,Secteurs!$A$2:$C$4,3) -> Armel SOKAMBA | K28: 1 | Q28: =+$F28*K28 -> 140 | R28: =+$F28*L28 -> 0 | S28: =+$F28*M28 -> 0 | T28: =+$F28*N28 -> 0 | U28: =+$F28*O28 -> 0 | V28: =+$F28*P28 -> 0 | W28: =SUM(Q28:V28) -> 140 | Y28: =+W28-F28 -> 0
A29: =+IF(E29>0,1,0) -> 1 | B29: MED marché tchimbamba | C29: G1 | D29: cash | E29: 26 | F29: =E29*7 -> 182 | G29: 46029 | H29: =+IF(A29=1,(+TODAY())-G29,"Sans objet") -> 279 | I29: 3 | J29: =VLOOKUP(I29,Secteurs!$A$2:$C$4,3) -> Armel SOKAMBA | K29: 1 | Q29: =+$F29*K29 -> 182 | R29: =+$F29*L29 -> 0 | S29: =+$F29*M29 -> 0 | T29: =+$F29*N29 -> 0 | U29: =+$F29*O29 -> 0 | V29: =+$F29*P29 -> 0 | W29: =SUM(Q29:V29) -> 182 | Y29: =+W29-F29 -> 0
A30: =+IF(E30>0,1,0) -> 1 | B30: MED ngoyo péage | C30: G1 | D30: cash | E30: 30 | F30: =E30*7 -> 210 | G30: 46030 | H30: =+IF(A30=1,(+TODAY())-G30,"Sans objet") -> 278 | I30: 3 | J30: =VLOOKUP(I30,Secteurs!$A$2:$C$4,3) -> Armel SOKAMBA | N30: 0.5 | O30: 0.5 | Q30: =+$F30*K30 -> 0 | R30: =+$F30*L30 -> 0 | S30: =+$F30*M30 -> 0 | T30: =+$F30*N30 -> 105 | U30: =+$F30*O30 -> 105 | V30: =+$F30*P30 -> 0 | W30: =SUM(Q30:V30) -> 210 | Y30: =+W30-F30 -> 0
A31: =+IF(E31>0,1,0) -> 1 | B31: MED ex la grace vindoulou | C31: G1 | D31: cash | E31: 30 | F31: =E31*7 -> 210 | G31: 46028 | H31: =+IF(A31=1,(+TODAY())-G31,"Sans objet") -> 280 | I31: 1 | J31: =VLOOKUP(I31,Secteurs!$A$2:$C$4,3) -> Alexis MABOUNDA | K31: 0.75 | M31: 0.25 | Q31: =+$F31*K31 -> 157.5 | R31: =+$F31*L31 -> 0 | S31: =+$F31*M31 -> 52.5 | T31: =+$F31*N31 -> 0 | U31: =+$F31*O31 -> 0 | V31: =+$F31*P31 -> 0 | W31: =SUM(Q31:V31) -> 210 | Y31: =+W31-F31 -> 0
A32: =+IF(E32>0,1,0) -> 1 | B32: MMB Licee vindoulou | C32: G1 | D32: cash | E32: 20 | F32: =E32*7 -> 140 | G32: 46028 | H32: =+IF(A32=1,(+TODAY())-G32,"Sans objet") -> 280 | I32: 1 | J32: Christelle ITOUA | K32: 0.5 | M32: 0.25 | O32: 0.25 | Q32: =+$F32*K32 -> 70 | R32: =+$F32*L32 -> 0 | S32: =+$F32*M32 -> 35 | T32: =+$F32*N32 -> 0 | U32: =+$F32*O32 -> 35 | V32: =+$F32*P32 -> 0 | W32: =SUM(Q32:V32) -> 140 | Y32: =+W32-F32 -> 0
A33: =+IF(E33>0,1,0) -> 1 | B33: MED marché tsourou thyster | C33: G1 | D33: cash | E33: 24 | F33: =E33*7 -> 168 | G33: 46028 | H33: =+IF(A33=1,(+TODAY())-G33,"Sans objet") -> 280 | I33: 1 | J33: =VLOOKUP(I33,Secteurs!$A$2:$C$4,3) -> Alexis MABOUNDA | K33: 0.5 | M33: 0.25 | O33: 0.25 | Q33: =+$F33*K33 -> 84 | R33: =+$F33*L33 -> 0 | S33: =+$F33*M33 -> 42 | T33: =+$F33*N33 -> 0 | U33: =+$F33*O33 -> 42 | V33: =+$F33*P33 -> 0 | W33: =SUM(Q33:V33) -> 168 | Y33: =+W33-F33 -> 0
A34: =+IF(E34>0,1,0) -> 1 | B34: MED MMB contre rail | C34: G1 | D34: cash | E34: 16 | F34: =E34*7 -> 112 | G34: 46028 | H34: =+IF(A34=1,(+TODAY())-G34,"Sans objet") -> 280 | I34: 3 | J34: =VLOOKUP(I34,Secteurs!$A$2:$C$4,3) -> Armel SOKAMBA | O34: 1 | Q34: =+$F34*K34 -> 0 | R34: =+$F34*L34 -> 0 | S34: =+$F34*M34 -> 0 | T34: =+$F34*N34 -> 0 | U34: =+$F34*O34 -> 112 | V34: =+$F34*P34 -> 0 | W34: =SUM(Q34:V34) -> 112 | Y34: =+W34-F34 -> 0
A35: =+IF(E35>0,1,0) -> 1 | B35: TOD mvoumvou sympatique | C35: G1 | D35: cash | E35: 30 | F35: =E35*7 -> 210 | G35: 46030 | H35: =+IF(A35=1,(+TODAY())-G35,"Sans objet") -> 278 | I35: 2 | J35: =VLOOKUP(I35,Secteurs!$A$2:$C$4,3) -> Félix OVOURA | K35: 0.5 | P35: 0.5 | Q35: =+$F35*K35 -> 105 | R35: =+$F35*L35 -> 0 | S35: =+$F35*M35 -> 0 | T35: =+$F35*N35 -> 0 | U35: =+$F35*O35 -> 0 | V35: =+$F35*P35 -> 105 | W35: =SUM(Q35:V35) -> 210 | Y35: =+W35-F35 -> 0
A36: =+IF(E36>0,1,0) -> 1 | B36: TOD roy | C36: G1 | D36: cash | E36: 26 | F36: =E36*7 -> 182 | G36: 46030 | H36: =+IF(A36=1,(+TODAY())-G36,"Sans objet") -> 278 | I36: 2 | J36: =VLOOKUP(I36,Secteurs!$A$2:$C$4,3) -> Félix OVOURA | K36: 1 | Q36: =+$F36*K36 -> 182 | R36: =+$F36*L36 -> 0 | S36: =+$F36*M36 -> 0 | T36: =+$F36*N36 -> 0 | U36: =+$F36*O36 -> 0 | V36: =+$F36*P36 -> 0 | W36: =SUM(Q36:V36) -> 182 | Y36: =+W36-F36 -> 0
A37: =+IF(E37>0,1,0) -> 1 | B37: TOD och | C37: G1 | D37: cash | E37: 20 | F37: =E37*7 -> 140 | G37: 46022 | H37: =+IF(A37=1,(+TODAY())-G37,"Sans objet") -> 286 | I37: 2 | J37: Thérèse LOUKEBA | K37: 0.5 | M37: 0.5 | Q37: =+$F37*K37 -> 70 | R37: =+$F37*L37 -> 0 | S37: =+$F37*M37 -> 70 | T37: =+$F37*N37 -> 0 | U37: =+$F37*O37 -> 0 | V37: =+$F37*P37 -> 0 | W37: =SUM(Q37:V37) -> 140 | Y37: =+W37-F37 -> 0
A38: =+IF(E38>0,1,0) -> 1 | B38: WAMAS ex moulin rouge | C38: Direct | D38: cash | E38: 18 | F38: =E38*7 -> 126 | G38: 46027 | H38: =+IF(A38=1,(+TODAY())-G38,"Sans objet") -> 281 | I38: 3 | J38: =VLOOKUP(I38,Secteurs!$A$2:$C$4,3) -> Armel SOKAMBA | K38: 1 | Q38: =+$F38*K38 -> 126 | R38: =+$F38*L38 -> 0 | S38: =+$F38*M38 -> 0 | T38: =+$F38*N38 -> 0 | U38: =+$F38*O38 -> 0 | V38: =+$F38*P38 -> 0 | W38: =SUM(Q38:V38) -> 126 | Y38: =+W38-F38 -> 0
A39: =+IF(E39>0,1,0) -> 1 | B39: CHRISTINA kitoko daniel | C39: Direct | D39: cash | E39: 24 | F39: =E39*7 -> 168 | G39: 46030 | H39: =+IF(A39=1,(+TODAY())-G39,"Sans objet") -> 278 | I39: 2 | J39: =VLOOKUP(I39,Secteurs!$A$2:$C$4,3) -> Félix OVOURA | K39: 1 | Q39: =+$F39*K39 -> 168 | R39: =+$F39*L39 -> 0 | S39: =+$F39*M39 -> 0 | T39: =+$F39*N39 -> 0 | U39: =+$F39*O39 -> 0 | V39: =+$F39*P39 -> 0 | W39: =SUM(Q39:V39) -> 168 | Y39: =+W39-F39 -> 0
A40: =+IF(E40>0,1,0) -> 1 | B40: LOUKABOU grand marhé lumumba | C40: Direct | D40: cash | E40: 16 | F40: =E40*7 -> 112 | G40: 46027 | H40: =+IF(A40=1,(+TODAY())-G40,"Sans objet") -> 281 | I40: 2 | J40: =VLOOKUP(I40,Secteurs!$A$2:$C$4,3) -> Félix OVOURA | K40: 0.5 | M40: 0.5 | Q40: =+$F40*K40 -> 56 | R40: =+$F40*L40 -> 0 | S40: =+$F40*M40 -> 56 | T40: =+$F40*N40 -> 0 | U40: =+$F40*O40 -> 0 | V40: =+$F40*P40 -> 0 | W40: =SUM(Q40:V40) -> 112 | Y40: =+W40-F40 -> 0
A41: =+IF(E41>0,1,0) -> 1 | B41: LA CITRONNELLE | C41: Direct | D41: cash | E41: 5 | F41: =E41*7 -> 35 | G41: 46031 | H41: =+IF(A41=1,(+TODAY())-G41,"Sans objet") -> 277 | I41: 2 | J41: =VLOOKUP(I41,Secteurs!$A$2:$C$4,3) -> Félix OVOURA | K41: 1 | Q41: =+$F41*K41 -> 35 | R41: =+$F41*L41 -> 0 | S41: =+$F41*M41 -> 0 | T41: =+$F41*N41 -> 0 | U41: =+$F41*O41 -> 0 | V41: =+$F41*P41 -> 0 | W41: =SUM(Q41:V41) -> 35 | Y41: =+W41-F41 -> 0
A42: =+IF(E42>0,1,0) -> 1 | B42: CONTINENT | C42: Direct | D42: cash | E42: 10 | F42: =E42*7 -> 70 | G42: 46027 | H42: =+IF(A42=1,(+TODAY())-G42,"Sans objet") -> 281 | I42: 2 | J42: =VLOOKUP(I42,Secteurs!$A$2:$C$4,3) -> Félix OVOURA | O42: 1 | Q42: =+$F42*K42 -> 0 | R42: =+$F42*L42 -> 0 | S42: =+$F42*M42 -> 0 | T42: =+$F42*N42 -> 0 | U42: =+$F42*O42 -> 70 | V42: =+$F42*P42 -> 0 | W42: =SUM(Q42:V42) -> 70 | Y42: =+W42-F42 -> 0
A43: =+IF(E43>0,1,0) -> 1 | B43: ESPACE DE LA PROMESSE | C43: Direct | D43: crédit | E43: 14 | F43: =E43*7 -> 98 | G43: 46028 | H43: =+IF(A43=1,(+TODAY())-G43,"Sans objet") -> 280 | I43: 1 | J43: =VLOOKUP(I43,Secteurs!$A$2:$C$4,3) -> Alexis MABOUNDA | P43: 1 | Q43: =+$F43*K43 -> 0 | R43: =+$F43*L43 -> 0 | S43: =+$F43*M43 -> 0 | T43: =+$F43*N43 -> 0 | U43: =+$F43*O43 -> 0 | V43: =+$F43*P43 -> 98 | W43: =SUM(Q43:V43) -> 98 | Y43: =+W43-F43 -> 0
A44: =+IF(E44>0,1,0) -> 1 | B44: ZAM-ZAM1 mpaka 5chemin | C44: G2 | D44: crédit | E44: 30 | F44: =E44*7 -> 210 | G44: 46027 | H44: =+IF(A44=1,(+TODAY())-G44,"Sans objet") -> 281 | I44: 3 | J44: =VLOOKUP(I44,Secteurs!$A$2:$C$4,3) -> Armel SOKAMBA | L44: 0.5 | O44: 0.25 | P44: 0.25 | Q44: =+$F44*K44 -> 0 | R44: =+$F44*L44 -> 105 | S44: =+$F44*M44 -> 0 | T44: =+$F44*N44 -> 0 | U44: =+$F44*O44 -> 52.5 | V44: =+$F44*P44 -> 52.5 | W44: =SUM(Q44:V44) -> 210 | Y44: =+W44-F44 -> 0
A45: =+IF(E45>0,1,0) -> 1 | B45: ZAM-ZAM2 tchimani | C45: G2 | D45: crédit | E45: 26 | F45: =E45*7 -> 182 | G45: 46027 | H45: =+IF(A45=1,(+TODAY())-G45,"Sans objet") -> 281 | I45: 3 | J45: =VLOOKUP(I45,Secteurs!$A$2:$C$4,3) -> Armel SOKAMBA | K45: 0.5 | N45: 0.5 | Q45: =+$F45*K45 -> 91 | R45: =+$F45*L45 -> 0 | S45: =+$F45*M45 -> 0 | T45: =+$F45*N45 -> 91 | U45: =+$F45*O45 -> 0 | V45: =+$F45*P45 -> 0 | W45: =SUM(Q45:V45) -> 182 | Y45: =+W45-F45 -> 0
A46: =+IF(E46>0,1,0) -> 1 | B46: YAYA BILAL1 tchimbambouka | C46: G2 | D46: crédit | E46: 30 | F46: =E46*7 -> 210 | G46: 46020 | H46: =+IF(A46=1,(+TODAY())-G46,"Sans objet") -> 288 | I46: 3 | J46: =VLOOKUP(I46,Secteurs!$A$2:$C$4,3) -> Armel SOKAMBA | M46: 0.5 | O46: 0.5 | Q46: =+$F46*K46 -> 0 | R46: =+$F46*L46 -> 0 | S46: =+$F46*M46 -> 105 | T46: =+$F46*N46 -> 0 | U46: =+$F46*O46 -> 105 | V46: =+$F46*P46 -> 0 | W46: =SUM(Q46:V46) -> 210 | Y46: =+W46-F46 -> 0
A47: =+IF(E47>0,1,0) -> 1 | B47: ZAM-ZAM ext 5chemin | C47: G2 | D47: crédit | E47: 26 | F47: =E47*7 -> 182 | G47: 46027 | H47: =+IF(A47=1,(+TODAY())-G47,"Sans objet") -> 281 | I47: 3 | J47: =VLOOKUP(I47,Secteurs!$A$2:$C$4,3) -> Armel SOKAMBA | N47: 0.25 | O47: 0.25 | P47: 0.5 | Q47: =+$F47*K47 -> 0 | R47: =+$F47*L47 -> 0 | S47: =+$F47*M47 -> 0 | T47: =+$F47*N47 -> 45.5 | U47: =+$F47*O47 -> 45.5 | V47: =+$F47*P47 -> 91 | W47: =SUM(Q47:V47) -> 182 | Y47: =+W47-F47 -> 0
A48: =+IF(E48>0,1,0) -> 1 | B48: AFRICAINE1 nkouikou nzango | C48: G2 | D48: cash | E48: 14 | F48: =E48*7 -> 98 | G48: 46028 | H48: =+IF(A48=1,(+TODAY())-G48,"Sans objet") -> 280 | I48: 1 | J48: =VLOOKUP(I48,Secteurs!$A$2:$C$4,3) -> Alexis MABOUNDA | K48: 0.5 | P48: 0.5 | Q48: =+$F48*K48 -> 49 | R48: =+$F48*L48 -> 0 | S48: =+$F48*M48 -> 0 | T48: =+$F48*N48 -> 0 | U48: =+$F48*O48 -> 0 | V48: =+$F48*P48 -> 49 | W48: =SUM(Q48:V48) -> 98 | Y48: =+W48-F48 -> 0
A49: =+IF(E49>0,1,0) -> 1 | B49: AFRICAINE2 nkouinkou vonvon | C49: G2 | D49: cash | E49: 12 | F49: =E49*7 -> 84 | G49: 46028 | H49: =+IF(A49=1,(+TODAY())-G49,"Sans objet") -> 280 | I49: 1 | J49: =VLOOKUP(I49,Secteurs!$A$2:$C$4,3) -> Alexis MABOUNDA | K49: 0.5 | P49: 0.5 | Q49: =+$F49*K49 -> 42 | R49: =+$F49*L49 -> 0 | S49: =+$F49*M49 -> 0 | T49: =+$F49*N49 -> 0 | U49: =+$F49*O49 -> 0 | V49: =+$F49*P49 -> 42 | W49: =SUM(Q49:V49) -> 84 | Y49: =+W49-F49 -> 0
A50: =+IF(E50>0,1,0) -> 1 | B50: AFRICAINE3 tchialli | C50: G2 | D50: cash | E50: 16 | F50: =E50*7 -> 112 | G50: 46029 | H50: =+IF(A50=1,(+TODAY())-G50,"Sans objet") -> 279 | I50: 1 | J50: =VLOOKUP(I50,Secteurs!$A$2:$C$4,3) -> Alexis MABOUNDA | K50: 0.5 | N50: 0.5 | Q50: =+$F50*K50 -> 56 | R50: =+$F50*L50 -> 0 | S50: =+$F50*M50 -> 0 | T50: =+$F50*N50 -> 56 | U50: =+$F50*O50 -> 0 | V50: =+$F50*P50 -> 0 | W50: =SUM(Q50:V50) -> 112 | Y50: =+W50-F50 -> 0
A51: =+IF(E51>0,1,0) -> 1 | B51: AFRICAINE4 la fontaine | C51: G2 | D51: cash | E51: 14 | F51: =E51*7 -> 98 | G51: 46020 | H51: =+IF(A51=1,(+TODAY())-G51,"Sans objet") -> 288 | I51: 3 | J51: =VLOOKUP(I51,Secteurs!$A$2:$C$4,3) -> Armel SOKAMBA | K51: 0.5 | P51: 0.5 | Q51: =+$F51*K51 -> 49 | R51: =+$F51*L51 -> 0 | S51: =+$F51*M51 -> 0 | T51: =+$F51*N51 -> 0 | U51: =+$F51*O51 -> 0 | V51: =+$F51*P51 -> 49 | W51: =SUM(Q51:V51) -> 98 | Y51: =+W51-F51 -> 0
A52: =+IF(E52>0,1,0) -> 1 | B52: AFRICAINE5 ngoyo avenue taty loutard | C52: G2 | D52: cash | E52: 24 | F52: =E52*7 -> 168 | G52: 46020 | H52: =+IF(A52=1,(+TODAY())-G52,"Sans objet") -> 288 | I52: 3 | J52: =VLOOKUP(I52,Secteurs!$A$2:$C$4,3) -> Armel SOKAMBA | K52: 0.5 | N52: 0.5 | Q52: =+$F52*K52 -> 84 | R52: =+$F52*L52 -> 0 | S52: =+$F52*M52 -> 0 | T52: =+$F52*N52 -> 84 | U52: =+$F52*O52 -> 0 | V52: =+$F52*P52 -> 0 | W52: =SUM(Q52:V52) -> 168 | Y52: =+W52-F52 -> 0
A53: =+IF(E53>0,1,0) -> 1 | B53: AFRICAINE6 ngoyo central | C53: G2 | D53: cash | E53: 24 | F53: =E53*7 -> 168 | G53: 46030 | H53: =+IF(A53=1,(+TODAY())-G53,"Sans objet") -> 278 | I53: 3 | J53: =VLOOKUP(I53,Secteurs!$A$2:$C$4,3) -> Armel SOKAMBA | K53: 0.5 | P53: 0.5 | Q53: =+$F53*K53 -> 84 | R53: =+$F53*L53 -> 0 | S53: =+$F53*M53 -> 0 | T53: =+$F53*N53 -> 0 | U53: =+$F53*O53 -> 0 | V53: =+$F53*P53 -> 84 | W53: =SUM(Q53:V53) -> 168 | Y53: =+W53-F53 -> 0
A54: =+IF(E54>0,1,0) -> 1 | B54: AFRICAINE7 nzassi | C54: G2 | D54: cash | E54: 18 | F54: =E54*7 -> 126 | G54: 46029 | H54: =+IF(A54=1,(+TODAY())-G54,"Sans objet") -> 279 | I54: 3 | J54: =VLOOKUP(I54,Secteurs!$A$2:$C$4,3) -> Armel SOKAMBA | K54: 1 | Q54: =+$F54*K54 -> 126 | R54: =+$F54*L54 -> 0 | S54: =+$F54*M54 -> 0 | T54: =+$F54*N54 -> 0 | U54: =+$F54*O54 -> 0 | V54: =+$F54*P54 -> 0 | W54: =SUM(Q54:V54) -> 126 | Y54: =+W54-F54 -> 0
A55: =+IF(E55>0,1,0) -> 1 | B55: ML AFRICAINE marché faubourd | C55: G2 | D55: cash | E55: 14 | F55: =E55*7 -> 98 | G55: 46027 | H55: =+IF(A55=1,(+TODAY())-G55,"Sans objet") -> 281 | I55: 1 | J55: =VLOOKUP(I55,Secteurs!$A$2:$C$4,3) -> Alexis MABOUNDA | K55: 0.5 | P55: 0.5 | Q55: =+$F55*K55 -> 49 | R55: =+$F55*L55 -> 0 | S55: =+$F55*M55 -> 0 | T55: =+$F55*N55 -> 0 | U55: =+$F55*O55 -> 0 | V55: =+$F55*P55 -> 49 | W55: =SUM(Q55:V55) -> 98 | Y55: =+W55-F55 -> 0
A56: =+IF(E56>0,1,0) -> 1 | B56: SUPER MIE ex MLD raffinerie | C56: G2 | D56: crédit | E56: 24 | F56: =E56*7 -> 168 | G56: 46029 | H56: =+IF(A56=1,(+TODAY())-G56,"Sans objet") -> 279 | I56: 1 | J56: =VLOOKUP(I56,Secteurs!$A$2:$C$4,3) -> Alexis MABOUNDA | K56: 0.5 | L56: 0.25 | P56: 0.25 | Q56: =+$F56*K56 -> 84 | R56: =+$F56*L56 -> 42 | S56: =+$F56*M56 -> 0 | T56: =+$F56*N56 -> 0 | U56: =+$F56*O56 -> 0 | V56: =+$F56*P56 -> 42 | W56: =SUM(Q56:V56) -> 168 | Y56: =+W56-F56 -> 0
A57: =+IF(E57>0,1,0) -> 1 | B57: ELKOUZ marché faubourg | C57: G2 | D57: crédit | E57: 48 | F57: =E57*7 -> 336 | G57: 46029 | H57: =+IF(A57=1,(+TODAY())-G57,"Sans objet") -> 279 | I57: 1 | J57: =VLOOKUP(I57,Secteurs!$A$2:$C$4,3) -> Alexis MABOUNDA | K57: 0.5 | N57: 0.25 | P57: 0.25 | Q57: =+$F57*K57 -> 168 | R57: =+$F57*L57 -> 0 | S57: =+$F57*M57 -> 0 | T57: =+$F57*N57 -> 84 | U57: =+$F57*O57 -> 0 | V57: =+$F57*P57 -> 84 | W57: =SUM(Q57:V57) -> 336 | Y57: =+W57-F57 -> 0
A58: =+IF(E58>0,1,0) -> 1 | B58: AYA fond -tié-tié | C58: G2 | D58: cash | E58: 28 | F58: =E58*7 -> 196 | G58: 46028 | H58: =+IF(A58=1,(+TODAY())-G58,"Sans objet") -> 280 | I58: 3 | J58: =VLOOKUP(I58,Secteurs!$A$2:$C$4,3) -> Armel SOKAMBA | K58: 0.5 | N58: 0.5 | Q58: =+$F58*K58 -> 98 | R58: =+$F58*L58 -> 0 | S58: =+$F58*M58 -> 0 | T58: =+$F58*N58 -> 98 | U58: =+$F58*O58 -> 0 | V58: =+$F58*P58 -> 0 | W58: =SUM(Q58:V58) -> 196 | Y58: =+W58-F58 -> 0
A59: =+IF(E59>0,1,0) -> 1 | B59: LALA thyster | C59: G2 | D59: crédit | E59: 20 | F59: =E59*7 -> 140 | G59: 46028 | H59: =+IF(A59=1,(+TODAY())-G59,"Sans objet") -> 280 | I59: 1 | J59: =VLOOKUP(I59,Secteurs!$A$2:$C$4,3) -> Alexis MABOUNDA | K59: 0.5 | M59: 0.5 | Q59: =+$F59*K59 -> 70 | R59: =+$F59*L59 -> 0 | S59: =+$F59*M59 -> 70 | T59: =+$F59*N59 -> 0 | U59: =+$F59*O59 -> 0 | V59: =+$F59*P59 -> 0 | W59: =SUM(Q59:V59) -> 140 | Y59: =+W59-F59 -> 0
A60: =+IF(E60>0,1,0) -> 1 | B60: LALA thyster extension | C60: G2 | D60: crédit | E60: 24 | F60: =E60*7 -> 168 | G60: 46028 | H60: =+IF(A60=1,(+TODAY())-G60,"Sans objet") -> 280 | I60: 1 | J60: =VLOOKUP(I60,Secteurs!$A$2:$C$4,3) -> Alexis MABOUNDA | M60: 0.5 | O60: 0.5 | Q60: =+$F60*K60 -> 0 | R60: =+$F60*L60 -> 0 | S60: =+$F60*M60 -> 84 | T60: =+$F60*N60 -> 0 | U60: =+$F60*O60 -> 84 | V60: =+$F60*P60 -> 0 | W60: =SUM(Q60:V60) -> 168 | Y60: =+W60-F60 -> 0
A61: =+IF(E61>0,1,0) -> 1 | B61: EL WAVA vindoulou | C61: G2 | D61: crédit | E61: 24 | F61: =E61*7 -> 168 | G61: 46028 | H61: =+IF(A61=1,(+TODAY())-G61,"Sans objet") -> 280 | I61: 1 | J61: =VLOOKUP(I61,Secteurs!$A$2:$C$4,3) -> Alexis MABOUNDA | K61: 0.5 | M61: 0.5 | Q61: =+$F61*K61 -> 84 | R61: =+$F61*L61 -> 0 | S61: =+$F61*M61 -> 84 | T61: =+$F61*N61 -> 0 | U61: =+$F61*O61 -> 0 | V61: =+$F61*P61 -> 0 | W61: =SUM(Q61:V61) -> 168 | Y61: =+W61-F61 -> 0
A62: =+IF(E62>0,1,0) -> 1 | B62: MOUNGA PAIN avenue thyster movis | C62: G2 | D62: crédit | E62: 20 | F62: =E62*7 -> 140 | G62: 46028 | H62: =+IF(A62=1,(+TODAY())-G62,"Sans objet") -> 280 | I62: 1 | J62: =VLOOKUP(I62,Secteurs!$A$2:$C$4,3) -> Alexis MABOUNDA | K62: 0.5 | P62: 0.5 | Q62: =+$F62*K62 -> 70 | R62: =+$F62*L62 -> 0 | S62: =+$F62*M62 -> 0 | T62: =+$F62*N62 -> 0 | U62: =+$F62*O62 -> 0 | V62: =+$F62*P62 -> 70 | W62: =SUM(Q62:V62) -> 140 | Y62: =+W62-F62 -> 0
A63: =+IF(E63>0,1,0) -> 1 | B63: MOUNGA PAIN trabec mont kamba | C63: G2 | D63: crédit | E63: 36 | F63: =E63*7 -> 252 | G63: 46028 | H63: =+IF(A63=1,(+TODAY())-G63,"Sans objet") -> 280 | I63: 1 | J63: =VLOOKUP(I63,Secteurs!$A$2:$C$4,3) -> Alexis MABOUNDA | K63: 0.5 | M63: 0.25 | O63: 0.25 | Q63: =+$F63*K63 -> 126 | R63: =+$F63*L63 -> 0 | S63: =+$F63*M63 -> 63 | T63: =+$F63*N63 -> 0 | U63: =+$F63*O63 -> 63 | V63: =+$F63*P63 -> 0 | W63: =SUM(Q63:V63) -> 252 | Y63: =+W63-F63 -> 0
A64: =+IF(E64>0,1,0) -> 1 | B64: MOUNGA PAIN tsourou | C64: G2 | D64: crédit | E64: 26 | F64: =E64*7 -> 182 | G64: 46028 | H64: =+IF(A64=1,(+TODAY())-G64,"Sans objet") -> 280 | I64: 1 | J64: =VLOOKUP(I64,Secteurs!$A$2:$C$4,3) -> Alexis MABOUNDA | K64: 0.5 | P64: 0.5 | Q64: =+$F64*K64 -> 91 | R64: =+$F64*L64 -> 0 | S64: =+$F64*M64 -> 0 | T64: =+$F64*N64 -> 0 | U64: =+$F64*O64 -> 0 | V64: =+$F64*P64 -> 91 | W64: =SUM(Q64:V64) -> 182 | Y64: =+W64-F64 -> 0
A65: =+IF(E65>0,1,0) -> 1 | B65: PARIS PAIN 1 | C65: G2 | D65: crédit | E65: 20 | F65: =E65*7 -> 140 | G65: 46029 | H65: =+IF(A65=1,(+TODAY())-G65,"Sans objet") -> 279 | I65: 2 | J65: Thérèse LOUKEBA | K65: 0.5 | P65: 0.5 | Q65: =+$F65*K65 -> 70 | R65: =+$F65*L65 -> 0 | S65: =+$F65*M65 -> 0 | T65: =+$F65*N65 -> 0 | U65: =+$F65*O65 -> 0 | V65: =+$F65*P65 -> 70 | W65: =SUM(Q65:V65) -> 140 | Y65: =+W65-F65 -> 0
A66: =+IF(E66>0,1,0) -> 1 | B66: MAKKAH GM ex baguette d'amour | C66: G2 | D66: crédit | E66: 28 | F66: =E66*7 -> 196 | G66: 46030 | H66: =+IF(A66=1,(+TODAY())-G66,"Sans objet") -> 278 | I66: 2 | J66: =VLOOKUP(I66,Secteurs!$A$2:$C$4,3) -> Félix OVOURA | P66: 1 | Q66: =+$F66*K66 -> 0 | R66: =+$F66*L66 -> 0 | S66: =+$F66*M66 -> 0 | T66: =+$F66*N66 -> 0 | U66: =+$F66*O66 -> 0 | V66: =+$F66*P66 -> 196 | W66: =SUM(Q66:V66) -> 196 | Y66: =+W66-F66 -> 0
A67: =+IF(E67>0,1,0) -> 1 | B67: MAKKAH ex NAJAH Vindoulou station | C67: G2 | D67: crédit | E67: 16 | F67: =E67*7 -> 112 | G67: 46028 | H67: =+IF(A67=1,(+TODAY())-G67,"Sans objet") -> 280 | I67: 1 | J67: =VLOOKUP(I67,Secteurs!$A$2:$C$4,3) -> Alexis MABOUNDA | P67: 1 | Q67: =+$F67*K67 -> 0 | R67: =+$F67*L67 -> 0 | S67: =+$F67*M67 -> 0 | T67: =+$F67*N67 -> 0 | U67: =+$F67*O67 -> 0 | V67: =+$F67*P67 -> 112 | W67: =SUM(Q67:V67) -> 112 | Y67: =+W67-F67 -> 0
A68: =+IF(E68>0,1,0) -> 1 | B68: MAKKAH grand marché nina service | C68: G2 | D68: crédit | E68: 26 | F68: =E68*7 -> 182 | G68: 46030 | H68: =+IF(A68=1,(+TODAY())-G68,"Sans objet") -> 278 | I68: 2 | J68: =VLOOKUP(I68,Secteurs!$A$2:$C$4,3) -> Félix OVOURA | P68: 1 | Q68: =+$F68*K68 -> 0 | R68: =+$F68*L68 -> 0 | S68: =+$F68*M68 -> 0 | T68: =+$F68*N68 -> 0 | U68: =+$F68*O68 -> 0 | V68: =+$F68*P68 -> 182 | W68: =SUM(Q68:V68) -> 182 | Y68: =+W68-F68 -> 0
A69: =+IF(E69>0,1,0) -> 1 | B69: MAKKAH marché nkounikou1 | C69: G2 | D69: crédit | E69: 20 | F69: =E69*7 -> 140 | G69: 46029 | H69: =+IF(A69=1,(+TODAY())-G69,"Sans objet") -> 279 | I69: 1 | J69: =VLOOKUP(I69,Secteurs!$A$2:$C$4,3) -> Alexis MABOUNDA | P69: 1 | Q69: =+$F69*K69 -> 0 | R69: =+$F69*L69 -> 0 | S69: =+$F69*M69 -> 0 | T69: =+$F69*N69 -> 0 | U69: =+$F69*O69 -> 0 | V69: =+$F69*P69 -> 140 | W69: =SUM(Q69:V69) -> 140 | Y69: =+W69-F69 -> 0
A70: =+IF(E70>0,1,0) -> 1 | B70: MAKKAH voungou péchana | C70: G2 | D70: crédit | E70: 24 | F70: =E70*7 -> 168 | G70: 46020 | H70: =+IF(A70=1,(+TODAY())-G70,"Sans objet") -> 288 | I70: 3 | J70: =VLOOKUP(I70,Secteurs!$A$2:$C$4,3) -> Armel SOKAMBA | P70: 1 | Q70: =+$F70*K70 -> 0 | R70: =+$F70*L70 -> 0 | S70: =+$F70*M70 -> 0 | T70: =+$F70*N70 -> 0 | U70: =+$F70*O70 -> 0 | V70: =+$F70*P70 -> 168 | W70: =SUM(Q70:V70) -> 168 | Y70: =+W70-F70 -> 0
A71: =+IF(E71>0,1,0) -> 1 | B71: MAKKAH marché nkounikou2 | C71: G2 | D71: crédit | E71: 20 | F71: =E71*7 -> 140 | G71: 46029 | H71: =+IF(A71=1,(+TODAY())-G71,"Sans objet") -> 279 | I71: 1 | J71: =VLOOKUP(I71,Secteurs!$A$2:$C$4,3) -> Alexis MABOUNDA | P71: 1 | Q71: =+$F71*K71 -> 0 | R71: =+$F71*L71 -> 0 | S71: =+$F71*M71 -> 0 | T71: =+$F71*N71 -> 0 | U71: =+$F71*O71 -> 0 | V71: =+$F71*P71 -> 140 | W71: =SUM(Q71:V71) -> 140 | Y71: =+W71-F71 -> 0
A72: =+IF(E72>0,1,0) -> 1 | B72: MAKKAH fond tié tié ex El emele | C72: G2 | D72: crédit | E72: 20 | F72: =E72*7 -> 140 | G72: 46028 | H72: =+IF(A72=1,(+TODAY())-G72,"Sans objet") -> 280 | I72: 2 | J72: Thérèse LOUKEBA | P72: 1 | Q72: =+$F72*K72 -> 0 | R72: =+$F72*L72 -> 0 | S72: =+$F72*M72 -> 0 | T72: =+$F72*N72 -> 0 | U72: =+$F72*O72 -> 0 | V72: =+$F72*P72 -> 140 | W72: =SUM(Q72:V72) -> 140 | Y72: =+W72-F72 -> 0
A73: =+IF(E73>0,1,0) -> 1 | B73: MAKKAH TR Balou constant loandjili | C73: G2 | D73: crédit | E73: 24 | F73: =E73*7 -> 168 | G73: 46028 | H73: =+IF(A73=1,(+TODAY())-G73,"Sans objet") -> 280 | I73: 1 | J73: =VLOOKUP(I73,Secteurs!$A$2:$C$4,3) -> Alexis MABOUNDA | L73: 0.5 | O73: 0.5 | Q73: =+$F73*K73 -> 0 | R73: =+$F73*L73 -> 84 | S73: =+$F73*M73 -> 0 | T73: =+$F73*N73 -> 0 | U73: =+$F73*O73 -> 84 | V73: =+$F73*P73 -> 0 | W73: =SUM(Q73:V73) -> 168 | Y73: =+W73-F73 -> 0
A74: =+IF(E74>0,1,0) -> 1 | B74: SOLIDARITE mpita | C74: G2 | D74: cash | E74: 20 | F74: =E74*7 -> 140 | G74: 46030 | H74: =+IF(A74=1,(+TODAY())-G74,"Sans objet") -> 278 | I74: 2 | J74: Thérèse LOUKEBA | K74: 0.5 | O74: 0.5 | Q74: =+$F74*K74 -> 70 | R74: =+$F74*L74 -> 0 | S74: =+$F74*M74 -> 0 | T74: =+$F74*N74 -> 0 | U74: =+$F74*O74 -> 70 | V74: =+$F74*P74 -> 0 | W74: =SUM(Q74:V74) -> 140 | Y74: =+W74-F74 -> 0
A75: =+IF(E75>0,1,0) -> 1 | B75: L-KAKARA ex SOLIDARITE makayabou | C75: G2 | D75: cash | E75: 24 | F75: =E75*7 -> 168 | G75: 46028 | H75: =+IF(A75=1,(+TODAY())-G75,"Sans objet") -> 280 | I75: 1 | J75: =VLOOKUP(I75,Secteurs!$A$2:$C$4,3) -> Alexis MABOUNDA | M75: 0.5 | O75: 0.5 | Q75: =+$F75*K75 -> 0 | R75: =+$F75*L75 -> 0 | S75: =+$F75*M75 -> 84 | T75: =+$F75*N75 -> 0 | U75: =+$F75*O75 -> 84 | V75: =+$F75*P75 -> 0 | W75: =SUM(Q75:V75) -> 168 | Y75: =+W75-F75 -> 0
A76: =+IF(E76>0,1,0) -> 1 | B76: ZEYNAB ex chebou loussala | C76: G2 | D76: crédit | E76: 18 | F76: =E76*7 -> 126 | G76: 46031 | H76: =+IF(A76=1,(+TODAY())-G76,"Sans objet") -> 277 | I76: 3 | J76: =VLOOKUP(I76,Secteurs!$A$2:$C$4,3) -> Armel SOKAMBA | L76: 0.5 | M76: 0.5 | Q76: =+$F76*K76 -> 0 | R76: =+$F76*L76 -> 63 | S76: =+$F76*M76 -> 63 | T76: =+$F76*N76 -> 0 | U76: =+$F76*O76 -> 0 | V76: =+$F76*P76 -> 0 | W76: =SUM(Q76:V76) -> 126 | Y76: =+W76-F76 -> 0
A77: =+IF(E77>0,1,0) -> 1 | B77: ZEYNAB ex chebou amour du pays | C77: G2 | D77: crédit | E77: 28 | F77: =E77*7 -> 196 | G77: 46027 | H77: =+IF(A77=1,(+TODAY())-G77,"Sans objet") -> 281 | I77: 3 | J77: =VLOOKUP(I77,Secteurs!$A$2:$C$4,3) -> Armel SOKAMBA | K77: 0.5 | O77: 0.5 | Q77: =+$F77*K77 -> 98 | R77: =+$F77*L77 -> 0 | S77: =+$F77*M77 -> 0 | T77: =+$F77*N77 -> 0 | U77: =+$F77*O77 -> 98 | V77: =+$F77*P77 -> 0 | W77: =SUM(Q77:V77) -> 196 | Y77: =+W77-F77 -> 0
A78: =+IF(E78>0,1,0) -> 1 | B78: ZEYNAB ex chebou marché tchinkounkou | C78: G2 | D78: crédit | E78: 14 | F78: =E78*7 -> 98 | G78: 46027 | H78: =+IF(A78=1,(+TODAY())-G78,"Sans objet") -> 281 | I78: 3 | J78: =VLOOKUP(I78,Secteurs!$A$2:$C$4,3) -> Armel SOKAMBA | K78: 0.5 | N78: 0.5 | Q78: =+$F78*K78 -> 49 | R78: =+$F78*L78 -> 0 | S78: =+$F78*M78 -> 0 | T78: =+$F78*N78 -> 49 | U78: =+$F78*O78 -> 0 | V78: =+$F78*P78 -> 0 | W78: =SUM(Q78:V78) -> 98 | Y78: =+W78-F78 -> 0
A79: =+IF(E79>0,1,0) -> 1 | B79: ZEYNAB PATRA hopital de base | C79: G2 | D79: crédit | E79: 20 | F79: =E79*7 -> 140 | G79: 46027 | H79: =+IF(A79=1,(+TODAY())-G79,"Sans objet") -> 281 | I79: 3 | J79: =VLOOKUP(I79,Secteurs!$A$2:$C$4,3) -> Armel SOKAMBA | K79: 0.5 | N79: 0.5 | Q79: =+$F79*K79 -> 70 | R79: =+$F79*L79 -> 0 | S79: =+$F79*M79 -> 0 | T79: =+$F79*N79 -> 70 | U79: =+$F79*O79 -> 0 | V79: =+$F79*P79 -> 0 | W79: =SUM(Q79:V79) -> 140 | Y79: =+W79-F79 -> 0
A80: =+IF(E80>0,1,0) -> 1 | B80: HASSAN nzasi | C80: G2 | D80: cash | E80: 20 | F80: =E80*7 -> 140 | G80: 46029 | H80: =+IF(A80=1,(+TODAY())-G80,"Sans objet") -> 279 | I80: 3 | J80: =VLOOKUP(I80,Secteurs!$A$2:$C$4,3) -> Armel SOKAMBA | K80: 0.5 | P80: 0.5 | Q80: =+$F80*K80 -> 70 | R80: =+$F80*L80 -> 0 | S80: =+$F80*M80 -> 0 | T80: =+$F80*N80 -> 0 | U80: =+$F80*O80 -> 0 | V80: =+$F80*P80 -> 70 | W80: =SUM(Q80:V80) -> 140 | Y80: =+W80-F80 -> 0
A81: =+IF(E81>0,1,0) -> 1 | B81: SUPER QUALITE marhé foire | C81: G2 | D81: crédit | E81: 12 | F81: =E81*7 -> 84 | G81: 46029 | H81: =+IF(A81=1,(+TODAY())-G81,"Sans objet") -> 279 | I81: 1 | J81: =VLOOKUP(I81,Secteurs!$A$2:$C$4,3) -> Alexis MABOUNDA | N81: 1 | Q81: =+$F81*K81 -> 0 | R81: =+$F81*L81 -> 0 | S81: =+$F81*M81 -> 0 | T81: =+$F81*N81 -> 84 | U81: =+$F81*O81 -> 0 | V81: =+$F81*P81 -> 0 | W81: =SUM(Q81:V81) -> 84 | Y81: =+W81-F81 -> 0
A82: =+IF(E82>0,1,0) -> 1 | B82: BON CHOIX ngoyo | C82: Direct | D82: cash | E82: 18 | F82: =E82*7 -> 126 | G82: 46029 | H82: =+IF(A82=1,(+TODAY())-G82,"Sans objet") -> 279 | I82: 3 | J82: =VLOOKUP(I82,Secteurs!$A$2:$C$4,3) -> Armel SOKAMBA | K82: 0.5 | P82: 0.5 | Q82: =+$F82*K82 -> 63 | R82: =+$F82*L82 -> 0 | S82: =+$F82*M82 -> 0 | T82: =+$F82*N82 -> 0 | U82: =+$F82*O82 -> 0 | V82: =+$F82*P82 -> 63 | W82: =SUM(Q82:V82) -> 126 | Y82: =+W82-F82 -> 0
A83: =+IF(E83>0,1,0) -> 1 | B83: BON CHOIX ex GAZA2 km4 | C83: Direct | D83: cash | E83: 10 | F83: =E83*7 -> 70 | G83: 46030 | H83: =+IF(A83=1,(+TODAY())-G83,"Sans objet") -> 278 | I83: 2 | J83: Thérèse LOUKEBA | N83: 0.5 | P83: 0.5 | Q83: =+$F83*K83 -> 0 | R83: =+$F83*L83 -> 0 | S83: =+$F83*M83 -> 0 | T83: =+$F83*N83 -> 35 | U83: =+$F83*O83 -> 0 | V83: =+$F83*P83 -> 35 | W83: =SUM(Q83:V83) -> 70 | Y83: =+W83-F83 -> 0
A84: =+IF(E84>0,1,0) -> 1 | B84: BM EX ELKER WENVIR vindoulou arrêt sapin | C84: G2 | D84: cash | E84: 24 | F84: =E84*7 -> 168 | G84: 46028 | H84: =+IF(A84=1,(+TODAY())-G84,"Sans objet") -> 280 | I84: 1 | J84: =VLOOKUP(I84,Secteurs!$A$2:$C$4,3) -> Alexis MABOUNDA | K84: 0.5 | M84: 0.25 | O84: 0.25 | Q84: =+$F84*K84 -> 84 | R84: =+$F84*L84 -> 0 | S84: =+$F84*M84 -> 42 | T84: =+$F84*N84 -> 0 | U84: =+$F84*O84 -> 42 | V84: =+$F84*P84 -> 0 | W84: =SUM(Q84:V84) -> 168 | Y84: =+W84-F84 -> 0
A85: =+IF(E85>0,1,0) -> 1 | B85: CONGO FUTUR grand marché | C85: G2 | D85: crédit | E85: 40 | F85: =E85*7 -> 280 | G85: 46030 | H85: =+IF(A85=1,(+TODAY())-G85,"Sans objet") -> 278 | I85: 2 | J85: =VLOOKUP(I85,Secteurs!$A$2:$C$4,3) -> Félix OVOURA | N85: 0.25 | O85: 0.25 | P85: 0.5 | Q85: =+$F85*K85 -> 0 | R85: =+$F85*L85 -> 0 | S85: =+$F85*M85 -> 0 | T85: =+$F85*N85 -> 70 | U85: =+$F85*O85 -> 70 | V85: =+$F85*P85 -> 140 | W85: =SUM(Q85:V85) -> 280 | Y85: =+W85-F85 -> 0
A86: =+IF(E86>0,1,0) -> 1 | B86: CONGO FUTUR faubourg | C86: G2 | D86: crédit | E86: 26 | F86: =E86*7 -> 182 | G86: 46029 | H86: =+IF(A86=1,(+TODAY())-G86,"Sans objet") -> 279 | I86: 1 | J86: =VLOOKUP(I86,Secteurs!$A$2:$C$4,3) -> Alexis MABOUNDA | L86: 0.25 | N86: 0.25 | P86: 0.5 | Q86: =+$F86*K86 -> 0 | R86: =+$F86*L86 -> 45.5 | S86: =+$F86*M86 -> 0 | T86: =+$F86*N86 -> 45.5 | U86: =+$F86*O86 -> 0 | V86: =+$F86*P86 -> 91 | W86: =SUM(Q86:V86) -> 182 | Y86: =+W86-F86 -> 0
A87: =+IF(E87>0,1,0) -> 1 | B87: CONGO FUTUR carrefour rafinnerie | C87: G2 | D87: crédit | E87: 22 | F87: =E87*7 -> 154 | G87: 46027 | H87: =+IF(A87=1,(+TODAY())-G87,"Sans objet") -> 281 | I87: 1 | J87: =VLOOKUP(I87,Secteurs!$A$2:$C$4,3) -> Alexis MABOUNDA | O87: 0.5 | P87: 0.5 | Q87: =+$F87*K87 -> 0 | R87: =+$F87*L87 -> 0 | S87: =+$F87*M87 -> 0 | T87: =+$F87*N87 -> 0 | U87: =+$F87*O87 -> 77 | V87: =+$F87*P87 -> 77 | W87: =SUM(Q87:V87) -> 154 | Y87: =+W87-F87 -> 0
A88: =+IF(E88>0,1,0) -> 1 | B88: CONGO FUTUR terre jaune | C88: G2 | D88: crédit | E88: 26 | F88: =E88*7 -> 182 | G88: 46027 | H88: =+IF(A88=1,(+TODAY())-G88,"Sans objet") -> 281 | I88: 1 | J88: =VLOOKUP(I88,Secteurs!$A$2:$C$4,3) -> Alexis MABOUNDA | N88: 0.25 | O88: 0.25 | P88: 0.5 | Q88: =+$F88*K88 -> 0 | R88: =+$F88*L88 -> 0 | S88: =+$F88*M88 -> 0 | T88: =+$F88*N88 -> 45.5 | U88: =+$F88*O88 -> 45.5 | V88: =+$F88*P88 -> 91 | W88: =SUM(Q88:V88) -> 182 | Y88: =+W88-F88 -> 0
A89: =+IF(E89>0,1,0) -> 1 | B89: CONGO FUTUR arrêt manguier | C89: G2 | D89: crédit | E89: 24 | F89: =E89*7 -> 168 | G89: 46027 | H89: =+IF(A89=1,(+TODAY())-G89,"Sans objet") -> 281 | I89: 1 | J89: =VLOOKUP(I89,Secteurs!$A$2:$C$4,3) -> Alexis MABOUNDA | N89: 0.5 | O89: 0.25 | P89: 0.25 | Q89: =+$F89*K89 -> 0 | R89: =+$F89*L89 -> 0 | S89: =+$F89*M89 -> 0 | T89: =+$F89*N89 -> 84 | U89: =+$F89*O89 -> 42 | V89: =+$F89*P89 -> 42 | W89: =SUM(Q89:V89) -> 168 | Y89: =+W89-F89 -> 0
A90: =+IF(E90>0,1,0) -> 1 | B90: CONGO FUTUR rafinerie 1er camp | C90: G2 | D90: crédit | E90: 26 | F90: =E90*7 -> 182 | G90: 46029 | H90: =+IF(A90=1,(+TODAY())-G90,"Sans objet") -> 279 | I90: 1 | J90: =VLOOKUP(I90,Secteurs!$A$2:$C$4,3) -> Alexis MABOUNDA | N90: 0.25 | O90: 0.25 | P90: 0.5 | Q90: =+$F90*K90 -> 0 | R90: =+$F90*L90 -> 0 | S90: =+$F90*M90 -> 0 | T90: =+$F90*N90 -> 45.5 | U90: =+$F90*O90 -> 45.5 | V90: =+$F90*P90 -> 91 | W90: =SUM(Q90:V90) -> 182 | Y90: =+W90-F90 -> 0
A91: =+IF(E91>0,1,0) -> 1 | B91: CONGO FUTUR fond tié-tié | C91: G2 | D91: crédit | E91: 24 | F91: =E91*7 -> 168 | G91: 46028 | H91: =+IF(A91=1,(+TODAY())-G91,"Sans objet") -> 280 | I91: 2 | J91: Thérèse LOUKEBA | L91: 0.5 | N91: 0.5 | Q91: =+$F91*K91 -> 0 | R91: =+$F91*L91 -> 84 | S91: =+$F91*M91 -> 0 | T91: =+$F91*N91 -> 84 | U91: =+$F91*O91 -> 0 | V91: =+$F91*P91 -> 0 | W91: =SUM(Q91:V91) -> 168 | Y91: =+W91-F91 -> 0
A92: =+IF(E92>0,1,0) -> 1 | B92: CONGO FUTUR moukondo | C92: G2 | D92: cash | E92: 24 | F92: =E92*7 -> 168 | G92: 46027 | H92: =+IF(A92=1,(+TODAY())-G92,"Sans objet") -> 281 | I92: 1 | J92: =VLOOKUP(I92,Secteurs!$A$2:$C$4,3) -> Alexis MABOUNDA | N92: 0.5 | O92: 0.25 | P92: 0.25 | Q92: =+$F92*K92 -> 0 | R92: =+$F92*L92 -> 0 | S92: =+$F92*M92 -> 0 | T92: =+$F92*N92 -> 84 | U92: =+$F92*O92 -> 42 | V92: =+$F92*P92 -> 42 | W92: =SUM(Q92:V92) -> 168 | Y92: =+W92-F92 -> 0
A93: =+IF(E93>0,1,0) -> 1 | B93: CONGO FUTUR marché culotte | C93: G2 | D93: cash | E93: 28 | F93: =E93*7 -> 196 | G93: 46029 | H93: =+IF(A93=1,(+TODAY())-G93,"Sans objet") -> 279 | I93: 1 | J93: =VLOOKUP(I93,Secteurs!$A$2:$C$4,3) -> Alexis MABOUNDA | L93: 0.25 | N93: 0.5 | P93: 0.25 | Q93: =+$F93*K93 -> 0 | R93: 49 | S93: =+$F93*M93 -> 0 | T93: =+$F93*N93 -> 98 | U93: =+$F93*O93 -> 0 | V93: =+$F93*P93 -> 49 | W93: =SUM(Q93:V93) -> 196 | Y93: =+W93-F93 -> 0
A94: =+IF(E94>0,1,0) -> 1 | B94: MEA 7/7ex baguette d'asta | C94: Autre | D94: cash | E94: 18 | F94: =E94*7 -> 126 | G94: 46020 | H94: =+IF(A94=1,(+TODAY())-G94,"Sans objet") -> 288 | I94: 2 | J94: Thérèse LOUKEBA | N94: 0.5 | P94: 0.5 | Q94: =+$F94*K94 -> 0 | R94: =+$F94*L94 -> 0 | S94: =+$F94*M94 -> 0 | T94: =+$F94*N94 -> 63 | U94: =+$F94*O94 -> 0 | V94: =+$F94*P94 -> 63 | W94: =SUM(Q94:V94) -> 126 | Y94: =+W94-F94 -> 0
A95: =+IF(E95>0,1,0) -> 1 | B95: PARIS PAIN 2 ex baguette d'asta mpita | C95: G2 | D95: crédit | E95: 20 | F95: =E95*7 -> 140 | G95: 46030 | H95: =+IF(A95=1,(+TODAY())-G95,"Sans objet") -> 278 | I95: 2 | J95: Thérèse LOUKEBA | K95: 0.5 | N95: 0.5 | Q95: =+$F95*K95 -> 70 | R95: =+$F95*L95 -> 0 | S95: =+$F95*M95 -> 0 | T95: =+$F95*N95 -> 70 | U95: =+$F95*O95 -> 0 | V95: =+$F95*P95 -> 0 | W95: =SUM(Q95:V95) -> 140 | Y95: =+W95-F95 -> 0
A96: =+IF(E96>0,1,0) -> 1 | B96: ELVOZ INCHALLA mbota | C96: Direct | D96: cash | E96: 24 | F96: =E96*7 -> 168 | G96: 46020 | H96: =+IF(A96=1,(+TODAY())-G96,"Sans objet") -> 288 | I96: 3 | J96: =VLOOKUP(I96,Secteurs!$A$2:$C$4,3) -> Armel SOKAMBA | K96: 0.5 | N96: 0.5 | Q96: =+$F96*K96 -> 84 | R96: =+$F96*L96 -> 0 | S96: =+$F96*M96 -> 0 | T96: =+$F96*N96 -> 84 | U96: =+$F96*O96 -> 0 | V96: =+$F96*P96 -> 0 | W96: =SUM(Q96:V96) -> 168 | Y96: =+W96-F96 -> 0
A97: =+IF(E97>0,1,0) -> 1 | B97: BAGUETTE D'EXCELLENCE nkouinkou | C97: Autre | D97: cash | E97: 6 | F97: =E97*7 -> 42 | G97: 46028 | H97: =+IF(A97=1,(+TODAY())-G97,"Sans objet") -> 280 | I97: 1 | J97: =VLOOKUP(I97,Secteurs!$A$2:$C$4,3) -> Alexis MABOUNDA | M97: 1 | Q97: =+$F97*K97 -> 0 | R97: =+$F97*L97 -> 0 | S97: =+$F97*M97 -> 42 | T97: =+$F97*N97 -> 0 | U97: =+$F97*O97 -> 0 | V97: =+$F97*P97 -> 0 | W97: =SUM(Q97:V97) -> 42 | Y97: =+W97-F97 -> 0
A98: =+IF(E98>0,1,0) -> 1 | B98: BOUDI mvou-mvou | C98: Autre | D98: cash | E98: 6 | F98: =E98*7 -> 42 | G98: 46030 | H98: =+IF(A98=1,(+TODAY())-G98,"Sans objet") -> 278 | I98: 2 | J98: =VLOOKUP(I98,Secteurs!$A$2:$C$4,3) -> Félix OVOURA | N98: 0.5 | O98: 0.5 | Q98: =+$F98*K98 -> 0 | R98: =+$F98*L98 -> 0 | S98: =+$F98*M98 -> 0 | T98: =+$F98*N98 -> 21 | U98: =+$F98*O98 -> 21 | V98: =+$F98*P98 -> 0 | W98: =SUM(Q98:V98) -> 42 | Y98: =+W98-F98 -> 0
A99: =+IF(E99>0,1,0) -> 1 | B99: ELVETH/ EX CONGO RIM patra | C99: Autre | D99: cash | E99: 14 | F99: =E99*7 -> 98 | G99: 46027 | H99: =+IF(A99=1,(+TODAY())-G99,"Sans objet") -> 281 | I99: 3 | J99: =VLOOKUP(I99,Secteurs!$A$2:$C$4,3) -> Armel SOKAMBA | K99: 0.5 | P99: 0.5 | Q99: =+$F99*K99 -> 49 | R99: =+$F99*L99 -> 0 | S99: =+$F99*M99 -> 0 | T99: =+$F99*N99 -> 0 | U99: =+$F99*O99 -> 0 | V99: =+$F99*P99 -> 49 | W99: =SUM(Q99:V99) -> 98 | Y99: =+W99-F99 -> 0
A100: =+IF(E100>0,1,0) -> 1 | B100: EL MONA tié tié masola | C100: Autre | D100: cash | E100: 10 | F100: =E100*7 -> 70 | G100: 46028 | H100: =+IF(A100=1,(+TODAY())-G100,"Sans objet") -> 280 | I100: 2 | J100: Thérèse LOUKEBA | L100: 1 | Q100: =+$F100*K100 -> 0 | R100: =+$F100*L100 -> 70 | S100: =+$F100*M100 -> 0 | T100: =+$F100*N100 -> 0 | U100: =+$F100*O100 -> 0 | V100: =+$F100*P100 -> 0 | W100: =SUM(Q100:V100) -> 70 | Y100: =+W100-F100 -> 0
...

Sheet WEEK3
A1: N° | B1: Boulangerie | C1: Groupe | D1: Type | E1: Cons/j | F1: C° heb | G1: Date Dernière Visite | H1: Période sans visite | I1: Secteur | J1: Technico Commercial | K1: %MINOCO | L1: %FANTA | M1: %GMK | N1: %SGMP | O1: %MFB | P1: %GMC | Q1: MINOCO | R1: FANTA | S1: GMK | T1: SGMP | U1: MFB | V1: GMC | W1: Total | X1: COMMENTAIRES | AA1: Week | AB1: Minoco | AC1: Fanta | AD1: GMPN | AE1: GMK | AF1: SGMP | AG1: MFB | AH1: GMC
A2: =+IF(E2>0,1,0) -> 1 | B2: CONGO FUTUR SIAFOUMOU | C2: G2 | D2: crédit | E2: 20 | F2: =E2*7 -> 140 | G2: 46035 | H2: =+IF(A2=1,(+TODAY())-G2,"Sans objet") -> 273 | I2: 1 | J2: =VLOOKUP(I2,Secteurs!$A$2:$C$4,3) -> Alexis MABOUNDA | L2: 0.5 | N2: 0.5 | Q2: =+$F2*K2 -> 0 | R2: =+$F2*L2 -> 70 | S2: =+$F2*M2 -> 0 | T2: =+$F2*N2 -> 70 | U2: =+$F2*O2 -> 0 | V2: =+$F2*P2 -> 0 | W2: =SUM(Q2:V2) -> 140 | Y2: =+W2-F2 -> 0 | AA2: 52 | AB2: 0.32964421 | AC2: 0.10093549 | AD2: =AB2+AC2 -> 0.4305797 | AE2: 0.10502505 | AF2: 0.11951743 | AG2: 0.11872508 | AH2: 0.22615275 | AI2: =SUM(AD2:AH2) -> 1
A3: =+IF(E3>0,1,0) -> 1 | B3: EL ATIGH mengo péage | C3: G1 | D3: cash | E3: 24 | F3: =E3*7 -> 168 | G3: 46028 | H3: =+IF(A3=1,(+TODAY())-G3,"Sans objet") -> 280 | I3: 1 | J3: =VLOOKUP(I3,Secteurs!$A$2:$C$4,3) -> Alexis MABOUNDA | K3: 0.75 | M3: 0.25 | Q3: =+$F3*K3 -> 126 | R3: =+$F3*L3 -> 0 | S3: =+$F3*M3 -> 42 | T3: =+$F3*N3 -> 0 | U3: =+$F3*O3 -> 0 | V3: =+$F3*P3 -> 0 | W3: =SUM(Q3:V3) -> 168 | Y3: =+W3-F3 -> 0 | AA3: 1 | AB3: 0.35592619 | AC3: 0.081263307 | AD3: =SUM(AB2:AC2) -> 0.4305797 | AE3: 0.10502505 | AF3: 0.11951743 | AG3: 0.11872508 | AH3: 0.22615275 | AI3: =SUM(AD3:AH3) -> 1
A4: =+IF(E4>0,1,0) -> 1 | B4: ATAKALKHAYR loandjili | C4: G1 | D4: cash | E4: 54 | F4: =E4*7 -> 378 | G4: 46034 | H4: =+IF(A4=1,(+TODAY())-G4,"Sans objet") -> 274 | I4: 1 | J4: =VLOOKUP(I4,Secteurs!$A$2:$C$4,3) -> Alexis MABOUNDA | K4: 0.5 | O4: 0.5 | Q4: 252 | R4: =+$F4*L4 -> 0 | S4: =+$F4*M4 -> 0 | T4: =+$F4*N4 -> 0 | U4: 126 | V4: =+$F4*P4 -> 0 | W4: =SUM(Q4:V4) -> 378 | Y4: =+W4-F4 -> 0 | AA4: 2 | AB4: 0.35592619 | AC4: 0.081263307 | AD4: 0.4371895 | AE4: 0.083569908 | AF4: 0.12668559 | AG4: 0.11905607 | AH4: 0.23349894 | AI4: =SUM(AD4:AH4) -> 1
A5: =+IF(E5>0,1,0) -> 1 | B5: ATAKALKHAYR fouks | C5: G1 | D5: cash | E5: 28 | F5: =E5*7 -> 196 | G5: 46037 | H5: =+IF(A5=1,(+TODAY())-G5,"Sans objet") -> 271 | I5: 2 | J5: =VLOOKUP(I5,Secteurs!$A$2:$C$4,3) -> Félix OVOURA | K5: 0.5 | O5: 0.5 | Q5: =+$F5*K5 -> 98 | R5: =+$F5*L5 -> 0 | S5: =+$F5*M5 -> 0 | T5: =+$F5*N5 -> 0 | U5: =+$F5*O5 -> 98 | V5: =+$F5*P5 -> 0 | W5: =SUM(Q5:V5) -> 196 | Y5: =+W5-F5 -> 0 | AA5: 3 | AB5: =E149 -> 0.33262411 | AC5: =E150 -> 0.12659574 | AD5: =AB5+AC5 -> 0.45921986 | AE5: =E152 -> 0.082801418 | AF5: =E153 -> 0.13244681 | AG5: =E154 -> 0.12641844 | AH5: =E155 -> 0.19911348 | AI5: =SUM(AD5:AH5) -> 1
A6: =+IF(E6>0,1,0) -> 1 | B6: ATAKAHYR mayinga | C6: G1 | D6: cash | E6: 20 | F6: =E6*7 -> 140 | G6: 46035 | H6: =+IF(A6=1,(+TODAY())-G6,"Sans objet") -> 273 | I6: 3 | J6: =VLOOKUP(I6,Secteurs!$A$2:$C$4,3) -> Armel SOKAMBA | K6: 0.5 | O6: 0.5 | Q6: 70 | R6: =+$F6*L6 -> 0 | S6: =+$F6*M6 -> 0 | T6: =+$F6*N6 -> 0 | U6: =+$F6*O6 -> 70 | W6: =SUM(Q6:V6) -> 140 | Y6: =+W6-F6 -> 0 | AA6: Variation
A7: =+IF(E7>0,1,0) -> 1 | B7: MED MMB CEG vindoulou | C7: G1 | D7: cash | E7: 20 | F7: =E7*7 -> 140 | G7: 46028 | H7: =+IF(A7=1,(+TODAY())-G7,"Sans objet") -> 280 | I7: 3 | J7: =VLOOKUP(I7,Secteurs!$A$2:$C$4,3) -> Armel SOKAMBA | K7: 0.5 | M7: 0.25 | P7: 0.25 | Q7: =+$F7*K7 -> 70 | R7: =+$F7*L7 -> 0 | S7: =+$F7*M7 -> 35 | T7: =+$F7*N7 -> 0 | U7: =+$F7*O7 -> 0 | V7: =+$F7*P7 -> 35 | W7: =SUM(Q7:V7) -> 140 | Y7: =+W7-F7 -> 0
A8: =+IF(E8>0,1,0) -> 1 | B8: MED globaline | C8: G1 | D8: cash | E8: 26 | F8: =E8*7 -> 182 | G8: 46029 | H8: =+IF(A8=1,(+TODAY())-G8,"Sans objet") -> 279 | I8: 3 | J8: =VLOOKUP(I8,Secteurs!$A$2:$C$4,3) -> Armel SOKAMBA | K8: 0.5 | N8: 0.5 | Q8: =+$F8*K8 -> 91 | R8: =+$F8*L8 -> 0 | S8: =+$F8*M8 -> 0 | T8: =+$F8*N8 -> 91 | U8: =+$F8*O8 -> 0 | V8: =+$F8*P8 -> 0 | W8: =SUM(Q8:V8) -> 182 | Y8: =+W8-F8 -> 0
A9: =+IF(E9>0,1,0) -> 1 | B9: Ets AMITIE ex BAGDAD1 grand marché révolution | C9: G1 | D9: cash | E9: 30 | F9: =E9*7 -> 210 | G9: 46036 | H9: =+IF(A9=1,(+TODAY())-G9,"Sans objet") -> 272 | I9: 2 | J9: =VLOOKUP(I9,Secteurs!$A$2:$C$4,3) -> Félix OVOURA | K9: 1 | Q9: =+$F9*K9 -> 210 | R9: =+$F9*L9 -> 0 | S9: =+$F9*M9 -> 0 | T9: =+$F9*N9 -> 0 | U9: =+$F9*O9 -> 0 | V9: =+$F9*P9 -> 0 | W9: =SUM(Q9:V9) -> 210 | Y9: =+W9-F9 -> 0
A10: =+IF(E10>0,1,0) -> 1 | B10: Ets AMITIE ex CONGO2 voungou école primaire | C10: G1 | D10: cash | E10: 20 | F10: =E10*7 -> 140 | G10: 46037 | H10: =+IF(A10=1,(+TODAY())-G10,"Sans objet") -> 271 | I10: 3 | J10: =VLOOKUP(I10,Secteurs!$A$2:$C$4,3) -> Armel SOKAMBA | K10: 1 | Q10: =+$F10*K10 -> 140 | R10: =+$F10*L10 -> 0 | S10: =+$F10*M10 -> 0 | T10: =+$F10*N10 -> 0 | U10: =+$F10*O10 -> 0 | V10: =+$F10*P10 -> 0 | W10: =SUM(Q10:V10) -> 140 | Y10: =+W10-F10 -> 0
A11: =+IF(E11>0,1,0) -> 1 | B11: Ets AMITIE ex CONGO1 kitoko daniel | C11: G1 | D11: cash | E11: 24 | F11: =E11*7 -> 168 | G11: 46036 | H11: =+IF(A11=1,(+TODAY())-G11,"Sans objet") -> 272 | I11: 2 | J11: =VLOOKUP(I11,Secteurs!$A$2:$C$4,3) -> Félix OVOURA | K11: 0.5 | M11: 0.5 | Q11: =+$F11*K11 -> 84 | R11: =+$F11*L11 -> 0 | S11: =+$F11*M11 -> 84 | T11: =+$F11*N11 -> 0 | U11: =+$F11*O11 -> 0 | V11: =+$F11*P11 -> 0 | W11: =SUM(Q11:V11) -> 168 | Y11: =+W11-F11 -> 0
A12: =+IF(E12>0,1,0) -> 1 | B12: Ets AMITIE ex BAGDAD2 Rex grand marché | C12: G1 | D12: cash | E12: 26 | F12: =E12*7 -> 182 | G12: 46037 | H12: =+IF(A12=1,(+TODAY())-G12,"Sans objet") -> 271 | I12: 2 | J12: =VLOOKUP(I12,Secteurs!$A$2:$C$4,3) -> Félix OVOURA | K12: 1 | Q12: =+$F12*K12 -> 182 | R12: =+$F12*L12 -> 0 | S12: =+$F12*M12 -> 0 | T12: =+$F12*N12 -> 0 | U12: =+$F12*O12 -> 0 | V12: =+$F12*P12 -> 0 | W12: =SUM(Q12:V12) -> 182 | Y12: =+W12-F12 -> 0
A13: =+IF(E13>0,1,0) -> 1 | B13: Ets AMITIE ex BONNE CHANCE nkouinkou dénisia | C13: G1 | D13: cash | E13: 24 | F13: =E13*7 -> 168 | G13: 46034 | H13: =+IF(A13=1,(+TODAY())-G13,"Sans objet") -> 274 | I13: 1 | J13: =VLOOKUP(I13,Secteurs!$A$2:$C$4,3) -> Alexis MABOUNDA | K13: 0.5 | O13: 0.5 | Q13: =+$F13*K13 -> 84 | R13: =+$F13*L13 -> 0 | S13: =+$F13*M13 -> 0 | T13: =+$F13*N13 -> 0 | U13: =+$F13*O13 -> 84 | V13: =+$F13*P13 -> 0 | W13: =SUM(Q13:V13) -> 168 | Y13: =+W13-F13 -> 0
A14: =+IF(E14>0,1,0) -> 1 | B14: BAH ex HACEN fond tié-tié | C14: G2 | D14: cash | E14: 36 | F14: =E14*7 -> 252 | G14: 46035 | H14: =+IF(A14=1,(+TODAY())-G14,"Sans objet") -> 273 | I14: 3 | J14: =VLOOKUP(I14,Secteurs!$A$2:$C$4,3) -> Armel SOKAMBA | K14: 0.5 | P14: 0.5 | Q14: =+$F14*K14 -> 126 | R14: =+$F14*L14 -> 0 | S14: =+$F14*M14 -> 0 | T14: =+$F14*N14 -> 0 | U14: =+$F14*O14 -> 0 | V14: =+$F14*P14 -> 126 | W14: =SUM(Q14:V14) -> 252 | Y14: =+W14-F14 -> 0
A15: =+IF(E15>0,1,0) -> 1 | B15: BAH ex SASI tié tié massola | C15: G1 | D15: cash | E15: 20 | F15: =E15*7 -> 140 | G15: 46037 | H15: =+IF(A15=1,(+TODAY())-G15,"Sans objet") -> 271 | I15: 2 | J15: =VLOOKUP(I15,Secteurs!$A$2:$C$4,3) -> Félix OVOURA | K15: 0.5 | P15: 0.5 | Q15: =+$F15*K15 -> 70 | R15: =+$F15*L15 -> 0 | S15: =+$F15*M15 -> 0 | T15: =+$F15*N15 -> 0 | U15: =+$F15*O15 -> 0 | V15: =+$F15*P15 -> 70 | W15: =SUM(Q15:V15) -> 140 | Y15: =+W15-F15 -> 0
A16: =+IF(E16>0,1,0) -> 1 | B16: BAH ex BMM paka maison blanche | C16: G1 | D16: cash | E16: 20 | F16: =E16*7 -> 140 | G16: 46036 | H16: =+IF(A16=1,(+TODAY())-G16,"Sans objet") -> 272 | I16: 3 | J16: =VLOOKUP(I16,Secteurs!$A$2:$C$4,3) -> Armel SOKAMBA | K16: 1 | Q16: =+$F16*K16 -> 140 | R16: =+$F16*L16 -> 0 | S16: =+$F16*M16 -> 0 | T16: =+$F16*N16 -> 0 | U16: =+$F16*O16 -> 0 | V16: =+$F16*P16 -> 0 | W16: =SUM(Q16:V16) -> 140 | Y16: =+W16-F16 -> 0
A17: =+IF(E17>0,1,0) -> 1 | B17: BA mvoumvou immigration | C17: G1 | D17: cash | E17: 24 | F17: =E17*7 -> 168 | G17: 46036 | H17: =+IF(A17=1,(+TODAY())-G17,"Sans objet") -> 272 | I17: 2 | J17: =VLOOKUP(I17,Secteurs!$A$2:$C$4,3) -> Félix OVOURA | K17: 0.5 | O17: 0.5 | Q17: =+$F17*K17 -> 84 | R17: =+$F17*L17 -> 0 | S17: =+$F17*M17 -> 0 | T17: =+$F17*N17 -> 0 | U17: =+$F17*O17 -> 84 | V17: =+$F17*P17 -> 0 | W17: =SUM(Q17:V17) -> 168 | Y17: =+W17-F17 -> 0
A18: =+IF(E18>0,1,0) -> 1 | B18: BA thyster mongo mpoukou | C18: G1 | D18: cash | E18: 20 | F18: =E18*7 -> 140 | G18: 46028 | H18: =+IF(A18=1,(+TODAY())-G18,"Sans objet") -> 280 | I18: 1 | J18: =VLOOKUP(I18,Secteurs!$A$2:$C$4,3) -> Alexis MABOUNDA | K18: 0.5 | M18: 0.5 | Q18: =+$F18*K18 -> 70 | R18: =+$F18*L18 -> 0 | S18: =+$F18*M18 -> 70 | T18: =+$F18*N18 -> 0 | U18: =+$F18*O18 -> 0 | V18: =+$F18*P18 -> 0 | W18: =SUM(Q18:V18) -> 140 | Y18: =+W18-F18 -> 0
A19: =+IF(E19>0,1,0) -> 1 | B19: BA mpaka dalette | C19: G1 | D19: cash | E19: 26 | F19: =E19*7 -> 182 | G19: 46035 | H19: =+IF(A19=1,(+TODAY())-G19,"Sans objet") -> 273 | I19: 3 | J19: =VLOOKUP(I19,Secteurs!$A$2:$C$4,3) -> Armel SOKAMBA | K19: 0.5 | O19: 0.5 | Q19: =+$F19*K19 -> 91 | R19: =+$F19*L19 -> 0 | S19: =+$F19*M19 -> 0 | T19: =+$F19*N19 -> 0 | U19: =+$F19*O19 -> 91 | V19: =+$F19*P19 -> 0 | W19: =SUM(Q19:V19) -> 182 | Y19: =+W19-F19 -> 0
A20: =+IF(E20>0,1,0) -> 1 | B20: BA fond tié-tié gar | C20: G1 | D20: cash | E20: 46 | F20: =E20*7 -> 322 | G20: 46028 | H20: =+IF(A20=1,(+TODAY())-G20,"Sans objet") -> 280 | I20: 3 | J20: =VLOOKUP(I20,Secteurs!$A$2:$C$4,3) -> Armel SOKAMBA | K20: 0.5 | M20: 0.5 | Q20: =+$F20*K20 -> 161 | R20: =+$F20*L20 -> 0 | S20: =+$F20*M20 -> 161 | T20: =+$F20*N20 -> 0 | U20: =+$F20*O20 -> 0 | V20: =+$F20*P20 -> 0 | W20: =SUM(Q20:V20) -> 322 | Y20: =+W20-F20 -> 0
A21: =+IF(E21>0,1,0) -> 1 | B21: BA mpaka marché | C21: G1 | D21: cash | E21: 20 | F21: =E21*7 -> 140 | G21: 46027 | H21: =+IF(A21=1,(+TODAY())-G21,"Sans objet") -> 281 | I21: 3 | J21: =VLOOKUP(I21,Secteurs!$A$2:$C$4,3) -> Armel SOKAMBA | K21: 0.5 | M21: 0.5 | Q21: =+$F21*K21 -> 70 | R21: =+$F21*L21 -> 0 | S21: =+$F21*M21 -> 70 | T21: =+$F21*N21 -> 0 | U21: =+$F21*O21 -> 0 | V21: =+$F21*P21 -> 0 | W21: =SUM(Q21:V21) -> 140 | Y21: =+W21-F21 -> 0
A22: =+IF(E22>0,1,0) -> 1 | B22: BA ngoyo | C22: G1 | D22: cash | E22: 26 | F22: =E22*7 -> 182 | G22: 46029 | H22: =+IF(A22=1,(+TODAY())-G22,"Sans objet") -> 279 | I22: 3 | J22: =VLOOKUP(I22,Secteurs!$A$2:$C$4,3) -> Armel SOKAMBA | K22: 0.75 | P22: 0.25 | Q22: =+$F22*K22 -> 136.5 | R22: =+$F22*L22 -> 0 | S22: =+$F22*M22 -> 0 | T22: =+$F22*N22 -> 0 | U22: =+$F22*O22 -> 0 | V22: =+$F22*P22 -> 45.5 | W22: =SUM(Q22:V22) -> 182 | Y22: =+W22-F22 -> 0
A23: =+IF(E23>0,1,0) -> 1 | B23: BA fond tié-tié en allant vers voungou | C23: G1 | D23: cash | E23: 20 | F23: =E23*7 -> 140 | G23: 46031 | H23: =+IF(A23=1,(+TODAY())-G23,"Sans objet") -> 277 | I23: 3 | J23: =VLOOKUP(I23,Secteurs!$A$2:$C$4,3) -> Armel SOKAMBA | K23: 0.75 | P23: 0.25 | Q23: =+$F23*K23 -> 105 | R23: =+$F23*L23 -> 0 | S23: =+$F23*M23 -> 0 | T23: =+$F23*N23 -> 0 | U23: =+$F23*O23 -> 0 | V23: =+$F23*P23 -> 35 | W23: =SUM(Q23:V23) -> 140 | Y23: =+W23-F23 -> 0
A24: =+IF(E24>0,1,0) -> 1 | B24: NEINA REPUBLIQUE marché bissongo | C24: G1 | D24: cash | E24: 18 | F24: =E24*7 -> 126 | G24: 46035 | H24: =+IF(A24=1,(+TODAY())-G24,"Sans objet") -> 273 | I24: 3 | J24: =VLOOKUP(I24,Secteurs!$A$2:$C$4,3) -> Armel SOKAMBA | K24: 0.5 | P24: 0.5 | Q24: =+$F24*K24 -> 63 | R24: =+$F24*L24 -> 0 | S24: =+$F24*M24 -> 0 | T24: =+$F24*N24 -> 0 | U24: =+$F24*O24 -> 0 | V24: =+$F24*P24 -> 63 | W24: =SUM(Q24:V24) -> 126 | Y24: =+W24-F24 -> 0
A25: =+IF(E25>0,1,0) -> 1 | B25: NEINA REPUBLIQUE ngoyo central | C25: G1 | D25: cash | E25: 24 | F25: =E25*7 -> 168 | G25: 46038 | H25: =+IF(A25=1,(+TODAY())-G25,"Sans objet") -> 270 | I25: 3 | J25: =VLOOKUP(I25,Secteurs!$A$2:$C$4,3) -> Armel SOKAMBA | K25: 0.5 | P25: 0.5 | Q25: =+$F25*K25 -> 84 | R25: =+$F25*L25 -> 0 | S25: =+$F25*M25 -> 0 | T25: =+$F25*N25 -> 0 | U25: =+$F25*O25 -> 0 | V25: =+$F25*P25 -> 84 | W25: =SUM(Q25:V25) -> 168 | Y25: =+W25-F25 -> 0
A26: =+IF(E26>0,1,0) -> 1 | B26: NEINA REPUBLIQUE grand marché | C26: G1 | D26: cash | E26: 24 | F26: =E26*7 -> 168 | G26: 46036 | H26: =+IF(A26=1,(+TODAY())-G26,"Sans objet") -> 272 | I26: 2 | J26: =VLOOKUP(I26,Secteurs!$A$2:$C$4,3) -> Félix OVOURA | K26: 0.5 | M26: 0.5 | Q26: =+$F26*K26 -> 84 | R26: =+$F26*L26 -> 0 | S26: =+$F26*M26 -> 84 | T26: =+$F26*N26 -> 0 | U26: =+$F26*O26 -> 0 | V26: =+$F26*P26 -> 0 | W26: =SUM(Q26:V26) -> 168 | Y26: =+W26-F26 -> 0
A27: =+IF(E27>0,1,0) -> 1 | B27: NEINA REPUBLIQUE tchimbambouka | C27: G1 | D27: cash | E27: 20 | F27: =E27*7 -> 140 | G27: 46035 | H27: =+IF(A27=1,(+TODAY())-G27,"Sans objet") -> 273 | I27: 3 | J27: =VLOOKUP(I27,Secteurs!$A$2:$C$4,3) -> Armel SOKAMBA | K27: 0.5 | N27: 0.5 | Q27: =+$F27*K27 -> 70 | R27: =+$F27*L27 -> 0 | S27: =+$F27*M27 -> 0 | T27: =+$F27*N27 -> 70 | U27: =+$F27*O27 -> 0 | V27: =+$F27*P27 -> 0 | W27: =SUM(Q27:V27) -> 140 | Y27: =+W27-F27 -> 0
A28: =+IF(E28>0,1,0) -> 1 | B28: MED MMB deux poteaux | C28: G1 | D28: cash | E28: 20 | F28: =E28*7 -> 140 | G28: 46030 | H28: =+IF(A28=1,(+TODAY())-G28,"Sans objet") -> 278 | I28: 3 | J28: =VLOOKUP(I28,Secteurs!$A$2:$C$4,3) -> Armel SOKAMBA | K28: 1 | Q28: =+$F28*K28 -> 140 | R28: =+$F28*L28 -> 0 | S28: =+$F28*M28 -> 0 | T28: =+$F28*N28 -> 0 | U28: =+$F28*O28 -> 0 | V28: =+$F28*P28 -> 0 | W28: =SUM(Q28:V28) -> 140 | Y28: =+W28-F28 -> 0
A29: =+IF(E29>0,1,0) -> 1 | B29: MED marché tchimbamba | C29: G1 | D29: cash | E29: 26 | F29: =E29*7 -> 182 | G29: 46029 | H29: =+IF(A29=1,(+TODAY())-G29,"Sans objet") -> 279 | I29: 3 | J29: =VLOOKUP(I29,Secteurs!$A$2:$C$4,3) -> Armel SOKAMBA | K29: 1 | Q29: =+$F29*K29 -> 182 | R29: =+$F29*L29 -> 0 | S29: =+$F29*M29 -> 0 | T29: =+$F29*N29 -> 0 | U29: =+$F29*O29 -> 0 | V29: =+$F29*P29 -> 0 | W29: =SUM(Q29:V29) -> 182 | Y29: =+W29-F29 -> 0
A30: =+IF(E30>0,1,0) -> 1 | B30: MED ngoyo péage | C30: G1 | D30: cash | E30: 30 | F30: =E30*7 -> 210 | G30: 46030 | H30: =+IF(A30=1,(+TODAY())-G30,"Sans objet") -> 278 | I30: 3 | J30: =VLOOKUP(I30,Secteurs!$A$2:$C$4,3) -> Armel SOKAMBA | N30: 0.5 | O30: 0.5 | Q30: =+$F30*K30 -> 0 | R30: =+$F30*L30 -> 0 | S30: =+$F30*M30 -> 0 | T30: =+$F30*N30 -> 105 | U30: =+$F30*O30 -> 105 | V30: =+$F30*P30 -> 0 | W30: =SUM(Q30:V30) -> 210 | Y30: =+W30-F30 -> 0
A31: =+IF(E31>0,1,0) -> 1 | B31: MED ex la grace vindoulou | C31: G1 | D31: cash | E31: 30 | F31: =E31*7 -> 210 | G31: 46028 | H31: =+IF(A31=1,(+TODAY())-G31,"Sans objet") -> 280 | I31: 1 | J31: =VLOOKUP(I31,Secteurs!$A$2:$C$4,3) -> Alexis MABOUNDA | K31: 0.75 | M31: 0.25 | Q31: =+$F31*K31 -> 157.5 | R31: =+$F31*L31 -> 0 | S31: =+$F31*M31 -> 52.5 | T31: =+$F31*N31 -> 0 | U31: =+$F31*O31 -> 0 | V31: =+$F31*P31 -> 0 | W31: =SUM(Q31:V31) -> 210 | Y31: =+W31-F31 -> 0
A32: =+IF(E32>0,1,0) -> 1 | B32: MMB Licee vindoulou | C32: G1 | D32: cash | E32: 20 | F32: =E32*7 -> 140 | G32: 46028 | H32: =+IF(A32=1,(+TODAY())-G32,"Sans objet") -> 280 | I32: 1 | J32: =VLOOKUP(I32,Secteurs!$A$2:$C$4,3) -> Alexis MABOUNDA | K32: 0.5 | M32: 0.25 | O32: 0.25 | Q32: =+$F32*K32 -> 70 | R32: =+$F32*L32 -> 0 | S32: =+$F32*M32 -> 35 | T32: =+$F32*N32 -> 0 | U32: =+$F32*O32 -> 35 | V32: =+$F32*P32 -> 0 | W32: =SUM(Q32:V32) -> 140 | Y32: =+W32-F32 -> 0
A33: =+IF(E33>0,1,0) -> 1 | B33: MED marché tsourou thyster | C33: G1 | D33: cash | E33: 24 | F33: =E33*7 -> 168 | G33: 46028 | H33: =+IF(A33=1,(+TODAY())-G33,"Sans objet") -> 280 | I33: 1 | J33: =VLOOKUP(I33,Secteurs!$A$2:$C$4,3) -> Alexis MABOUNDA | K33: 0.5 | M33: 0.25 | O33: 0.25 | Q33: =+$F33*K33 -> 84 | R33: =+$F33*L33 -> 0 | S33: =+$F33*M33 -> 42 | T33: =+$F33*N33 -> 0 | U33: =+$F33*O33 -> 42 | V33: =+$F33*P33 -> 0 | W33: =SUM(Q33:V33) -> 168 | Y33: =+W33-F33 -> 0
A34: =+IF(E34>0,1,0) -> 1 | B34: MED MMB contre rail | C34: G1 | D34: cash | E34: 16 | F34: =E34*7 -> 112 | G34: 46036 | H34: =+IF(A34=1,(+TODAY())-G34,"Sans objet") -> 272 | I34: 3 | J34: =VLOOKUP(I34,Secteurs!$A$2:$C$4,3) -> Armel SOKAMBA | L34: 0.5 | N34: 0.5 | Q34: =+$F34*K34 -> 0 | R34: =+$F34*L34 -> 56 | S34: =+$F34*M34 -> 0 | T34: =+$F34*N34 -> 56 | U34: =+$F34*O34 -> 0 | V34: =+$F34*P34 -> 0 | W34: =SUM(Q34:V34) -> 112 | Y34: =+W34-F34 -> 0
A35: =+IF(E35>0,1,0) -> 1 | B35: TOD mvoumvou sympatique | C35: G1 | D35: cash | E35: 30 | F35: =E35*7 -> 210 | G35: 46030 | H35: =+IF(A35=1,(+TODAY())-G35,"Sans objet") -> 278 | I35: 2 | J35: =VLOOKUP(I35,Secteurs!$A$2:$C$4,3) -> Félix OVOURA | K35: 0.5 | P35: 0.5 | Q35: =+$F35*K35 -> 105 | R35: =+$F35*L35 -> 0 | S35: =+$F35*M35 -> 0 | T35: =+$F35*N35 -> 0 | U35: =+$F35*O35 -> 0 | V35: =+$F35*P35 -> 105 | W35: =SUM(Q35:V35) -> 210 | Y35: =+W35-F35 -> 0
A36: =+IF(E36>0,1,0) -> 1 | B36: TOD roy | C36: G1 | D36: cash | E36: 26 | F36: =E36*7 -> 182 | G36: 46030 | H36: =+IF(A36=1,(+TODAY())-G36,"Sans objet") -> 278 | I36: 2 | J36: =VLOOKUP(I36,Secteurs!$A$2:$C$4,3) -> Félix OVOURA | K36: 1 | Q36: =+$F36*K36 -> 182 | R36: =+$F36*L36 -> 0 | S36: =+$F36*M36 -> 0 | T36: =+$F36*N36 -> 0 | U36: =+$F36*O36 -> 0 | V36: =+$F36*P36 -> 0 | W36: =SUM(Q36:V36) -> 182 | Y36: =+W36-F36 -> 0
A37: =+IF(E37>0,1,0) -> 1 | B37: TOD och | C37: G1 | D37: cash | E37: 20 | F37: =E37*7 -> 140 | G37: 46036 | H37: =+IF(A37=1,(+TODAY())-G37,"Sans objet") -> 272 | I37: 2 | J37: =VLOOKUP(I37,Secteurs!$A$2:$C$4,3) -> Félix OVOURA | K37: 0.5 | P37: 0.5 | Q37: =+$F37*K37 -> 70 | R37: =+$F37*L37 -> 0 | S37: =+$F37*M37 -> 0 | T37: =+$F37*N37 -> 0 | U37: =+$F37*O37 -> 0 | V37: =+$F37*P37 -> 70 | W37: =SUM(Q37:V37) -> 140 | Y37: =+W37-F37 -> 0
A38: =+IF(E38>0,1,0) -> 1 | B38: WAMAS ex moulin rouge | C38: Direct | D38: cash | E38: 18 | F38: =E38*7 -> 126 | G38: 46035 | H38: =+IF(A38=1,(+TODAY())-G38,"Sans objet") -> 273 | I38: 3 | J38: =VLOOKUP(I38,Secteurs!$A$2:$C$4,3) -> Armel SOKAMBA | K38: 1 | Q38: =+$F38*K38 -> 126 | R38: =+$F38*L38 -> 0 | S38: =+$F38*M38 -> 0 | T38: =+$F38*N38 -> 0 | U38: =+$F38*O38 -> 0 | V38: =+$F38*P38 -> 0 | W38: =SUM(Q38:V38) -> 126 | Y38: =+W38-F38 -> 0
A39: =+IF(E39>0,1,0) -> 1 | B39: CHRISTINA kitoko daniel | C39: Direct | D39: cash | E39: 24 | F39: =E39*7 -> 168 | G39: 46036 | H39: =+IF(A39=1,(+TODAY())-G39,"Sans objet") -> 272 | I39: 2 | J39: =VLOOKUP(I39,Secteurs!$A$2:$C$4,3) -> Félix OVOURA | K39: 0.5 | O39: 0.5 | Q39: =+$F39*K39 -> 84 | R39: =+$F39*L39 -> 0 | S39: =+$F39*M39 -> 0 | T39: =+$F39*N39 -> 0 | U39: =+$F39*O39 -> 84 | V39: =+$F39*P39 -> 0 | W39: =SUM(Q39:V39) -> 168 | Y39: =+W39-F39 -> 0
A40: =+IF(E40>0,1,0) -> 1 | B40: LOUKABOU grand marhé lumumba | C40: Direct | D40: cash | E40: 16 | F40: =E40*7 -> 112 | G40: 46035 | H40: =+IF(A40=1,(+TODAY())-G40,"Sans objet") -> 273 | I40: 2 | J40: =VLOOKUP(I40,Secteurs!$A$2:$C$4,3) -> Félix OVOURA | K40: 0.5 | M40: 0.5 | Q40: =+$F40*K40 -> 56 | R40: =+$F40*L40 -> 0 | S40: =+$F40*M40 -> 56 | T40: =+$F40*N40 -> 0 | U40: =+$F40*O40 -> 0 | V40: =+$F40*P40 -> 0 | W40: =SUM(Q40:V40) -> 112 | Y40: =+W40-F40 -> 0
A41: =+IF(E41>0,1,0) -> 1 | B41: LA CITRONNELLE | C41: Direct | D41: cash | E41: 5 | F41: =E41*7 -> 35 | G41: 46031 | H41: =+IF(A41=1,(+TODAY())-G41,"Sans objet") -> 277 | I41: 2 | J41: =VLOOKUP(I41,Secteurs!$A$2:$C$4,3) -> Félix OVOURA | K41: 1 | Q41: =+$F41*K41 -> 35 | R41: =+$F41*L41 -> 0 | S41: =+$F41*M41 -> 0 | T41: =+$F41*N41 -> 0 | U41: =+$F41*O41 -> 0 | V41: =+$F41*P41 -> 0 | W41: =SUM(Q41:V41) -> 35 | Y41: =+W41-F41 -> 0
A42: =+IF(E42>0,1,0) -> 1 | B42: CONTINENT | C42: Direct | D42: cash | E42: 10 | F42: =E42*7 -> 70 | G42: 46027 | H42: =+IF(A42=1,(+TODAY())-G42,"Sans objet") -> 281 | I42: 2 | J42: =VLOOKUP(I42,Secteurs!$A$2:$C$4,3) -> Félix OVOURA | O42: 1 | Q42: =+$F42*K42 -> 0 | R42: =+$F42*L42 -> 0 | S42: =+$F42*M42 -> 0 | T42: =+$F42*N42 -> 0 | U42: =+$F42*O42 -> 70 | V42: =+$F42*P42 -> 0 | W42: =SUM(Q42:V42) -> 70 | Y42: =+W42-F42 -> 0
A43: =+IF(E43>0,1,0) -> 1 | B43: ESPACE DE LA PROMESSE | C43: Direct | D43: crédit | E43: 14 | F43: =E43*7 -> 98 | G43: 46028 | H43: =+IF(A43=1,(+TODAY())-G43,"Sans objet") -> 280 | I43: 1 | J43: =VLOOKUP(I43,Secteurs!$A$2:$C$4,3) -> Alexis MABOUNDA | P43: 1 | Q43: =+$F43*K43 -> 0 | R43: =+$F43*L43 -> 0 | S43: =+$F43*M43 -> 0 | T43: =+$F43*N43 -> 0 | U43: =+$F43*O43 -> 0 | V43: =+$F43*P43 -> 98 | W43: =SUM(Q43:V43) -> 98 | Y43: =+W43-F43 -> 0
A44: =+IF(E44>0,1,0) -> 1 | B44: ZAM-ZAM1 mpaka 5chemin | C44: G2 | D44: crédit | E44: 30 | F44: =E44*7 -> 210 | G44: 46036 | H44: =+IF(A44=1,(+TODAY())-G44,"Sans objet") -> 272 | I44: 3 | J44: =VLOOKUP(I44,Secteurs!$A$2:$C$4,3) -> Armel SOKAMBA | L44: 0.5 | N44: 0.5 | Q44: =+$F44*K44 -> 0 | R44: =+$F44*L44 -> 105 | S44: =+$F44*M44 -> 0 | T44: =+$F44*N44 -> 105 | U44: =+$F44*O44 -> 0 | V44: =+$F44*P44 -> 0 | W44: =SUM(Q44:V44) -> 210 | Y44: =+W44-F44 -> 0
A45: =+IF(E45>0,1,0) -> 1 | B45: ZAM-ZAM2 tchimani | C45: G2 | D45: crédit | E45: 26 | F45: =E45*7 -> 182 | G45: 46035 | H45: =+IF(A45=1,(+TODAY())-G45,"Sans objet") -> 273 | I45: 3 | J45: =VLOOKUP(I45,Secteurs!$A$2:$C$4,3) -> Armel SOKAMBA | L45: 1 | Q45: =+$F45*K45 -> 0 | R45: =+$F45*L45 -> 182 | S45: =+$F45*M45 -> 0 | T45: =+$F45*N45 -> 0 | U45: =+$F45*O45 -> 0 | V45: =+$F45*P45 -> 0 | W45: =SUM(Q45:V45) -> 182 | Y45: =+W45-F45 -> 0
A46: =+IF(E46>0,1,0) -> 1 | B46: YAYA BILAL1 tchimbambouka | C46: G2 | D46: crédit | E46: 30 | F46: =E46*7 -> 210 | G46: 46035 | H46: =+IF(A46=1,(+TODAY())-G46,"Sans objet") -> 273 | I46: 3 | J46: =VLOOKUP(I46,Secteurs!$A$2:$C$4,3) -> Armel SOKAMBA | N46: 0.5 | P46: 0.5 | Q46: =+$F46*K46 -> 0 | R46: =+$F46*L46 -> 0 | S46: =+$F46*M46 -> 0 | T46: =+$F46*N46 -> 105 | U46: =+$F46*O46 -> 0 | V46: =+$F46*P46 -> 105 | W46: =SUM(Q46:V46) -> 210 | Y46: =+W46-F46 -> 0
A47: =+IF(E47>0,1,0) -> 1 | B47: ZAM-ZAM ext 5chemin | C47: G2 | D47: crédit | E47: 26 | F47: =E47*7 -> 182 | G47: 46036 | H47: =+IF(A47=1,(+TODAY())-G47,"Sans objet") -> 272 | I47: 3 | J47: =VLOOKUP(I47,Secteurs!$A$2:$C$4,3) -> Armel SOKAMBA | N47: 0.5 | O47: 0.5 | Q47: =+$F47*K47 -> 0 | R47: =+$F47*L47 -> 0 | S47: =+$F47*M47 -> 0 | T47: =+$F47*N47 -> 91 | U47: =+$F47*O47 -> 91 | V47: =+$F47*P47 -> 0 | W47: =SUM(Q47:V47) -> 182 | Y47: =+W47-F47 -> 0
A48: =+IF(E48>0,1,0) -> 1 | B48: AFRICAINE1 nkouikou nzango | C48: G2 | D48: cash | E48: 14 | F48: =E48*7 -> 98 | G48: 46034 | H48: =+IF(A48=1,(+TODAY())-G48,"Sans objet") -> 274 | I48: 1 | J48: =VLOOKUP(I48,Secteurs!$A$2:$C$4,3) -> Alexis MABOUNDA | K48: 0.5 | N48: 0.5 | Q48: =+$F48*K48 -> 49 | R48: =+$F48*L48 -> 0 | S48: =+$F48*M48 -> 0 | T48: =+$F48*N48 -> 49 | U48: =+$F48*O48 -> 0 | V48: =+$F48*P48 -> 0 | W48: =SUM(Q48:V48) -> 98 | Y48: =+W48-F48 -> 0
A49: =+IF(E49>0,1,0) -> 1 | B49: AFRICAINE2 nkouinkou vonvon | C49: G2 | D49: cash | E49: 12 | F49: =E49*7 -> 84 | G49: 46034 | H49: =+IF(A49=1,(+TODAY())-G49,"Sans objet") -> 274 | I49: 1 | J49: =VLOOKUP(I49,Secteurs!$A$2:$C$4,3) -> Alexis MABOUNDA | K49: 0.5 | N49: 0.5 | Q49: =+$F49*K49 -> 42 | R49: =+$F49*L49 -> 0 | S49: =+$F49*M49 -> 0 | T49: =+$F49*N49 -> 42 | U49: =+$F49*O49 -> 0 | V49: =+$F49*P49 -> 0 | W49: =SUM(Q49:V49) -> 84 | Y49: =+W49-F49 -> 0
A50: =+IF(E50>0,1,0) -> 1 | B50: AFRICAINE3 tchialli | C50: G2 | D50: cash | E50: 16 | F50: =E50*7 -> 112 | G50: 46037 | H50: =+IF(A50=1,(+TODAY())-G50,"Sans objet") -> 271 | I50: 1 | J50: =VLOOKUP(I50,Secteurs!$A$2:$C$4,3) -> Alexis MABOUNDA | K50: 0.5 | N50: 0.5 | Q50: =+$F50*K50 -> 56 | R50: =+$F50*L50 -> 0 | S50: =+$F50*M50 -> 0 | T50: =+$F50*N50 -> 56 | U50: =+$F50*O50 -> 0 | V50: =+$F50*P50 -> 0 | W50: =SUM(Q50:V50) -> 112 | Y50: =+W50-F50 -> 0
A51: =+IF(E51>0,1,0) -> 1 | B51: AFRICAINE4 la fontaine | C51: G2 | D51: cash | E51: 14 | F51: =E51*7 -> 98 | G51: 46035 | H51: =+IF(A51=1,(+TODAY())-G51,"Sans objet") -> 273 | I51: 3 | J51: =VLOOKUP(I51,Secteurs!$A$2:$C$4,3) -> Armel SOKAMBA | K51: 0.5 | P51: 0.5 | Q51: =+$F51*K51 -> 49 | R51: =+$F51*L51 -> 0 | S51: =+$F51*M51 -> 0 | T51: =+$F51*N51 -> 0 | U51: =+$F51*O51 -> 0 | V51: =+$F51*P51 -> 49 | W51: =SUM(Q51:V51) -> 98 | Y51: =+W51-F51 -> 0
A52: =+IF(E52>0,1,0) -> 1 | B52: AFRICAINE5 ngoyo avenue taty loutard | C52: G2 | D52: cash | E52: 24 | F52: =E52*7 -> 168 | G52: 46038 | H52: =+IF(A52=1,(+TODAY())-G52,"Sans objet") -> 270 | I52: 3 | J52: =VLOOKUP(I52,Secteurs!$A$2:$C$4,3) -> Armel SOKAMBA | K52: 0.5 | P52: 0.5 | Q52: =+$F52*K52 -> 84 | R52: =+$F52*L52 -> 0 | S52: =+$F52*M52 -> 0 | T52: =+$F52*N52 -> 0 | U52: =+$F52*O52 -> 0 | V52: =+$F52*P52 -> 84 | W52: =SUM(Q52:V52) -> 168 | Y52: =+W52-F52 -> 0
A53: =+IF(E53>0,1,0) -> 1 | B53: AFRICAINE6 ngoyo central | C53: G2 | D53: cash | E53: 24 | F53: =E53*7 -> 168 | G53: 46030 | H53: =+IF(A53=1,(+TODAY())-G53,"Sans objet") -> 278 | I53: 3 | J53: =VLOOKUP(I53,Secteurs!$A$2:$C$4,3) -> Armel SOKAMBA | K53: 0.5 | P53: 0.5 | Q53: =+$F53*K53 -> 84 | R53: =+$F53*L53 -> 0 | S53: =+$F53*M53 -> 0 | T53: =+$F53*N53 -> 0 | U53: =+$F53*O53 -> 0 | V53: =+$F53*P53 -> 84 | W53: =SUM(Q53:V53) -> 168 | Y53: =+W53-F53 -> 0
A54: =+IF(E54>0,1,0) -> 1 | B54: AFRICAINE7 nzassi | C54: G2 | D54: cash | E54: 18 | F54: =E54*7 -> 126 | G54: 46029 | H54: =+IF(A54=1,(+TODAY())-G54,"Sans objet") -> 279 | I54: 3 | J54: =VLOOKUP(I54,Secteurs!$A$2:$C$4,3) -> Armel SOKAMBA | K54: 1 | Q54: =+$F54*K54 -> 126 | R54: =+$F54*L54 -> 0 | S54: =+$F54*M54 -> 0 | T54: =+$F54*N54 -> 0 | U54: =+$F54*O54 -> 0 | V54: =+$F54*P54 -> 0 | W54: =SUM(Q54:V54) -> 126 | Y54: =+W54-F54 -> 0
A55: =+IF(E55>0,1,0) -> 1 | B55: ML AFRICAINE marché faubourd | C55: G2 | D55: cash | E55: 16 | F55: =E55*7 -> 112 | G55: 46035 | H55: =+IF(A55=1,(+TODAY())-G55,"Sans objet") -> 273 | I55: 1 | J55: =VLOOKUP(I55,Secteurs!$A$2:$C$4,3) -> Alexis MABOUNDA | K55: 0.5 | P55: 0.5 | Q55: =+$F55*K55 -> 56 | R55: =+$F55*L55 -> 0 | S55: =+$F55*M55 -> 0 | T55: =+$F55*N55 -> 0 | U55: =+$F55*O55 -> 0 | V55: =+$F55*P55 -> 56 | W55: =SUM(Q55:V55) -> 112 | Y55: =+W55-F55 -> 0
A56: =+IF(E56>0,1,0) -> 1 | B56: SUPER MIE ex MLD raffinerie | C56: G2 | D56: crédit | E56: 30 | F56: =E56*7 -> 210 | G56: 46035 | H56: =+IF(A56=1,(+TODAY())-G56,"Sans objet") -> 273 | I56: 1 | J56: =VLOOKUP(I56,Secteurs!$A$2:$C$4,3) -> Alexis MABOUNDA | K56: 0.5 | M56: 0.25 | N56: 0.25 | Q56: =+$F56*K56 -> 105 | R56: =+$F56*L56 -> 0 | S56: =+$F56*M56 -> 52.5 | T56: =+$F56*N56 -> 52.5 | U56: =+$F56*O56 -> 0 | V56: =+$F56*P56 -> 0 | W56: =SUM(Q56:V56) -> 210 | Y56: =+W56-F56 -> 0
A57: =+IF(E57>0,1,0) -> 1 | B57: ELKOUZ marché faubourg | C57: G2 | D57: crédit | E57: 54 | F57: =E57*7 -> 378 | G57: 46035 | H57: =+IF(A57=1,(+TODAY())-G57,"Sans objet") -> 273 | I57: 1 | J57: =VLOOKUP(I57,Secteurs!$A$2:$C$4,3) -> Alexis MABOUNDA | N57: 0.5 | P57: 0.5 | Q57: =+$F57*K57 -> 0 | R57: =+$F57*L57 -> 0 | S57: =+$F57*M57 -> 0 | T57: =+$F57*N57 -> 189 | U57: =+$F57*O57 -> 0 | V57: =+$F57*P57 -> 189 | W57: =SUM(Q57:V57) -> 378 | Y57: =+W57-F57 -> 0
A58: =+IF(E58>0,1,0) -> 1 | B58: AYA fond -tié-tié | C58: G2 | D58: cash | E58: 28 | F58: =E58*7 -> 196 | G58: 46036 | H58: =+IF(A58=1,(+TODAY())-G58,"Sans objet") -> 272 | I58: 3 | J58: =VLOOKUP(I58,Secteurs!$A$2:$C$4,3) -> Armel SOKAMBA | L58: 0.5 | P58: 0.5 | Q58: =+$F58*K58 -> 0 | R58: =+$F58*L58 -> 98 | S58: =+$F58*M58 -> 0 | T58: =+$F58*N58 -> 0 | U58: =+$F58*O58 -> 0 | V58: =+$F58*P58 -> 98 | W58: =SUM(Q58:V58) -> 196 | Y58: =+W58-F58 -> 0
A59: =+IF(E59>0,1,0) -> 1 | B59: LALA thyster | C59: G2 | D59: crédit | E59: 20 | F59: =E59*7 -> 140 | G59: 46028 | H59: =+IF(A59=1,(+TODAY())-G59,"Sans objet") -> 280 | I59: 1 | J59: =VLOOKUP(I59,Secteurs!$A$2:$C$4,3) -> Alexis MABOUNDA | K59: 0.5 | M59: 0.5 | Q59: =+$F59*K59 -> 70 | R59: =+$F59*L59 -> 0 | S59: =+$F59*M59 -> 70 | T59: =+$F59*N59 -> 0 | U59: =+$F59*O59 -> 0 | V59: =+$F59*P59 -> 0 | W59: =SUM(Q59:V59) -> 140 | Y59: =+W59-F59 -> 0
A60: =+IF(E60>0,1,0) -> 1 | B60: LALA thyster extension | C60: G2 | D60: crédit | E60: 24 | F60: =E60*7 -> 168 | G60: 46028 | H60: =+IF(A60=1,(+TODAY())-G60,"Sans objet") -> 280 | I60: 1 | J60: =VLOOKUP(I60,Secteurs!$A$2:$C$4,3) -> Alexis MABOUNDA | M60: 0.5 | O60: 0.5 | Q60: =+$F60*K60 -> 0 | R60: =+$F60*L60 -> 0 | S60: =+$F60*M60 -> 84 | T60: =+$F60*N60 -> 0 | U60: =+$F60*O60 -> 84 | V60: =+$F60*P60 -> 0 | W60: =SUM(Q60:V60) -> 168 | Y60: =+W60-F60 -> 0
A61: =+IF(E61>0,1,0) -> 1 | B61: EL WAVA vindoulou | C61: G2 | D61: crédit | E61: 24 | F61: =E61*7 -> 168 | G61: 46028 | H61: =+IF(A61=1,(+TODAY())-G61,"Sans objet") -> 280 | I61: 1 | J61: =VLOOKUP(I61,Secteurs!$A$2:$C$4,3) -> Alexis MABOUNDA | K61: 0.5 | M61: 0.5 | Q61: =+$F61*K61 -> 84 | R61: =+$F61*L61 -> 0 | S61: =+$F61*M61 -> 84 | T61: =+$F61*N61 -> 0 | U61: =+$F61*O61 -> 0 | V61: =+$F61*P61 -> 0 | W61: =SUM(Q61:V61) -> 168 | Y61: =+W61-F61 -> 0
A62: =+IF(E62>0,1,0) -> 1 | B62: MOUNGA PAIN avenue thyster movis | C62: G2 | D62: crédit | E62: 20 | F62: =E62*7 -> 140 | G62: 46028 | H62: =+IF(A62=1,(+TODAY())-G62,"Sans objet") -> 280 | I62: 1 | J62: =VLOOKUP(I62,Secteurs!$A$2:$C$4,3) -> Alexis MABOUNDA | K62: 0.5 | P62: 0.5 | Q62: =+$F62*K62 -> 70 | R62: =+$F62*L62 -> 0 | S62: =+$F62*M62 -> 0 | T62: =+$F62*N62 -> 0 | U62: =+$F62*O62 -> 0 | V62: =+$F62*P62 -> 70 | W62: =SUM(Q62:V62) -> 140 | Y62: =+W62-F62 -> 0
A63: =+IF(E63>0,1,0) -> 1 | B63: MOUNGA PAIN trabec mont kamba | C63: G2 | D63: crédit | E63: 36 | F63: =E63*7 -> 252 | G63: 46028 | H63: =+IF(A63=1,(+TODAY())-G63,"Sans objet") -> 280 | I63: 1 | J63: =VLOOKUP(I63,Secteurs!$A$2:$C$4,3) -> Alexis MABOUNDA | K63: 0.5 | M63: 0.25 | O63: 0.25 | Q63: =+$F63*K63 -> 126 | R63: =+$F63*L63 -> 0 | S63: =+$F63*M63 -> 63 | T63: =+$F63*N63 -> 0 | U63: =+$F63*O63 -> 63 | V63: =+$F63*P63 -> 0 | W63: =SUM(Q63:V63) -> 252 | Y63: =+W63-F63 -> 0
A64: =+IF(E64>0,1,0) -> 1 | B64: MOUNGA PAIN tsourou | C64: G2 | D64: crédit | E64: 26 | F64: =E64*7 -> 182 | G64: 46028 | H64: =+IF(A64=1,(+TODAY())-G64,"Sans objet") -> 280 | I64: 1 | J64: =VLOOKUP(I64,Secteurs!$A$2:$C$4,3) -> Alexis MABOUNDA | K64: 0.5 | P64: 0.5 | Q64: =+$F64*K64 -> 91 | R64: =+$F64*L64 -> 0 | S64: =+$F64*M64 -> 0 | T64: =+$F64*N64 -> 0 | U64: =+$F64*O64 -> 0 | V64: =+$F64*P64 -> 91 | W64: =SUM(Q64:V64) -> 182 | Y64: =+W64-F64 -> 0
A65: =+IF(E65>0,1,0) -> 1 | B65: PARIS PAIN 1 | C65: G2 | D65: crédit | E65: 20 | F65: =E65*7 -> 140 | G65: 46036 | H65: =+IF(A65=1,(+TODAY())-G65,"Sans objet") -> 272 | I65: 2 | J65: =VLOOKUP(I65,Secteurs!$A$2:$C$4,3) -> Félix OVOURA | K65: 0.5 | P65: 0.5 | Q65: =+$F65*K65 -> 70 | R65: =+$F65*L65 -> 0 | S65: =+$F65*M65 -> 0 | T65: =+$F65*N65 -> 0 | U65: =+$F65*O65 -> 0 | V65: =+$F65*P65 -> 70 | W65: =SUM(Q65:V65) -> 140 | Y65: =+W65-F65 -> 0
A66: =+IF(E66>0,1,0) -> 1 | B66: MAKKAH GM ex baguette d'amour | C66: G2 | D66: crédit | E66: 24 | F66: =E66*7 -> 168 | G66: 46035 | H66: =+IF(A66=1,(+TODAY())-G66,"Sans objet") -> 273 | I66: 2 | J66: =VLOOKUP(I66,Secteurs!$A$2:$C$4,3) -> Félix OVOURA | M66: 0.5 | P66: 0.5 | Q66: =+$F66*K66 -> 0 | R66: =+$F66*L66 -> 0 | S66: =+$F66*M66 -> 84 | T66: =+$F66*N66 -> 0 | U66: =+$F66*O66 -> 0 | V66: =+$F66*P66 -> 84 | W66: =SUM(Q66:V66) -> 168 | Y66: =+W66-F66 -> 0
A67: =+IF(E67>0,1,0) -> 1 | B67: MAKKAH ex NAJAH Vindoulou station | C67: G2 | D67: crédit | E67: 16 | F67: =E67*7 -> 112 | G67: 46028 | H67: =+IF(A67=1,(+TODAY())-G67,"Sans objet") -> 280 | I67: 1 | J67: =VLOOKUP(I67,Secteurs!$A$2:$C$4,3) -> Alexis MABOUNDA | P67: 1 | Q67: =+$F67*K67 -> 0 | R67: =+$F67*L67 -> 0 | S67: =+$F67*M67 -> 0 | T67: =+$F67*N67 -> 0 | U67: =+$F67*O67 -> 0 | V67: =+$F67*P67 -> 112 | W67: =SUM(Q67:V67) -> 112 | Y67: =+W67-F67 -> 0
A68: =+IF(E68>0,1,0) -> 1 | B68: MAKKAH grand marché nina service | C68: G2 | D68: crédit | E68: 26 | F68: =E68*7 -> 182 | G68: 46030 | H68: =+IF(A68=1,(+TODAY())-G68,"Sans objet") -> 278 | I68: 2 | J68: =VLOOKUP(I68,Secteurs!$A$2:$C$4,3) -> Félix OVOURA | L68: 0.25 | M68: 0.25 | P68: 0.5 | Q68: =+$F68*K68 -> 0 | R68: =+$F68*L68 -> 45.5 | S68: =+$F68*M68 -> 45.5 | T68: =+$F68*N68 -> 0 | U68: =+$F68*O68 -> 0 | V68: =+$F68*P68 -> 91 | W68: =SUM(Q68:V68) -> 182 | Y68: =+W68-F68 -> 0
A69: =+IF(E69>0,1,0) -> 1 | B69: MAKKAH marché nkounikou1 | C69: G2 | D69: crédit | E69: 26 | F69: =E69*7 -> 182 | G69: 46034 | H69: =+IF(A69=1,(+TODAY())-G69,"Sans objet") -> 274 | I69: 1 | J69: =VLOOKUP(I69,Secteurs!$A$2:$C$4,3) -> Alexis MABOUNDA | P69: 1 | Q69: =+$F69*K69 -> 0 | R69: =+$F69*L69 -> 0 | S69: =+$F69*M69 -> 0 | T69: =+$F69*N69 -> 0 | U69: =+$F69*O69 -> 0 | V69: =+$F69*P69 -> 182 | W69: =SUM(Q69:V69) -> 182 | Y69: =+W69-F69 -> 0
A70: =+IF(E70>0,1,0) -> 1 | B70: MAKKAH voungou péchana | C70: G2 | D70: crédit | E70: 24 | F70: =E70*7 -> 168 | G70: 46037 | H70: =+IF(A70=1,(+TODAY())-G70,"Sans objet") -> 271 | I70: 3 | J70: =VLOOKUP(I70,Secteurs!$A$2:$C$4,3) -> Armel SOKAMBA | O70: 0.5 | P70: 0.5 | Q70: =+$F70*K70 -> 0 | R70: =+$F70*L70 -> 0 | S70: =+$F70*M70 -> 0 | T70: =+$F70*N70 -> 0 | U70: =+$F70*O70 -> 84 | V70: =+$F70*P70 -> 84 | W70: =SUM(Q70:V70) -> 168 | Y70: =+W70-F70 -> 0
A71: =+IF(E71>0,1,0) -> 1 | B71: MAKKAH marché nkounikou2 | C71: G2 | D71: crédit | E71: 20 | F71: =E71*7 -> 140 | G71: 46042 | H71: =+IF(A71=1,(+TODAY())-G71,"Sans objet") -> 266 | I71: 1 | J71: =VLOOKUP(I71,Secteurs!$A$2:$C$4,3) -> Alexis MABOUNDA | O71: 0.5 | P71: 0.5 | Q71: =+$F71*K71 -> 0 | R71: =+$F71*L71 -> 0 | S71: =+$F71*M71 -> 0 | T71: =+$F71*N71 -> 0 | U71: =+$F71*O71 -> 70 | V71: =+$F71*P71 -> 70 | W71: =SUM(Q71:V71) -> 140 | Y71: =+W71-F71 -> 0
A72: =+IF(E72>0,1,0) -> 1 | B72: MAKKAH fond tié tié ex El emele | C72: G2 | D72: crédit | E72: 20 | F72: =E72*7 -> 140 | G72: 46037 | H72: =+IF(A72=1,(+TODAY())-G72,"Sans objet") -> 271 | I72: 2 | J72: =VLOOKUP(I72,Secteurs!$A$2:$C$4,3) -> Félix OVOURA | O72: 0.5 | P72: 0.5 | Q72: =+$F72*K72 -> 0 | R72: =+$F72*L72 -> 0 | S72: =+$F72*M72 -> 0 | T72: =+$F72*N72 -> 0 | U72: =+$F72*O72 -> 70 | V72: =+$F72*P72 -> 70 | W72: =SUM(Q72:V72) -> 140 | Y72: =+W72-F72 -> 0
A73: =+IF(E73>0,1,0) -> 1 | B73: MAKKAH TR Balou constant loandjili | C73: G2 | D73: crédit | E73: 24 | F73: =E73*7 -> 168 | G73: 46034 | H73: =+IF(A73=1,(+TODAY())-G73,"Sans objet") -> 274 | I73: 1 | J73: =VLOOKUP(I73,Secteurs!$A$2:$C$4,3) -> Alexis MABOUNDA | L73: 0.5 | O73: 0.5 | Q73: =+$F73*K73 -> 0 | R73: =+$F73*L73 -> 84 | S73: =+$F73*M73 -> 0 | T73: =+$F73*N73 -> 0 | U73: =+$F73*O73 -> 84 | V73: =+$F73*P73 -> 0 | W73: =SUM(Q73:V73) -> 168 | Y73: =+W73-F73 -> 0
A74: =+IF(E74>0,1,0) -> 1 | B74: SOLIDARITE mpita | C74: G2 | D74: cash | E74: 20 | F74: =E74*7 -> 140 | G74: 46030 | H74: =+IF(A74=1,(+TODAY())-G74,"Sans objet") -> 278 | I74: 2 | J74: =VLOOKUP(I74,Secteurs!$A$2:$C$4,3) -> Félix OVOURA | K74: 0.5 | O74: 0.5 | Q74: =+$F74*K74 -> 70 | R74: =+$F74*L74 -> 0 | S74: =+$F74*M74 -> 0 | T74: =+$F74*N74 -> 0 | U74: =+$F74*O74 -> 70 | V74: =+$F74*P74 -> 0 | W74: =SUM(Q74:V74) -> 140 | Y74: =+W74-F74 -> 0
A75: =+IF(E75>0,1,0) -> 1 | B75: L-KAKARA ex SOLIDARITE makayabou | C75: G2 | D75: cash | E75: 24 | F75: =E75*7 -> 168 | G75: 46028 | H75: =+IF(A75=1,(+TODAY())-G75,"Sans objet") -> 280 | I75: 1 | J75: =VLOOKUP(I75,Secteurs!$A$2:$C$4,3) -> Alexis MABOUNDA | M75: 0.5 | O75: 0.5 | Q75: =+$F75*K75 -> 0 | R75: =+$F75*L75 -> 0 | S75: =+$F75*M75 -> 84 | T75: =+$F75*N75 -> 0 | U75: =+$F75*O75 -> 84 | V75: =+$F75*P75 -> 0 | W75: =SUM(Q75:V75) -> 168 | Y75: =+W75-F75 -> 0
A76: =+IF(E76>0,1,0) -> 1 | B76: ZEYNAB ex chebou loussala | C76: G2 | D76: crédit | E76: 18 | F76: =E76*7 -> 126 | G76: 46031 | H76: =+IF(A76=1,(+TODAY())-G76,"Sans objet") -> 277 | I76: 3 | J76: =VLOOKUP(I76,Secteurs!$A$2:$C$4,3) -> Armel SOKAMBA | L76: 0.5 | M76: 0.5 | Q76: =+$F76*K76 -> 0 | R76: =+$F76*L76 -> 63 | S76: =+$F76*M76 -> 63 | T76: =+$F76*N76 -> 0 | U76: =+$F76*O76 -> 0 | V76: =+$F76*P76 -> 0 | W76: =SUM(Q76:V76) -> 126 | Y76: =+W76-F76 -> 0
A77: =+IF(E77>0,1,0) -> 1 | B77: ZEYNAB ex chebou amour du pays | C77: G2 | D77: crédit | E77: 28 | F77: =E77*7 -> 196 | G77: 46027 | H77: =+IF(A77=1,(+TODAY())-G77,"Sans objet") -> 281 | I77: 3 | J77: =VLOOKUP(I77,Secteurs!$A$2:$C$4,3) -> Armel SOKAMBA | K77: 0.5 | O77: 0.5 | Q77: =+$F77*K77 -> 98 | R77: =+$F77*L77 -> 0 | S77: =+$F77*M77 -> 0 | T77: =+$F77*N77 -> 0 | U77: =+$F77*O77 -> 98 | V77: =+$F77*P77 -> 0 | W77: =SUM(Q77:V77) -> 196 | Y77: =+W77-F77 -> 0
A78: =+IF(E78>0,1,0) -> 1 | B78: ZEYNAB ex chebou marché tchinkounkou | C78: G2 | D78: crédit | E78: 14 | F78: =E78*7 -> 98 | G78: 46027 | H78: =+IF(A78=1,(+TODAY())-G78,"Sans objet") -> 281 | I78: 3 | J78: =VLOOKUP(I78,Secteurs!$A$2:$C$4,3) -> Armel SOKAMBA | K78: 0.5 | N78: 0.5 | Q78: =+$F78*K78 -> 49 | R78: =+$F78*L78 -> 0 | S78: =+$F78*M78 -> 0 | T78: =+$F78*N78 -> 49 | U78: =+$F78*O78 -> 0 | V78: =+$F78*P78 -> 0 | W78: =SUM(Q78:V78) -> 98 | Y78: =+W78-F78 -> 0
A79: =+IF(E79>0,1,0) -> 1 | B79: ZEYNAB PATRA hopital de base | C79: G2 | D79: crédit | E79: 20 | F79: =E79*7 -> 140 | G79: 46038 | H79: =+IF(A79=1,(+TODAY())-G79,"Sans objet") -> 270 | I79: 3 | J79: =VLOOKUP(I79,Secteurs!$A$2:$C$4,3) -> Armel SOKAMBA | L79: 1 | Q79: =+$F79*K79 -> 0 | R79: =+$F79*L79 -> 140 | S79: =+$F79*M79 -> 0 | T79: =+$F79*N79 -> 0 | U79: =+$F79*O79 -> 0 | V79: =+$F79*P79 -> 0 | W79: =SUM(Q79:V79) -> 140 | Y79: =+W79-F79 -> 0
A80: =+IF(E80>0,1,0) -> 1 | B80: HASSAN nzasi | C80: G2 | D80: cash | E80: 20 | F80: =E80*7 -> 140 | G80: 46029 | H80: =+IF(A80=1,(+TODAY())-G80,"Sans objet") -> 279 | I80: 3 | J80: =VLOOKUP(I80,Secteurs!$A$2:$C$4,3) -> Armel SOKAMBA | K80: 0.5 | P80: 0.5 | Q80: =+$F80*K80 -> 70 | R80: =+$F80*L80 -> 0 | S80: =+$F80*M80 -> 0 | T80: =+$F80*N80 -> 0 | U80: =+$F80*O80 -> 0 | V80: =+$F80*P80 -> 70 | W80: =SUM(Q80:V80) -> 140 | Y80: =+W80-F80 -> 0
A81: =+IF(E81>0,1,0) -> 1 | B81: SUPER QUALITE marhé foire | C81: G2 | D81: crédit | E81: 10 | F81: =E81*7 -> 70 | G81: 46037 | H81: =+IF(A81=1,(+TODAY())-G81,"Sans objet") -> 271 | I81: 1 | J81: =VLOOKUP(I81,Secteurs!$A$2:$C$4,3) -> Alexis MABOUNDA | K81: 0.5 | P81: 0.5 | Q81: =+$F81*K81 -> 35 | R81: =+$F81*L81 -> 0 | S81: =+$F81*M81 -> 0 | T81: =+$F81*N81 -> 0 | U81: =+$F81*O81 -> 0 | V81: =+$F81*P81 -> 35 | W81: =SUM(Q81:V81) -> 70 | Y81: =+W81-F81 -> 0
A82: =+IF(E82>0,1,0) -> 1 | B82: BON CHOIX ngoyo | C82: Direct | D82: cash | E82: 18 | F82: =E82*7 -> 126 | G82: 46038 | H82: =+IF(A82=1,(+TODAY())-G82,"Sans objet") -> 270 | I82: 3 | J82: =VLOOKUP(I82,Secteurs!$A$2:$C$4,3) -> Armel SOKAMBA | K82: 0.5 | N82: 0.5 | Q82: =+$F82*K82 -> 63 | R82: =+$F82*L82 -> 0 | S82: =+$F82*M82 -> 0 | T82: =+$F82*N82 -> 63 | U82: =+$F82*O82 -> 0 | V82: =+$F82*P82 -> 0 | W82: =SUM(Q82:V82) -> 126 | Y82: =+W82-F82 -> 0
A83: =+IF(E83>0,1,0) -> 1 | B83: BON CHOIX ex GAZA2 km4 | C83: Direct | D83: cash | E83: 10 | F83: =E83*7 -> 70 | G83: 46030 | H83: =+IF(A83=1,(+TODAY())-G83,"Sans objet") -> 278 | I83: 2 | J83: =VLOOKUP(I83,Secteurs!$A$2:$C$4,3) -> Félix OVOURA | N83: 0.5 | P83: 0.5 | Q83: =+$F83*K83 -> 0 | R83: =+$F83*L83 -> 0 | S83: =+$F83*M83 -> 0 | T83: =+$F83*N83 -> 35 | U83: =+$F83*O83 -> 0 | V83: =+$F83*P83 -> 35 | W83: =SUM(Q83:V83) -> 70 | Y83: =+W83-F83 -> 0
A84: =+IF(E84>0,1,0) -> 1 | B84: BM EX ELKER WENVIR vindoulou arrêt sapin | C84: G2 | D84: cash | E84: 24 | F84: =E84*7 -> 168 | G84: 46028 | H84: =+IF(A84=1,(+TODAY())-G84,"Sans objet") -> 280 | I84: 1 | J84: =VLOOKUP(I84,Secteurs!$A$2:$C$4,3) -> Alexis MABOUNDA | K84: 0.5 | M84: 0.25 | O84: 0.25 | Q84: =+$F84*K84 -> 84 | R84: =+$F84*L84 -> 0 | S84: =+$F84*M84 -> 42 | T84: =+$F84*N84 -> 0 | U84: =+$F84*O84 -> 42 | V84: =+$F84*P84 -> 0 | W84: =SUM(Q84:V84) -> 168 | Y84: =+W84-F84 -> 0
A85: =+IF(E85>0,1,0) -> 1 | B85: CONGO FUTUR grand marché | C85: G2 | D85: crédit | E85: 30 | F85: =E85*7 -> 210 | G85: 46036 | H85: =+IF(A85=1,(+TODAY())-G85,"Sans objet") -> 272 | I85: 2 | J85: =VLOOKUP(I85,Secteurs!$A$2:$C$4,3) -> Félix OVOURA | L85: 0.5 | N85: 0.25 | P85: 0.25 | Q85: =+$F85*K85 -> 0 | R85: =+$F85*L85 -> 105 | S85: =+$F85*M85 -> 0 | T85: =+$F85*N85 -> 52.5 | U85: =+$F85*O85 -> 0 | V85: =+$F85*P85 -> 52.5 | W85: =SUM(Q85:V85) -> 210 | Y85: =+W85-F85 -> 0
A86: =+IF(E86>0,1,0) -> 1 | B86: CONGO FUTUR faubourg | C86: G2 | D86: crédit | E86: 24 | F86: =E86*7 -> 168 | G86: 46035 | H86: =+IF(A86=1,(+TODAY())-G86,"Sans objet") -> 273 | I86: 1 | J86: =VLOOKUP(I86,Secteurs!$A$2:$C$4,3) -> Alexis MABOUNDA | N86: 0.5 | P86: 0.5 | Q86: =+$F86*K86 -> 0 | R86: =+$F86*L86 -> 0 | S86: =+$F86*M86 -> 0 | T86: =+$F86*N86 -> 84 | U86: =+$F86*O86 -> 0 | V86: =+$F86*P86 -> 84 | W86: =SUM(Q86:V86) -> 168 | Y86: =+W86-F86 -> 0
A87: =+IF(E87>0,1,0) -> 1 | B87: CONGO FUTUR carrefour rafinnerie | C87: G2 | D87: crédit | E87: 26 | F87: =E87*7 -> 182 | G87: 46035 | H87: =+IF(A87=1,(+TODAY())-G87,"Sans objet") -> 273 | I87: 1 | J87: =VLOOKUP(I87,Secteurs!$A$2:$C$4,3) -> Alexis MABOUNDA | L87: 0.5 | N87: 0.25 | P87: 0.25 | Q87: =+$F87*K87 -> 0 | R87: =+$F87*L87 -> 91 | S87: =+$F87*M87 -> 0 | T87: =+$F87*N87 -> 45.5 | U87: =+$F87*O87 -> 0 | V87: =+$F87*P87 -> 45.5 | W87: =SUM(Q87:V87) -> 182 | Y87: =+W87-F87 -> 0
A88: =+IF(E88>0,1,0) -> 1 | B88: CONGO FUTUR terre jaune | C88: G2 | D88: crédit | E88: 14 | F88: =E88*7 -> 98 | G88: 46035 | H88: =+IF(A88=1,(+TODAY())-G88,"Sans objet") -> 273 | I88: 1 | J88: =VLOOKUP(I88,Secteurs!$A$2:$C$4,3) -> Alexis MABOUNDA | L88: 0.5 | N88: 0.5 | Q88: =+$F88*K88 -> 0 | R88: =+$F88*L88 -> 49 | S88: =+$F88*M88 -> 0 | T88: =+$F88*N88 -> 49 | U88: =+$F88*O88 -> 0 | V88: =+$F88*P88 -> 0 | W88: =SUM(Q88:V88) -> 98 | Y88: =+W88-F88 -> 0
A89: =+IF(E89>0,1,0) -> 1 | B89: CONGO FUTUR arrêt manguier | C89: G2 | D89: crédit | E89: 24 | F89: =E89*7 -> 168 | G89: 46035 | H89: =+IF(A89=1,(+TODAY())-G89,"Sans objet") -> 273 | I89: 1 | J89: =VLOOKUP(I89,Secteurs!$A$2:$C$4,3) -> Alexis MABOUNDA | L89: 0.5 | N89: 0.5 | Q89: =+$F89*K89 -> 0 | R89: =+$F89*L89 -> 84 | S89: =+$F89*M89 -> 0 | T89: =+$F89*N89 -> 84 | U89: =+$F89*O89 -> 0 | V89: =+$F89*P89 -> 0 | W89: =SUM(Q89:V89) -> 168 | Y89: =+W89-F89 -> 0
A90: =+IF(E90>0,1,0) -> 1 | B90: CONGO FUTUR rafinerie 1er camp | C90: G2 | D90: crédit | E90: 24 | F90: =E90*7 -> 168 | G90: 46035 | H90: =+IF(A90=1,(+TODAY())-G90,"Sans objet") -> 273 | I90: 1 | J90: =VLOOKUP(I90,Secteurs!$A$2:$C$4,3) -> Alexis MABOUNDA | L90: 0.25 | N90: 0.25 | P90: 0.5 | Q90: =+$F90*K90 -> 0 | R90: =+$F90*L90 -> 42 | S90: =+$F90*M90 -> 0 | T90: =+$F90*N90 -> 42 | U90: =+$F90*O90 -> 0 | V90: =+$F90*P90 -> 84 | W90: =SUM(Q90:V90) -> 168 | Y90: =+W90-F90 -> 0
A91: =+IF(E91>0,1,0) -> 1 | B91: CONGO FUTUR fond tié-tié | C91: G2 | D91: crédit | E91: 24 | F91: =E91*7 -> 168 | G91: 46037 | H91: =+IF(A91=1,(+TODAY())-G91,"Sans objet") -> 271 | I91: 2 | J91: =VLOOKUP(I91,Secteurs!$A$2:$C$4,3) -> Félix OVOURA | L91: 0.5 | N91: 0.5 | Q91: =+$F91*K91 -> 0 | R91: =+$F91*L91 -> 84 | S91: =+$F91*M91 -> 0 | T91: =+$F91*N91 -> 84 | U91: =+$F91*O91 -> 0 | V91: =+$F91*P91 -> 0 | W91: =SUM(Q91:V91) -> 168 | Y91: =+W91-F91 -> 0
A92: =+IF(E92>0,1,0) -> 1 | B92: CONGO FUTUR moukondo | C92: G2 | D92: cash | E92: 24 | F92: =E92*7 -> 168 | G92: 46035 | H92: =+IF(A92=1,(+TODAY())-G92,"Sans objet") -> 273 | I92: 1 | J92: =VLOOKUP(I92,Secteurs!$A$2:$C$4,3) -> Alexis MABOUNDA | L92: 0.25 | N92: 0.5 | P92: 0.25 | Q92: =+$F92*K92 -> 0 | R92: =+$F92*L92 -> 42 | S92: =+$F92*M92 -> 0 | T92: =+$F92*N92 -> 84 | U92: =+$F92*O92 -> 0 | V92: =+$F92*P92 -> 42 | W92: =SUM(Q92:V92) -> 168 | Y92: =+W92-F92 -> 0
A93: =+IF(E93>0,1,0) -> 1 | B93: CONGO FUTUR marché culotte | C93: G2 | D93: cash | E93: 28 | F93: =E93*7 -> 196 | G93: 46034 | H93: =+IF(A93=1,(+TODAY())-G93,"Sans objet") -> 274 | I93: 1 | J93: =VLOOKUP(I93,Secteurs!$A$2:$C$4,3) -> Alexis MABOUNDA | L93: 0.5 | P93: 0.5 | Q93: =+$F93*K93 -> 0 | R93: 98 | S93: =+$F93*M93 -> 0 | T93: =+$F93*N93 -> 0 | U93: =+$F93*O93 -> 0 | V93: =+$F93*P93 -> 98 | W93: =SUM(Q93:V93) -> 196 | Y93: =+W93-F93 -> 0
A94: =+IF(E94>0,1,0) -> 1 | B94: MEA 7/7ex baguette d'asta | C94: Autre | D94: cash | E94: 18 | F94: =E94*7 -> 126 | G94: 46037 | H94: =+IF(A94=1,(+TODAY())-G94,"Sans objet") -> 271 | I94: 2 | J94: =VLOOKUP(I94,Secteurs!$A$2:$C$4,3) -> Félix OVOURA | N94: 0.5 | P94: 0.5 | Q94: =+$F94*K94 -> 0 | R94: =+$F94*L94 -> 0 | S94: =+$F94*M94 -> 0 | T94: =+$F94*N94 -> 63 | U94: =+$F94*O94 -> 0 | V94: =+$F94*P94 -> 63 | W94: =SUM(Q94:V94) -> 126 | Y94: =+W94-F94 -> 0
A95: =+IF(E95>0,1,0) -> 1 | B95: PARIS PAIN 2 ex baguette d'asta mpita | C95: G2 | D95: crédit | E95: 20 | F95: =E95*7 -> 140 | G95: 46030 | H95: =+IF(A95=1,(+TODAY())-G95,"Sans objet") -> 278 | I95: 2 | J95: =VLOOKUP(I95,Secteurs!$A$2:$C$4,3) -> Félix OVOURA | K95: 0.5 | N95: 0.5 | Q95: =+$F95*K95 -> 70 | R95: =+$F95*L95 -> 0 | S95: =+$F95*M95 -> 0 | T95: =+$F95*N95 -> 70 | U95: =+$F95*O95 -> 0 | V95: =+$F95*P95 -> 0 | W95: =SUM(Q95:V95) -> 140 | Y95: =+W95-F95 -> 0
A96: =+IF(E96>0,1,0) -> 1 | B96: ELVOZ INCHALLA mbota | C96: Direct | D96: cash | E96: 24 | F96: =E96*7 -> 168 | G96: 46035 | H96: =+IF(A96=1,(+TODAY())-G96,"Sans objet") -> 273 | I96: 3 | J96: =VLOOKUP(I96,Secteurs!$A$2:$C$4,3) -> Armel SOKAMBA | K96: 0.5 | N96: 0.5 | Q96: =+$F96*K96 -> 84 | R96: =+$F96*L96 -> 0 | S96: =+$F96*M96 -> 0 | T96: =+$F96*N96 -> 84 | U96: =+$F96*O96 -> 0 | V96: =+$F96*P96 -> 0 | W96: =SUM(Q96:V96) -> 168 | Y96: =+W96-F96 -> 0
A97: =+IF(E97>0,1,0) -> 1 | B97: BAGUETTE D'EXCELLENCE nkouinkou | C97: Autre | D97: cash | E97: 6 | F97: =E97*7 -> 42 | G97: 46034 | H97: =+IF(A97=1,(+TODAY())-G97,"Sans objet") -> 274 | I97: 1 | J97: =VLOOKUP(I97,Secteurs!$A$2:$C$4,3) -> Alexis MABOUNDA | M97: 1 | Q97: =+$F97*K97 -> 0 | R97: =+$F97*L97 -> 0 | S97: =+$F97*M97 -> 42 | T97: =+$F97*N97 -> 0 | U97: =+$F97*O97 -> 0 | V97: =+$F97*P97 -> 0 | W97: =SUM(Q97:V97) -> 42 | Y97: =+W97-F97 -> 0
A98: =+IF(E98>0,1,0) -> 1 | B98: BOUDI mvou-mvou | C98: Autre | D98: cash | E98: 4 | F98: =E98*7 -> 28 | G98: 46036 | H98: =+IF(A98=1,(+TODAY())-G98,"Sans objet") -> 272 | I98: 2 | J98: =VLOOKUP(I98,Secteurs!$A$2:$C$4,3) -> Félix OVOURA | N98: 0.5 | O98: 0.5 | Q98: =+$F98*K98 -> 0 | R98: =+$F98*L98 -> 0 | S98: =+$F98*M98 -> 0 | T98: =+$F98*N98 -> 14 | U98: =+$F98*O98 -> 14 | V98: =+$F98*P98 -> 0 | W98: =SUM(Q98:V98) -> 28 | Y98: =+W98-F98 -> 0
A99: =+IF(E99>0,1,0) -> 1 | B99: ELVETH/ EX CONGO RIM patra | C99: Autre | D99: cash | E99: 14 | F99: =E99*7 -> 98 | G99: 46038 | H99: =+IF(A99=1,(+TODAY())-G99,"Sans objet") -> 270 | I99: 3 | J99: =VLOOKUP(I99,Secteurs!$A$2:$C$4,3) -> Armel SOKAMBA | K99: 0.5 | P99: 0.5 | Q99: =+$F99*K99 -> 49 | R99: =+$F99*L99 -> 0 | S99: =+$F99*M99 -> 0 | T99: =+$F99*N99 -> 0 | U99: =+$F99*O99 -> 0 | V99: =+$F99*P99 -> 49 | W99: =SUM(Q99:V99) -> 98 | Y99: =+W99-F99 -> 0
A100: =+IF(E100>0,1,0) -> 1 | B100: EL MONA tié tié masola | C100: Autre | D100: cash | E100: 10 | F100: =E100*7 -> 70 | G100: 46035 | H100: =+IF(A100=1,(+TODAY())-G100,"Sans objet") -> 273 | I100: 2 | J100: =VLOOKUP(I100,Secteurs!$A$2:$C$4,3) -> Félix OVOURA | L100: 0.5 | O100: 0.5 | Q100: =+$F100*K100 -> 0 | R100: =+$F100*L100 -> 35 | S100: =+$F100*M100 -> 0 | T100: =+$F100*N100 -> 0 | U100: =+$F100*O100 -> 35 | V100: =+$F100*P100 -> 0 | W100: =SUM(Q100:V100) -> 70 | Y100: =+W100-F100 -> 0
...

Sheet WEEK4
A1: N° | B1: Boulangerie | C1: Groupe | D1: Type | E1: Cons/j | F1: C° heb | G1: Date Dernière Visite | H1: Période sans visite | I1: Secteur | J1: Technico Commercial | K1: %MINOCO | L1: %FANTA | M1: %GMK | N1: %SGMP | O1: %MFB | P1: %GMC | Q1: MINOCO | R1: FANTA | S1: GMK | T1: SGMP | U1: MFB | V1: GMC | W1: Total | X1: COMMENTAIRES | AA1: Week | AB1: Minoco | AC1: Fanta | AD1: GMPN | AE1: GMK | AF1: SGMP | AG1: MFB | AH1: GMC
A2: =+IF(E2>0,1,0) -> 1 | B2: CONGO FUTUR SIAFOUMOU | C2: G2 | D2: crédit | E2: 20 | F2: =E2*7 -> 140 | G2: 46045 | H2: =+IF(A2=1,(+TODAY())-G2,"Sans objet") -> 263 | I2: 1 | J2: =VLOOKUP(I2,Secteurs!$A$2:$C$4,3) -> Alexis MABOUNDA | N2: 0.5 | P2: 0.5 | Q2: =+$F2*K2 -> 0 | R2: =+$F2*L2 -> 0 | S2: =+$F2*M2 -> 0 | T2: =+$F2*N2 -> 70 | U2: =+$F2*O2 -> 0 | V2: =+$F2*P2 -> 70 | W2: =SUM(Q2:V2) -> 140 | Y2: =+W2-F2 -> 0 | AA2: 1 | AB2: 0.32964421 | AC2: 0.10093549 | AD2: =AB2+AC2 -> 0.4305797 | AE2: 0.10502505 | AF2: 0.11951743 | AG2: 0.11872508 | AH2: 0.22615275 | AI2: =SUM(AD2:AH2) -> 1
A3: =+IF(E3>0,1,0) -> 1 | B3: EL ATIGH mengo péage | C3: G1 | D3: cash | E3: 34 | F3: =E3*7 -> 238 | G3: 46043 | H3: =+IF(A3=1,(+TODAY())-G3,"Sans objet") -> 265 | I3: 1 | J3: =VLOOKUP(I3,Secteurs!$A$2:$C$4,3) -> Alexis MABOUNDA | M3: 0.5 | O3: 0.5 | Q3: =+$F3*K3 -> 0 | R3: =+$F3*L3 -> 0 | S3: =+$F3*M3 -> 119 | T3: =+$F3*N3 -> 0 | U3: =+$F3*O3 -> 119 | V3: =+$F3*P3 -> 0 | W3: =SUM(Q3:V3) -> 238 | Y3: =+W3-F3 -> 0 | AA3: 2 | AB3: 0.35592619 | AC3: 0.081263307 | AD3: =AB3+AC3 -> 0.4371895 | AE3: 0.083569908 | AF3: 0.12668559 | AG3: 0.11905607 | AH3: 0.23349894 | AI3: =SUM(AD3:AH3) -> 1
A4: =+IF(E4>0,1,0) -> 1 | B4: ATAKALKHAYR loandjili | C4: G1 | D4: cash | E4: 54 | F4: =E4*7 -> 378 | G4: 46043 | H4: =+IF(A4=1,(+TODAY())-G4,"Sans objet") -> 265 | I4: 1 | J4: =VLOOKUP(I4,Secteurs!$A$2:$C$4,3) -> Alexis MABOUNDA | K4: 0.5 | O4: 0.5 | Q4: 252 | R4: =+$F4*L4 -> 0 | S4: =+$F4*M4 -> 0 | T4: =+$F4*N4 -> 0 | U4: 126 | V4: =+$F4*P4 -> 0 | W4: =SUM(Q4:V4) -> 378 | Y4: =+W4-F4 -> 0 | AA4: 3 | AB4: 0.33262411 | AC4: 0.12659574 | AD4: =AB4+AC4 -> 0.45921986 | AE4: 0.082801418 | AF4: 0.13244681 | AG4: 0.12641844 | AH4: 0.19911348 | AI4: =SUM(AD4:AH4) -> 1
A5: =+IF(E5>0,1,0) -> 1 | B5: ATAKALKHAYR fouks | C5: G1 | D5: cash | E5: 28 | F5: =E5*7 -> 196 | G5: 46037 | H5: =+IF(A5=1,(+TODAY())-G5,"Sans objet") -> 271 | I5: 2 | J5: =VLOOKUP(I5,Secteurs!$A$2:$C$4,3) -> Félix OVOURA | K5: 0.5 | O5: 0.5 | Q5: =+$F5*K5 -> 98 | R5: =+$F5*L5 -> 0 | S5: =+$F5*M5 -> 0 | T5: =+$F5*N5 -> 0 | U5: =+$F5*O5 -> 98 | V5: =+$F5*P5 -> 0 | W5: =SUM(Q5:V5) -> 196 | Y5: =+W5-F5 -> 0 | AA5: 4 | AB5: =E151 -> 0.32180663 | AC5: =E152 -> 0.096506704 | AD5: =AB5+AC5 -> 0.41831334 | AE5: =E154 -> 0.100741 | AF5: =E155 -> 0.15067043 | AG5: =E156 -> 0.099505999 | AH5: =E157 -> 0.23076923 | AI5: =SUM(AD5:AH5) -> 1
A6: =+IF(E6>0,1,0) -> 1 | B6: ATAKAHYR mayinga | C6: G1 | D6: cash | E6: 20 | F6: =E6*7 -> 140 | G6: 46042 | H6: =+IF(A6=1,(+TODAY())-G6,"Sans objet") -> 266 | I6: 3 | J6: =VLOOKUP(I6,Secteurs!$A$2:$C$4,3) -> Armel SOKAMBA | K6: 0.5 | O6: 0.5 | Q6: 70 | R6: =+$F6*L6 -> 0 | S6: =+$F6*M6 -> 0 | T6: =+$F6*N6 -> 0 | U6: =+$F6*O6 -> 70 | W6: =SUM(Q6:V6) -> 140 | Y6: =+W6-F6 -> 0 | AA6: Variation | AB6: =AB5-AB4 -> -0.01081748 | AC6: =AC5-AC4 -> -0.03008904 | AD6: =AD5-AD4 -> -0.04090652 | AE6: =AE5-AE4 -> 0.017939584 | AF6: =AF5-AF4 -> 0.018223622 | AG6: =AG5-AG4 -> -0.026912441 | AH6: =AH5-AH4 -> 0.031655756
A7: =+IF(E7>0,1,0) -> 1 | B7: MED globaline | C7: G1 | D7: cash | E7: 26 | F7: =E7*7 -> 182 | G7: 46042 | H7: =+IF(A7=1,(+TODAY())-G7,"Sans objet") -> 266 | I7: 3 | J7: Christelle ITOUA | K7: 0.5 | N7: 0.5 | Q7: =+$F7*K7 -> 91 | R7: =+$F7*L7 -> 0 | S7: =+$F7*M7 -> 0 | T7: =+$F7*N7 -> 91 | U7: =+$F7*O7 -> 0 | V7: =+$F7*P7 -> 0 | W7: =SUM(Q7:V7) -> 182 | Y7: =+W7-F7 -> 0
A8: =+IF(E8>0,1,0) -> 1 | B8: Ets AMITIE ex BAGDAD1 grand marché révolution | C8: G1 | D8: cash | E8: 30 | F8: =E8*7 -> 210 | G8: 46041 | H8: =+IF(A8=1,(+TODAY())-G8,"Sans objet") -> 267 | I8: 2 | J8: =VLOOKUP(I8,Secteurs!$A$2:$C$4,3) -> Félix OVOURA | K8: 1 | Q8: =+$F8*K8 -> 210 | R8: =+$F8*L8 -> 0 | S8: =+$F8*M8 -> 0 | T8: =+$F8*N8 -> 0 | U8: =+$F8*O8 -> 0 | V8: =+$F8*P8 -> 0 | W8: =SUM(Q8:V8) -> 210 | Y8: =+W8-F8 -> 0
A9: =+IF(E9>0,1,0) -> 1 | B9: Ets AMITIE ex CONGO2 voungou école primaire | C9: G1 | D9: cash | E9: 20 | F9: =E9*7 -> 140 | G9: 46044 | H9: =+IF(A9=1,(+TODAY())-G9,"Sans objet") -> 264 | I9: 3 | J9: =VLOOKUP(I9,Secteurs!$A$2:$C$4,3) -> Armel SOKAMBA | K9: 1 | Q9: =+$F9*K9 -> 140 | R9: =+$F9*L9 -> 0 | S9: =+$F9*M9 -> 0 | T9: =+$F9*N9 -> 0 | U9: =+$F9*O9 -> 0 | V9: =+$F9*P9 -> 0 | W9: =SUM(Q9:V9) -> 140 | Y9: =+W9-F9 -> 0
A10: =+IF(E10>0,1,0) -> 1 | B10: Ets AMITIE ex CONGO1 kitoko daniel | C10: G1 | D10: cash | E10: 18 | F10: =E10*7 -> 126 | G10: 46045 | H10: =+IF(A10=1,(+TODAY())-G10,"Sans objet") -> 263 | I10: 2 | J10: =VLOOKUP(I10,Secteurs!$A$2:$C$4,3) -> Félix OVOURA | K10: 0.5 | M10: 0.5 | Q10: =+$F10*K10 -> 63 | R10: =+$F10*L10 -> 0 | S10: =+$F10*M10 -> 63 | T10: =+$F10*N10 -> 0 | U10: =+$F10*O10 -> 0 | V10: =+$F10*P10 -> 0 | W10: =SUM(Q10:V10) -> 126 | Y10: =+W10-F10 -> 0
A11: =+IF(E11>0,1,0) -> 1 | B11: Ets AMITIE ex BAGDAD2 Rex grand marché | C11: G1 | D11: cash | E11: 26 | F11: =E11*7 -> 182 | G11: 46041 | H11: =+IF(A11=1,(+TODAY())-G11,"Sans objet") -> 267 | I11: 2 | J11: =VLOOKUP(I11,Secteurs!$A$2:$C$4,3) -> Félix OVOURA | K11: 1 | Q11: =+$F11*K11 -> 182 | R11: =+$F11*L11 -> 0 | S11: =+$F11*M11 -> 0 | T11: =+$F11*N11 -> 0 | U11: =+$F11*O11 -> 0 | V11: =+$F11*P11 -> 0 | W11: =SUM(Q11:V11) -> 182 | Y11: =+W11-F11 -> 0
A12: =+IF(E12>0,1,0) -> 1 | B12: Ets AMITIE ex BONNE CHANCE nkouinkou dénisia | C12: G1 | D12: cash | E12: 24 | F12: =E12*7 -> 168 | G12: 46043 | H12: =+IF(A12=1,(+TODAY())-G12,"Sans objet") -> 265 | I12: 1 | J12: =VLOOKUP(I12,Secteurs!$A$2:$C$4,3) -> Alexis MABOUNDA | K12: 0.5 | O12: 0.5 | Q12: =+$F12*K12 -> 84 | R12: =+$F12*L12 -> 0 | S12: =+$F12*M12 -> 0 | T12: =+$F12*N12 -> 0 | U12: =+$F12*O12 -> 84 | V12: =+$F12*P12 -> 0 | W12: =SUM(Q12:V12) -> 168 | Y12: =+W12-F12 -> 0
A13: =+IF(E13>0,1,0) -> 1 | B13: BAH ex HACEN fond tié-tié | C13: G2 | D13: cash | E13: 36 | F13: =E13*7 -> 252 | G13: 46035 | H13: =+IF(A13=1,(+TODAY())-G13,"Sans objet") -> 273 | I13: 3 | J13: =VLOOKUP(I13,Secteurs!$A$2:$C$4,3) -> Armel SOKAMBA | K13: 0.5 | P13: 0.5 | Q13: =+$F13*K13 -> 126 | R13: =+$F13*L13 -> 0 | S13: =+$F13*M13 -> 0 | T13: =+$F13*N13 -> 0 | U13: =+$F13*O13 -> 0 | V13: =+$F13*P13 -> 126 | W13: =SUM(Q13:V13) -> 252 | Y13: =+W13-F13 -> 0
A14: =+IF(E14>0,1,0) -> 1 | B14: BAH ex SASI tié tié massola | C14: G1 | D14: cash | E14: 20 | F14: =E14*7 -> 140 | G14: 46037 | H14: =+IF(A14=1,(+TODAY())-G14,"Sans objet") -> 271 | I14: 2 | J14: =VLOOKUP(I14,Secteurs!$A$2:$C$4,3) -> Félix OVOURA | K14: 0.5 | P14: 0.5 | Q14: =+$F14*K14 -> 70 | R14: =+$F14*L14 -> 0 | S14: =+$F14*M14 -> 0 | T14: =+$F14*N14 -> 0 | U14: =+$F14*O14 -> 0 | V14: =+$F14*P14 -> 70 | W14: =SUM(Q14:V14) -> 140 | Y14: =+W14-F14 -> 0
A15: =+IF(E15>0,1,0) -> 1 | B15: BAH ex BMM paka maison blanche | C15: G1 | D15: cash | E15: 20 | F15: =E15*7 -> 140 | G15: 46036 | H15: =+IF(A15=1,(+TODAY())-G15,"Sans objet") -> 272 | I15: 3 | J15: Thérèse LOUKEBA | K15: 1 | Q15: =+$F15*K15 -> 140 | R15: =+$F15*L15 -> 0 | S15: =+$F15*M15 -> 0 | T15: =+$F15*N15 -> 0 | U15: =+$F15*O15 -> 0 | V15: =+$F15*P15 -> 0 | W15: =SUM(Q15:V15) -> 140 | Y15: =+W15-F15 -> 0
A16: =+IF(E16>0,1,0) -> 1 | B16: BA mvoumvou immigration | C16: G1 | D16: cash | E16: 24 | F16: =E16*7 -> 168 | G16: 46036 | H16: =+IF(A16=1,(+TODAY())-G16,"Sans objet") -> 272 | I16: 2 | J16: =VLOOKUP(I16,Secteurs!$A$2:$C$4,3) -> Félix OVOURA | K16: 0.5 | O16: 0.5 | Q16: =+$F16*K16 -> 84 | R16: =+$F16*L16 -> 0 | S16: =+$F16*M16 -> 0 | T16: =+$F16*N16 -> 0 | U16: =+$F16*O16 -> 84 | V16: =+$F16*P16 -> 0 | W16: =SUM(Q16:V16) -> 168 | Y16: =+W16-F16 -> 0
A17: =+IF(E17>0,1,0) -> 1 | B17: BA thyster mongo mpoukou | C17: G1 | D17: cash | E17: 32 | F17: =E17*7 -> 224 | G17: 46043 | H17: =+IF(A17=1,(+TODAY())-G17,"Sans objet") -> 265 | I17: 1 | J17: =VLOOKUP(I17,Secteurs!$A$2:$C$4,3) -> Alexis MABOUNDA | K17: 0.5 | P17: 0.5 | Q17: =+$F17*K17 -> 112 | R17: =+$F17*L17 -> 0 | S17: =+$F17*M17 -> 0 | T17: =+$F17*N17 -> 0 | U17: =+$F17*O17 -> 0 | V17: =+$F17*P17 -> 112 | W17: =SUM(Q17:V17) -> 224 | Y17: =+W17-F17 -> 0
A18: =+IF(E18>0,1,0) -> 1 | B18: BA mpaka dalette | C18: G1 | D18: cash | E18: 26 | F18: =E18*7 -> 182 | G18: 46035 | H18: =+IF(A18=1,(+TODAY())-G18,"Sans objet") -> 273 | I18: 3 | J18: =VLOOKUP(I18,Secteurs!$A$2:$C$4,3) -> Armel SOKAMBA | K18: 0.5 | O18: 0.5 | Q18: =+$F18*K18 -> 91 | R18: =+$F18*L18 -> 0 | S18: =+$F18*M18 -> 0 | T18: =+$F18*N18 -> 0 | U18: =+$F18*O18 -> 91 | V18: =+$F18*P18 -> 0 | W18: =SUM(Q18:V18) -> 182 | Y18: =+W18-F18 -> 0
A19: =+IF(E19>0,1,0) -> 1 | B19: BA fond tié-tié gar | C19: G1 | D19: cash | E19: 46 | F19: =E19*7 -> 322 | G19: 46036 | H19: =+IF(A19=1,(+TODAY())-G19,"Sans objet") -> 272 | I19: 3 | J19: =VLOOKUP(I19,Secteurs!$A$2:$C$4,3) -> Armel SOKAMBA | K19: 0.5 | M19: 0.5 | Q19: =+$F19*K19 -> 161 | R19: =+$F19*L19 -> 0 | S19: =+$F19*M19 -> 161 | T19: =+$F19*N19 -> 0 | U19: =+$F19*O19 -> 0 | V19: =+$F19*P19 -> 0 | W19: =SUM(Q19:V19) -> 322 | Y19: =+W19-F19 -> 0
A20: =+IF(E20>0,1,0) -> 1 | B20: BA mpaka marché | C20: G1 | D20: cash | E20: 20 | F20: =E20*7 -> 140 | G20: 46035 | H20: =+IF(A20=1,(+TODAY())-G20,"Sans objet") -> 273 | I20: 3 | J20: =VLOOKUP(I20,Secteurs!$A$2:$C$4,3) -> Armel SOKAMBA | K20: 0.5 | M20: 0.5 | Q20: =+$F20*K20 -> 70 | R20: =+$F20*L20 -> 0 | S20: =+$F20*M20 -> 70 | T20: =+$F20*N20 -> 0 | U20: =+$F20*O20 -> 0 | V20: =+$F20*P20 -> 0 | W20: =SUM(Q20:V20) -> 140 | Y20: =+W20-F20 -> 0
A21: =+IF(E21>0,1,0) -> 1 | B21: BA ngoyo | C21: G1 | D21: cash | E21: 26 | F21: =E21*7 -> 182 | G21: 46029 | H21: =+IF(A21=1,(+TODAY())-G21,"Sans objet") -> 279 | I21: 3 | J21: =VLOOKUP(I21,Secteurs!$A$2:$C$4,3) -> Armel SOKAMBA | K21: 0.75 | P21: 0.25 | Q21: =+$F21*K21 -> 136.5 | R21: =+$F21*L21 -> 0 | S21: =+$F21*M21 -> 0 | T21: =+$F21*N21 -> 0 | U21: =+$F21*O21 -> 0 | V21: =+$F21*P21 -> 45.5 | W21: =SUM(Q21:V21) -> 182 | Y21: =+W21-F21 -> 0
A22: =+IF(E22>0,1,0) -> 1 | B22: BA fond tié-tié en allant vers voungou | C22: G1 | D22: cash | E22: 20 | F22: =E22*7 -> 140 | G22: 46031 | H22: =+IF(A22=1,(+TODAY())-G22,"Sans objet") -> 277 | I22: 3 | J22: =VLOOKUP(I22,Secteurs!$A$2:$C$4,3) -> Armel SOKAMBA | K22: 0.75 | P22: 0.25 | Q22: =+$F22*K22 -> 105 | R22: =+$F22*L22 -> 0 | S22: =+$F22*M22 -> 0 | T22: =+$F22*N22 -> 0 | U22: =+$F22*O22 -> 0 | V22: =+$F22*P22 -> 35 | W22: =SUM(Q22:V22) -> 140 | Y22: =+W22-F22 -> 0
A23: =+IF(E23>0,1,0) -> 1 | B23: NEINA REPUBLIQUE marché bissongo | C23: G1 | D23: cash | E23: 18 | F23: =E23*7 -> 126 | G23: 46035 | H23: =+IF(A23=1,(+TODAY())-G23,"Sans objet") -> 273 | I23: 3 | J23: =VLOOKUP(I23,Secteurs!$A$2:$C$4,3) -> Armel SOKAMBA | K23: 0.5 | P23: 0.5 | Q23: =+$F23*K23 -> 63 | R23: =+$F23*L23 -> 0 | S23: =+$F23*M23 -> 0 | T23: =+$F23*N23 -> 0 | U23: =+$F23*O23 -> 0 | V23: =+$F23*P23 -> 63 | W23: =SUM(Q23:V23) -> 126 | Y23: =+W23-F23 -> 0
A24: =+IF(E24>0,1,0) -> 1 | B24: NEINA REPUBLIQUE ngoyo central | C24: G1 | D24: cash | E24: 24 | F24: =E24*7 -> 168 | G24: 46038 | H24: =+IF(A24=1,(+TODAY())-G24,"Sans objet") -> 270 | I24: 3 | J24: =VLOOKUP(I24,Secteurs!$A$2:$C$4,3) -> Armel SOKAMBA | K24: 0.5 | P24: 0.5 | Q24: =+$F24*K24 -> 84 | R24: =+$F24*L24 -> 0 | S24: =+$F24*M24 -> 0 | T24: =+$F24*N24 -> 0 | U24: =+$F24*O24 -> 0 | V24: =+$F24*P24 -> 84 | W24: =SUM(Q24:V24) -> 168 | Y24: =+W24-F24 -> 0
A25: =+IF(E25>0,1,0) -> 1 | B25: NEINA REPUBLIQUE grand marché | C25: G1 | D25: cash | E25: 22 | F25: =E25*7 -> 154 | G25: 46045 | H25: =+IF(A25=1,(+TODAY())-G25,"Sans objet") -> 263 | I25: 2 | J25: =VLOOKUP(I25,Secteurs!$A$2:$C$4,3) -> Félix OVOURA | K25: 0.5 | M25: 0.5 | Q25: =+$F25*K25 -> 77 | R25: =+$F25*L25 -> 0 | S25: =+$F25*M25 -> 77 | T25: =+$F25*N25 -> 0 | U25: =+$F25*O25 -> 0 | V25: =+$F25*P25 -> 0 | W25: =SUM(Q25:V25) -> 154 | Y25: =+W25-F25 -> 0
A26: =+IF(E26>0,1,0) -> 1 | B26: NEINA REPUBLIQUE tchimbambouka | C26: G1 | D26: cash | E26: 20 | F26: =E26*7 -> 140 | G26: 46035 | H26: =+IF(A26=1,(+TODAY())-G26,"Sans objet") -> 273 | I26: 3 | J26: =VLOOKUP(I26,Secteurs!$A$2:$C$4,3) -> Armel SOKAMBA | K26: 0.5 | N26: 0.5 | Q26: =+$F26*K26 -> 70 | R26: =+$F26*L26 -> 0 | S26: =+$F26*M26 -> 0 | T26: =+$F26*N26 -> 70 | U26: =+$F26*O26 -> 0 | V26: =+$F26*P26 -> 0 | W26: =SUM(Q26:V26) -> 140 | Y26: =+W26-F26 -> 0
A27: =+IF(E27>0,1,0) -> 1 | B27: MED MMB deux poteaux | C27: G1 | D27: cash | E27: 20 | F27: =E27*7 -> 140 | G27: 46044 | H27: =+IF(A27=1,(+TODAY())-G27,"Sans objet") -> 264 | I27: 3 | J27: =VLOOKUP(I27,Secteurs!$A$2:$C$4,3) -> Armel SOKAMBA | K27: 1 | Q27: =+$F27*K27 -> 140 | R27: =+$F27*L27 -> 0 | S27: =+$F27*M27 -> 0 | T27: =+$F27*N27 -> 0 | U27: =+$F27*O27 -> 0 | V27: =+$F27*P27 -> 0 | W27: =SUM(Q27:V27) -> 140 | Y27: =+W27-F27 -> 0
A28: =+IF(E28>0,1,0) -> 1 | B28: MED marché tchimbamba | C28: G1 | D28: cash | E28: 26 | F28: =E28*7 -> 182 | G28: 46042 | H28: =+IF(A28=1,(+TODAY())-G28,"Sans objet") -> 266 | I28: 3 | J28: =VLOOKUP(I28,Secteurs!$A$2:$C$4,3) -> Armel SOKAMBA | K28: 1 | Q28: =+$F28*K28 -> 182 | R28: =+$F28*L28 -> 0 | S28: =+$F28*M28 -> 0 | T28: =+$F28*N28 -> 0 | U28: =+$F28*O28 -> 0 | V28: =+$F28*P28 -> 0 | W28: =SUM(Q28:V28) -> 182 | Y28: =+W28-F28 -> 0
A29: =+IF(E29>0,1,0) -> 1 | B29: MED ngoyo péage | C29: G1 | D29: cash | E29: 30 | F29: =E29*7 -> 210 | G29: 46030 | H29: =+IF(A29=1,(+TODAY())-G29,"Sans objet") -> 278 | I29: 3 | J29: =VLOOKUP(I29,Secteurs!$A$2:$C$4,3) -> Armel SOKAMBA | N29: 0.5 | O29: 0.5 | Q29: =+$F29*K29 -> 0 | R29: =+$F29*L29 -> 0 | S29: =+$F29*M29 -> 0 | T29: =+$F29*N29 -> 105 | U29: =+$F29*O29 -> 105 | V29: =+$F29*P29 -> 0 | W29: =SUM(Q29:V29) -> 210 | Y29: =+W29-F29 -> 0
A30: =+IF(E30>0,1,0) -> 1 | B30: MED ex la grace vindoulou | C30: G1 | D30: cash | E30: 28 | F30: =E30*7 -> 196 | G30: 46043 | H30: =+IF(A30=1,(+TODAY())-G30,"Sans objet") -> 265 | I30: 1 | J30: =VLOOKUP(I30,Secteurs!$A$2:$C$4,3) -> Alexis MABOUNDA | K30: 0.75 | N30: 0.25 | Q30: =+$F30*K30 -> 147 | R30: =+$F30*L30 -> 0 | S30: =+$F30*M30 -> 0 | T30: =+$F30*N30 -> 49 | U30: =+$F30*O30 -> 0 | V30: =+$F30*P30 -> 0 | W30: =SUM(Q30:V30) -> 196 | Y30: =+W30-F30 -> 0
A31: =+IF(E31>0,1,0) -> 1 | B31: MMB Licee vindoulou | C31: G1 | D31: cash | E31: 20 | F31: =E31*7 -> 140 | G31: 46043 | H31: =+IF(A31=1,(+TODAY())-G31,"Sans objet") -> 265 | I31: 1 | J31: =VLOOKUP(I31,Secteurs!$A$2:$C$4,3) -> Alexis MABOUNDA | K31: 0.5 | M31: 0.25 | O31: 0.25 | Q31: =+$F31*K31 -> 70 | R31: =+$F31*L31 -> 0 | S31: =+$F31*M31 -> 35 | T31: =+$F31*N31 -> 0 | U31: =+$F31*O31 -> 35 | V31: =+$F31*P31 -> 0 | W31: =SUM(Q31:V31) -> 140 | Y31: =+W31-F31 -> 0
A32: =+IF(E32>0,1,0) -> 1 | B32: MED marché tsourou thyster | C32: G1 | D32: cash | E32: 26 | F32: =E32*7 -> 182 | G32: 46043 | H32: =+IF(A32=1,(+TODAY())-G32,"Sans objet") -> 265 | I32: 1 | J32: Christelle ITOUA | K32: 0.5 | N32: 0.5 | Q32: =+$F32*K32 -> 91 | R32: =+$F32*L32 -> 0 | S32: =+$F32*M32 -> 0 | T32: =+$F32*N32 -> 91 | U32: =+$F32*O32 -> 0 | V32: =+$F32*P32 -> 0 | W32: =SUM(Q32:V32) -> 182 | Y32: =+W32-F32 -> 0
A33: =+IF(E33>0,1,0) -> 1 | B33: MED MMB contre rail | C33: G1 | D33: cash | E33: 16 | F33: =E33*7 -> 112 | G33: 46036 | H33: =+IF(A33=1,(+TODAY())-G33,"Sans objet") -> 272 | I33: 3 | J33: =VLOOKUP(I33,Secteurs!$A$2:$C$4,3) -> Armel SOKAMBA | L33: 0.5 | N33: 0.5 | Q33: =+$F33*K33 -> 0 | R33: =+$F33*L33 -> 56 | S33: =+$F33*M33 -> 0 | T33: =+$F33*N33 -> 56 | U33: =+$F33*O33 -> 0 | V33: =+$F33*P33 -> 0 | W33: =SUM(Q33:V33) -> 112 | Y33: =+W33-F33 -> 0
A34: =+IF(E34>0,1,0) -> 1 | B34: TOD mvoumvou sympatique | C34: G1 | D34: cash | E34: 30 | F34: =E34*7 -> 210 | G34: 46045 | H34: =+IF(A34=1,(+TODAY())-G34,"Sans objet") -> 263 | I34: 2 | J34: =VLOOKUP(I34,Secteurs!$A$2:$C$4,3) -> Félix OVOURA | K34: 1 | Q34: =+$F34*K34 -> 210 | R34: =+$F34*L34 -> 0 | S34: =+$F34*M34 -> 0 | T34: =+$F34*N34 -> 0 | U34: =+$F34*O34 -> 0 | V34: =+$F34*P34 -> 0 | W34: =SUM(Q34:V34) -> 210 | Y34: =+W34-F34 -> 0
A35: =+IF(E35>0,1,0) -> 1 | B35: TOD roy | C35: G1 | D35: cash | E35: 26 | F35: =E35*7 -> 182 | G35: 46030 | H35: =+IF(A35=1,(+TODAY())-G35,"Sans objet") -> 278 | I35: 2 | J35: =VLOOKUP(I35,Secteurs!$A$2:$C$4,3) -> Félix OVOURA | K35: 1 | Q35: =+$F35*K35 -> 182 | R35: =+$F35*L35 -> 0 | S35: =+$F35*M35 -> 0 | T35: =+$F35*N35 -> 0 | U35: =+$F35*O35 -> 0 | V35: =+$F35*P35 -> 0 | W35: =SUM(Q35:V35) -> 182 | Y35: =+W35-F35 -> 0
A36: =+IF(E36>0,1,0) -> 1 | B36: TOD och | C36: G1 | D36: cash | E36: 20 | F36: =E36*7 -> 140 | G36: 46036 | H36: =+IF(A36=1,(+TODAY())-G36,"Sans objet") -> 272 | I36: 2 | J36: =VLOOKUP(I36,Secteurs!$A$2:$C$4,3) -> Félix OVOURA | K36: 0.5 | P36: 0.5 | Q36: =+$F36*K36 -> 70 | R36: =+$F36*L36 -> 0 | S36: =+$F36*M36 -> 0 | T36: =+$F36*N36 -> 0 | U36: =+$F36*O36 -> 0 | V36: =+$F36*P36 -> 70 | W36: =SUM(Q36:V36) -> 140 | Y36: =+W36-F36 -> 0
A37: =+IF(E37>0,1,0) -> 1 | B37: WAMAS ex moulin rouge | C37: Direct | D37: cash | E37: 18 | F37: =E37*7 -> 126 | G37: 46035 | H37: =+IF(A37=1,(+TODAY())-G37,"Sans objet") -> 273 | I37: 3 | J37: Thérèse LOUKEBA | K37: 1 | Q37: =+$F37*K37 -> 126 | R37: =+$F37*L37 -> 0 | S37: =+$F37*M37 -> 0 | T37: =+$F37*N37 -> 0 | U37: =+$F37*O37 -> 0 | V37: =+$F37*P37 -> 0 | W37: =SUM(Q37:V37) -> 126 | Y37: =+W37-F37 -> 0
A38: =+IF(E38>0,1,0) -> 1 | B38: CHRISTINA kitoko daniel | C38: Direct | D38: cash | E38: 24 | F38: =E38*7 -> 168 | G38: 46045 | H38: =+IF(A38=1,(+TODAY())-G38,"Sans objet") -> 263 | I38: 2 | J38: =VLOOKUP(I38,Secteurs!$A$2:$C$4,3) -> Félix OVOURA | K38: 0.5 | M38: 0.5 | Q38: =+$F38*K38 -> 84 | R38: =+$F38*L38 -> 0 | S38: =+$F38*M38 -> 84 | T38: =+$F38*N38 -> 0 | U38: =+$F38*O38 -> 0 | V38: =+$F38*P38 -> 0 | W38: =SUM(Q38:V38) -> 168 | Y38: =+W38-F38 -> 0
A39: =+IF(E39>0,1,0) -> 1 | B39: LOUKABOU grand marhé lumumba | C39: Direct | D39: cash | E39: 16 | F39: =E39*7 -> 112 | G39: 46035 | H39: =+IF(A39=1,(+TODAY())-G39,"Sans objet") -> 273 | I39: 2 | J39: =VLOOKUP(I39,Secteurs!$A$2:$C$4,3) -> Félix OVOURA | K39: 0.5 | M39: 0.5 | Q39: =+$F39*K39 -> 56 | R39: =+$F39*L39 -> 0 | S39: =+$F39*M39 -> 56 | T39: =+$F39*N39 -> 0 | U39: =+$F39*O39 -> 0 | V39: =+$F39*P39 -> 0 | W39: =SUM(Q39:V39) -> 112 | Y39: =+W39-F39 -> 0
A40: =+IF(E40>0,1,0) -> 1 | B40: LA CITRONNELLE | C40: Direct | D40: cash | E40: 5 | F40: =E40*7 -> 35 | G40: 46031 | H40: =+IF(A40=1,(+TODAY())-G40,"Sans objet") -> 277 | I40: 2 | J40: =VLOOKUP(I40,Secteurs!$A$2:$C$4,3) -> Félix OVOURA | K40: 1 | Q40: =+$F40*K40 -> 35 | R40: =+$F40*L40 -> 0 | S40: =+$F40*M40 -> 0 | T40: =+$F40*N40 -> 0 | U40: =+$F40*O40 -> 0 | V40: =+$F40*P40 -> 0 | W40: =SUM(Q40:V40) -> 35 | Y40: =+W40-F40 -> 0
A41: =+IF(E41>0,1,0) -> 1 | B41: CONTINENT | C41: Direct | D41: cash | E41: 10 | F41: =E41*7 -> 70 | G41: 46042 | H41: =+IF(A41=1,(+TODAY())-G41,"Sans objet") -> 266 | I41: 2 | J41: =VLOOKUP(I41,Secteurs!$A$2:$C$4,3) -> Félix OVOURA | O41: 1 | Q41: =+$F41*K41 -> 0 | R41: =+$F41*L41 -> 0 | S41: =+$F41*M41 -> 0 | T41: =+$F41*N41 -> 0 | U41: =+$F41*O41 -> 70 | V41: =+$F41*P41 -> 0 | W41: =SUM(Q41:V41) -> 70 | Y41: =+W41-F41 -> 0
A42: =+IF(E42>0,1,0) -> 1 | B42: ESPACE DE LA PROMESSE | C42: Direct | D42: crédit | E42: 12 | F42: =E42*7 -> 84 | G42: 46043 | H42: =+IF(A42=1,(+TODAY())-G42,"Sans objet") -> 265 | I42: 1 | J42: =VLOOKUP(I42,Secteurs!$A$2:$C$4,3) -> Alexis MABOUNDA | P42: 1 | Q42: =+$F42*K42 -> 0 | R42: =+$F42*L42 -> 0 | S42: =+$F42*M42 -> 0 | T42: =+$F42*N42 -> 0 | U42: =+$F42*O42 -> 0 | V42: =+$F42*P42 -> 84 | W42: =SUM(Q42:V42) -> 84 | Y42: =+W42-F42 -> 0
A43: =+IF(E43>0,1,0) -> 1 | B43: ZAM-ZAM1 mpaka 5chemin | C43: G2 | D43: crédit | E43: 30 | F43: =E43*7 -> 210 | G43: 46036 | H43: =+IF(A43=1,(+TODAY())-G43,"Sans objet") -> 272 | I43: 3 | J43: =VLOOKUP(I43,Secteurs!$A$2:$C$4,3) -> Armel SOKAMBA | L43: 0.5 | N43: 0.5 | Q43: =+$F43*K43 -> 0 | R43: =+$F43*L43 -> 105 | S43: =+$F43*M43 -> 0 | T43: =+$F43*N43 -> 105 | U43: =+$F43*O43 -> 0 | V43: =+$F43*P43 -> 0 | W43: =SUM(Q43:V43) -> 210 | Y43: =+W43-F43 -> 0
A44: =+IF(E44>0,1,0) -> 1 | B44: ZAM-ZAM2 mpaka 5 chemin | C44: G2 | D44: crédit | E44: 26 | F44: =E44*7 -> 182 | G44: 46035 | H44: =+IF(A44=1,(+TODAY())-G44,"Sans objet") -> 273 | I44: 3 | J44: =VLOOKUP(I44,Secteurs!$A$2:$C$4,3) -> Armel SOKAMBA | L44: 1 | Q44: =+$F44*K44 -> 0 | R44: =+$F44*L44 -> 182 | S44: =+$F44*M44 -> 0 | T44: =+$F44*N44 -> 0 | U44: =+$F44*O44 -> 0 | V44: =+$F44*P44 -> 0 | W44: =SUM(Q44:V44) -> 182 | Y44: =+W44-F44 -> 0
A45: =+IF(E45>0,1,0) -> 1 | B45: YAYA BILAL tchimbambouka | C45: G2 | D45: crédit | E45: 30 | F45: =E45*7 -> 210 | G45: 46035 | H45: =+IF(A45=1,(+TODAY())-G45,"Sans objet") -> 273 | I45: 3 | J45: =VLOOKUP(I45,Secteurs!$A$2:$C$4,3) -> Armel SOKAMBA | N45: 0.5 | P45: 0.5 | Q45: =+$F45*K45 -> 0 | R45: =+$F45*L45 -> 0 | S45: =+$F45*M45 -> 0 | T45: =+$F45*N45 -> 105 | U45: =+$F45*O45 -> 0 | V45: =+$F45*P45 -> 105 | W45: =SUM(Q45:V45) -> 210 | Y45: =+W45-F45 -> 0
A46: =+IF(E46>0,1,0) -> 1 | B46: ZAM-ZAM Tchimani | C46: G2 | D46: crédit | E46: 26 | F46: =E46*7 -> 182 | G46: 46036 | H46: =+IF(A46=1,(+TODAY())-G46,"Sans objet") -> 272 | I46: 3 | J46: =VLOOKUP(I46,Secteurs!$A$2:$C$4,3) -> Armel SOKAMBA | N46: 0.5 | O46: 0.5 | Q46: =+$F46*K46 -> 0 | R46: =+$F46*L46 -> 0 | S46: =+$F46*M46 -> 0 | T46: =+$F46*N46 -> 91 | U46: =+$F46*O46 -> 91 | V46: =+$F46*P46 -> 0 | W46: =SUM(Q46:V46) -> 182 | Y46: =+W46-F46 -> 0
A47: =+IF(E47>0,1,0) -> 1 | B47: AFRICAINE1 nkouikou nzango | C47: G2 | D47: cash | E47: 5 | F47: =E47*7 -> 35 | G47: 46043 | H47: =+IF(A47=1,(+TODAY())-G47,"Sans objet") -> 265 | I47: 1 | J47: =VLOOKUP(I47,Secteurs!$A$2:$C$4,3) -> Alexis MABOUNDA | K47: 0.5 | P47: 0.5 | Q47: =+$F47*K47 -> 17.5 | R47: =+$F47*L47 -> 0 | S47: =+$F47*M47 -> 0 | T47: =+$F47*N47 -> 0 | U47: =+$F47*O47 -> 0 | V47: =+$F47*P47 -> 17.5 | W47: =SUM(Q47:V47) -> 35 | Y47: =+W47-F47 -> 0
A48: =+IF(E48>0,1,0) -> 1 | B48: AFRICAINE2 nkouinkou vonvon | C48: G2 | D48: cash | E48: 12 | F48: =E48*7 -> 84 | G48: 46034 | H48: =+IF(A48=1,(+TODAY())-G48,"Sans objet") -> 274 | I48: 1 | J48: =VLOOKUP(I48,Secteurs!$A$2:$C$4,3) -> Alexis MABOUNDA | K48: 0.5 | N48: 0.5 | Q48: =+$F48*K48 -> 42 | R48: =+$F48*L48 -> 0 | S48: =+$F48*M48 -> 0 | T48: =+$F48*N48 -> 42 | U48: =+$F48*O48 -> 0 | V48: =+$F48*P48 -> 0 | W48: =SUM(Q48:V48) -> 84 | Y48: =+W48-F48 -> 0
A49: =+IF(E49>0,1,0) -> 1 | B49: AFRICAINE3 tchialli | C49: G2 | D49: cash | E49: 16 | F49: =E49*7 -> 112 | G49: 46037 | H49: =+IF(A49=1,(+TODAY())-G49,"Sans objet") -> 271 | I49: 1 | J49: =VLOOKUP(I49,Secteurs!$A$2:$C$4,3) -> Alexis MABOUNDA | K49: 0.5 | N49: 0.5 | Q49: =+$F49*K49 -> 56 | R49: =+$F49*L49 -> 0 | S49: =+$F49*M49 -> 0 | T49: =+$F49*N49 -> 56 | U49: =+$F49*O49 -> 0 | V49: =+$F49*P49 -> 0 | W49: =SUM(Q49:V49) -> 112 | Y49: =+W49-F49 -> 0
A50: =+IF(E50>0,1,0) -> 1 | B50: AFRICAINE4 la fontaine | C50: G2 | D50: cash | E50: 14 | F50: =E50*7 -> 98 | G50: 46035 | H50: =+IF(A50=1,(+TODAY())-G50,"Sans objet") -> 273 | I50: 3 | J50: =VLOOKUP(I50,Secteurs!$A$2:$C$4,3) -> Armel SOKAMBA | K50: 0.5 | P50: 0.5 | Q50: =+$F50*K50 -> 49 | R50: =+$F50*L50 -> 0 | S50: =+$F50*M50 -> 0 | T50: =+$F50*N50 -> 0 | U50: =+$F50*O50 -> 0 | V50: =+$F50*P50 -> 49 | W50: =SUM(Q50:V50) -> 98 | Y50: =+W50-F50 -> 0
A51: =+IF(E51>0,1,0) -> 1 | B51: AFRICAINE5 ngoyo avenue taty loutard | C51: G2 | D51: cash | E51: 24 | F51: =E51*7 -> 168 | G51: 46038 | H51: =+IF(A51=1,(+TODAY())-G51,"Sans objet") -> 270 | I51: 3 | J51: =VLOOKUP(I51,Secteurs!$A$2:$C$4,3) -> Armel SOKAMBA | K51: 0.5 | P51: 0.5 | Q51: =+$F51*K51 -> 84 | R51: =+$F51*L51 -> 0 | S51: =+$F51*M51 -> 0 | T51: =+$F51*N51 -> 0 | U51: =+$F51*O51 -> 0 | V51: =+$F51*P51 -> 84 | W51: =SUM(Q51:V51) -> 168 | Y51: =+W51-F51 -> 0
A52: =+IF(E52>0,1,0) -> 1 | B52: AFRICAINE6 ngoyo central | C52: G2 | D52: cash | E52: 24 | F52: =E52*7 -> 168 | G52: 46038 | H52: =+IF(A52=1,(+TODAY())-G52,"Sans objet") -> 270 | I52: 3 | J52: =VLOOKUP(I52,Secteurs!$A$2:$C$4,3) -> Armel SOKAMBA | K52: 0.5 | P52: 0.5 | Q52: =+$F52*K52 -> 84 | R52: =+$F52*L52 -> 0 | S52: =+$F52*M52 -> 0 | T52: =+$F52*N52 -> 0 | U52: =+$F52*O52 -> 0 | V52: =+$F52*P52 -> 84 | W52: =SUM(Q52:V52) -> 168 | Y52: =+W52-F52 -> 0
A53: =+IF(E53>0,1,0) -> 1 | B53: AFRICAINE7 nzassi | C53: G2 | D53: cash | E53: 18 | F53: =E53*7 -> 126 | G53: 46029 | H53: =+IF(A53=1,(+TODAY())-G53,"Sans objet") -> 279 | I53: 3 | J53: =VLOOKUP(I53,Secteurs!$A$2:$C$4,3) -> Armel SOKAMBA | K53: 1 | Q53: =+$F53*K53 -> 126 | R53: =+$F53*L53 -> 0 | S53: =+$F53*M53 -> 0 | T53: =+$F53*N53 -> 0 | U53: =+$F53*O53 -> 0 | V53: =+$F53*P53 -> 0 | W53: =SUM(Q53:V53) -> 126 | Y53: =+W53-F53 -> 0
A54: =+IF(E54>0,1,0) -> 1 | B54: ML AFRICAINE marché faubourd | C54: G2 | D54: cash | E54: 16 | F54: =E54*7 -> 112 | G54: 46045 | H54: =+IF(A54=1,(+TODAY())-G54,"Sans objet") -> 263 | I54: 1 | J54: =VLOOKUP(I54,Secteurs!$A$2:$C$4,3) -> Alexis MABOUNDA | K54: 0.5 | P54: 0.5 | Q54: =+$F54*K54 -> 56 | R54: =+$F54*L54 -> 0 | S54: =+$F54*M54 -> 0 | T54: =+$F54*N54 -> 0 | U54: =+$F54*O54 -> 0 | V54: =+$F54*P54 -> 56 | W54: =SUM(Q54:V54) -> 112 | Y54: =+W54-F54 -> 0
A55: =+IF(E55>0,1,0) -> 1 | B55: SUPER MIE ex MLD raffinerie | C55: G2 | D55: crédit | E55: 30 | F55: =E55*7 -> 210 | G55: 46045 | H55: =+IF(A55=1,(+TODAY())-G55,"Sans objet") -> 263 | I55: 1 | J55: =VLOOKUP(I55,Secteurs!$A$2:$C$4,3) -> Alexis MABOUNDA | K55: 0.5 | M55: 0.25 | N55: 0.25 | Q55: =+$F55*K55 -> 105 | R55: =+$F55*L55 -> 0 | S55: =+$F55*M55 -> 52.5 | T55: =+$F55*N55 -> 52.5 | U55: =+$F55*O55 -> 0 | V55: =+$F55*P55 -> 0 | W55: =SUM(Q55:V55) -> 210 | Y55: =+W55-F55 -> 0
A56: =+IF(E56>0,1,0) -> 1 | B56: ELKOUZ marché faubourg | C56: G2 | D56: crédit | E56: 54 | F56: =E56*7 -> 378 | G56: 46045 | H56: =+IF(A56=1,(+TODAY())-G56,"Sans objet") -> 263 | I56: 1 | J56: =VLOOKUP(I56,Secteurs!$A$2:$C$4,3) -> Alexis MABOUNDA | M56: 0.5 | P56: 0.5 | Q56: =+$F56*K56 -> 0 | R56: =+$F56*L56 -> 0 | S56: =+$F56*M56 -> 189 | T56: =+$F56*N56 -> 0 | U56: =+$F56*O56 -> 0 | V56: =+$F56*P56 -> 189 | W56: =SUM(Q56:V56) -> 378 | Y56: =+W56-F56 -> 0
A57: =+IF(E57>0,1,0) -> 1 | B57: AYA fond -tié-tié | C57: G2 | D57: cash | E57: 28 | F57: =E57*7 -> 196 | G57: 46036 | H57: =+IF(A57=1,(+TODAY())-G57,"Sans objet") -> 272 | I57: 3 | J57: =VLOOKUP(I57,Secteurs!$A$2:$C$4,3) -> Armel SOKAMBA | L57: 0.5 | P57: 0.5 | Q57: =+$F57*K57 -> 0 | R57: =+$F57*L57 -> 98 | S57: =+$F57*M57 -> 0 | T57: =+$F57*N57 -> 0 | U57: =+$F57*O57 -> 0 | V57: =+$F57*P57 -> 98 | W57: =SUM(Q57:V57) -> 196 | Y57: =+W57-F57 -> 0
A58: =+IF(E58>0,1,0) -> 1 | B58: LALA thyster | C58: G2 | D58: crédit | E58: 26 | F58: =E58*7 -> 182 | G58: 46043 | H58: =+IF(A58=1,(+TODAY())-G58,"Sans objet") -> 265 | I58: 1 | J58: =VLOOKUP(I58,Secteurs!$A$2:$C$4,3) -> Alexis MABOUNDA | M58: 0.5 | P58: 0.5 | Q58: =+$F58*K58 -> 0 | R58: =+$F58*L58 -> 0 | S58: =+$F58*M58 -> 91 | T58: =+$F58*N58 -> 0 | U58: =+$F58*O58 -> 0 | V58: =+$F58*P58 -> 91 | W58: =SUM(Q58:V58) -> 182 | Y58: =+W58-F58 -> 0
A59: =+IF(E59>0,1,0) -> 1 | B59: LALA thyster extension | C59: G2 | D59: crédit | E59: 20 | F59: =E59*7 -> 140 | G59: 46043 | H59: =+IF(A59=1,(+TODAY())-G59,"Sans objet") -> 265 | I59: 1 | J59: =VLOOKUP(I59,Secteurs!$A$2:$C$4,3) -> Alexis MABOUNDA | M59: 0.5 | N59: 0.5 | Q59: =+$F59*K59 -> 0 | R59: =+$F59*L59 -> 0 | S59: =+$F59*M59 -> 70 | T59: =+$F59*N59 -> 70 | U59: =+$F59*O59 -> 0 | V59: =+$F59*P59 -> 0 | W59: =SUM(Q59:V59) -> 140 | Y59: =+W59-F59 -> 0
A60: =+IF(E60>0,1,0) -> 1 | B60: EL WAVA vindoulou | C60: G2 | D60: crédit | E60: 24 | F60: =E60*7 -> 168 | G60: 46043 | H60: =+IF(A60=1,(+TODAY())-G60,"Sans objet") -> 265 | I60: 1 | J60: =VLOOKUP(I60,Secteurs!$A$2:$C$4,3) -> Alexis MABOUNDA | K60: 0.5 | M60: 0.5 | Q60: =+$F60*K60 -> 84 | R60: =+$F60*L60 -> 0 | S60: =+$F60*M60 -> 84 | T60: =+$F60*N60 -> 0 | U60: =+$F60*O60 -> 0 | V60: =+$F60*P60 -> 0 | W60: =SUM(Q60:V60) -> 168 | Y60: =+W60-F60 -> 0
A61: =+IF(E61>0,1,0) -> 1 | B61: MOUNGA PAIN avenue thyster movis | C61: G2 | D61: crédit | E61: 30 | F61: =E61*7 -> 210 | G61: 46043 | H61: =+IF(A61=1,(+TODAY())-G61,"Sans objet") -> 265 | I61: 1 | J61: =VLOOKUP(I61,Secteurs!$A$2:$C$4,3) -> Alexis MABOUNDA | M61: 0.25 | N61: 0.25 | P61: 0.5 | Q61: =+$F61*K61 -> 0 | R61: =+$F61*L61 -> 0 | S61: =+$F61*M61 -> 52.5 | T61: =+$F61*N61 -> 52.5 | U61: =+$F61*O61 -> 0 | V61: =+$F61*P61 -> 105 | W61: =SUM(Q61:V61) -> 210 | Y61: =+W61-F61 -> 0
A62: =+IF(E62>0,1,0) -> 1 | B62: MOUNGA PAIN trabec mont kamba | C62: G2 | D62: crédit | E62: 36 | F62: =E62*7 -> 252 | G62: 46043 | H62: =+IF(A62=1,(+TODAY())-G62,"Sans objet") -> 265 | I62: 1 | J62: =VLOOKUP(I62,Secteurs!$A$2:$C$4,3) -> Alexis MABOUNDA | M62: 0.5 | P62: 0.5 | Q62: =+$F62*K62 -> 0 | R62: =+$F62*L62 -> 0 | S62: =+$F62*M62 -> 126 | T62: =+$F62*N62 -> 0 | U62: =+$F62*O62 -> 0 | V62: =+$F62*P62 -> 126 | W62: =SUM(Q62:V62) -> 252 | Y62: =+W62-F62 -> 0
A63: =+IF(E63>0,1,0) -> 1 | B63: MOUNGA PAIN tsourou | C63: G2 | D63: crédit | E63: 26 | F63: =E63*7 -> 182 | G63: 46043 | H63: =+IF(A63=1,(+TODAY())-G63,"Sans objet") -> 265 | I63: 1 | J63: =VLOOKUP(I63,Secteurs!$A$2:$C$4,3) -> Alexis MABOUNDA | K63: 0.5 | P63: 0.5 | Q63: =+$F63*K63 -> 91 | R63: =+$F63*L63 -> 0 | S63: =+$F63*M63 -> 0 | T63: =+$F63*N63 -> 0 | U63: =+$F63*O63 -> 0 | V63: =+$F63*P63 -> 91 | W63: =SUM(Q63:V63) -> 182 | Y63: =+W63-F63 -> 0
A64: =+IF(E64>0,1,0) -> 1 | B64: PARIS PAIN 1 | C64: G2 | D64: crédit | E64: 20 | F64: =E64*7 -> 140 | G64: 46042 | H64: =+IF(A64=1,(+TODAY())-G64,"Sans objet") -> 266 | I64: 2 | J64: =VLOOKUP(I64,Secteurs!$A$2:$C$4,3) -> Félix OVOURA | K64: 0.5 | N64: 0.5 | Q64: =+$F64*K64 -> 70 | R64: =+$F64*L64 -> 0 | S64: =+$F64*M64 -> 0 | T64: =+$F64*N64 -> 70 | U64: =+$F64*O64 -> 0 | V64: =+$F64*P64 -> 0 | W64: =SUM(Q64:V64) -> 140 | Y64: =+W64-F64 -> 0
A65: =+IF(E65>0,1,0) -> 1 | B65: MAKKAH GM ex baguette d'amour | C65: G2 | D65: crédit | E65: 24 | F65: =E65*7 -> 168 | G65: 46041 | H65: =+IF(A65=1,(+TODAY())-G65,"Sans objet") -> 267 | I65: 2 | J65: Thérèse LOUKEBA | P65: 1 | Q65: =+$F65*K65 -> 0 | R65: =+$F65*L65 -> 0 | S65: =+$F65*M65 -> 0 | T65: =+$F65*N65 -> 0 | U65: =+$F65*O65 -> 0 | V65: =+$F65*P65 -> 168 | W65: =SUM(Q65:V65) -> 168 | Y65: =+W65-F65 -> 0
A66: =+IF(E66>0,1,0) -> 1 | B66: BABA EX MAKKAH Vindoulou station | C66: G2 | D66: crédit | E66: 22 | F66: =E66*7 -> 154 | G66: 46043 | H66: =+IF(A66=1,(+TODAY())-G66,"Sans objet") -> 265 | I66: 1 | J66: =VLOOKUP(I66,Secteurs!$A$2:$C$4,3) -> Alexis MABOUNDA | K66: 0.5 | L66: 0.25 | M66: 0.25 | Q66: =+$F66*K66 -> 77 | R66: =+$F66*L66 -> 38.5 | S66: =+$F66*M66 -> 38.5 | T66: =+$F66*N66 -> 0 | U66: =+$F66*O66 -> 0 | V66: =+$F66*P66 -> 0 | W66: =SUM(Q66:V66) -> 154 | Y66: =+W66-F66 -> 0
A67: =+IF(E67>0,1,0) -> 1 | B67: MAKKAH grand marché nina service | C67: G2 | D67: crédit | E67: 30 | F67: =E67*7 -> 210 | G67: 46045 | H67: =+IF(A67=1,(+TODAY())-G67,"Sans objet") -> 263 | I67: 2 | J67: =VLOOKUP(I67,Secteurs!$A$2:$C$4,3) -> Félix OVOURA | K67: 0.5 | P67: 0.5 | Q67: =+$F67*K67 -> 105 | R67: =+$F67*L67 -> 0 | S67: =+$F67*M67 -> 0 | T67: =+$F67*N67 -> 0 | U67: =+$F67*O67 -> 0 | V67: =+$F67*P67 -> 105 | W67: =SUM(Q67:V67) -> 210 | Y67: =+W67-F67 -> 0
A68: =+IF(E68>0,1,0) -> 1 | B68: BABA EX MAKKAH marché nkounikou1 | C68: G2 | D68: crédit | E68: 22 | F68: =E68*7 -> 154 | G68: 46043 | H68: =+IF(A68=1,(+TODAY())-G68,"Sans objet") -> 265 | I68: 1 | J68: =VLOOKUP(I68,Secteurs!$A$2:$C$4,3) -> Alexis MABOUNDA | K68: 0.5 | P68: 0.5 | Q68: =+$F68*K68 -> 77 | R68: =+$F68*L68 -> 0 | S68: =+$F68*M68 -> 0 | T68: =+$F68*N68 -> 0 | U68: =+$F68*O68 -> 0 | V68: =+$F68*P68 -> 77 | W68: =SUM(Q68:V68) -> 154 | Y68: =+W68-F68 -> 0
A69: =+IF(E69>0,1,0) -> 1 | B69: MAKKAH voungou péchana | C69: G2 | D69: crédit | E69: 24 | F69: =E69*7 -> 168 | G69: 46044 | H69: =+IF(A69=1,(+TODAY())-G69,"Sans objet") -> 264 | I69: 3 | J69: =VLOOKUP(I69,Secteurs!$A$2:$C$4,3) -> Armel SOKAMBA | K69: 0.5 | P69: 0.5 | Q69: =+$F69*K69 -> 84 | R69: =+$F69*L69 -> 0 | S69: =+$F69*M69 -> 0 | T69: =+$F69*N69 -> 0 | U69: =+$F69*O69 -> 0 | V69: =+$F69*P69 -> 84 | W69: =SUM(Q69:V69) -> 168 | Y69: =+W69-F69 -> 0
A70: =+IF(E70>0,1,0) -> 1 | B70: MAKKAH marché nkounikou2 | C70: G2 | D70: crédit | E70: 26 | F70: =E70*7 -> 182 | G70: 46043 | H70: =+IF(A70=1,(+TODAY())-G70,"Sans objet") -> 265 | I70: 1 | J70: =VLOOKUP(I70,Secteurs!$A$2:$C$4,3) -> Alexis MABOUNDA | K70: 0.5 | P70: 0.5 | Q70: =+$F70*K70 -> 91 | R70: =+$F70*L70 -> 0 | S70: =+$F70*M70 -> 0 | T70: =+$F70*N70 -> 0 | U70: =+$F70*O70 -> 0 | V70: =+$F70*P70 -> 91 | W70: =SUM(Q70:V70) -> 182 | Y70: =+W70-F70 -> 0
A71: =+IF(E71>0,1,0) -> 1 | B71: MAKKAH fond tié tié ex El emele | C71: G2 | D71: crédit | E71: 20 | F71: =E71*7 -> 140 | G71: 46037 | H71: =+IF(A71=1,(+TODAY())-G71,"Sans objet") -> 271 | I71: 2 | J71: =VLOOKUP(I71,Secteurs!$A$2:$C$4,3) -> Félix OVOURA | O71: 0.5 | P71: 0.5 | Q71: =+$F71*K71 -> 0 | R71: =+$F71*L71 -> 0 | S71: =+$F71*M71 -> 0 | T71: =+$F71*N71 -> 0 | U71: =+$F71*O71 -> 70 | V71: =+$F71*P71 -> 70 | W71: =SUM(Q71:V71) -> 140 | Y71: =+W71-F71 -> 0
A72: =+IF(E72>0,1,0) -> 1 | B72: MAKKAH TR Balou constant loandjili | C72: G2 | D72: crédit | E72: 24 | F72: =E72*7 -> 168 | G72: 46034 | H72: =+IF(A72=1,(+TODAY())-G72,"Sans objet") -> 274 | I72: 1 | J72: Thérèse LOUKEBA | L72: 0.5 | O72: 0.5 | Q72: =+$F72*K72 -> 0 | R72: =+$F72*L72 -> 84 | S72: =+$F72*M72 -> 0 | T72: =+$F72*N72 -> 0 | U72: =+$F72*O72 -> 84 | V72: =+$F72*P72 -> 0 | W72: =SUM(Q72:V72) -> 168 | Y72: =+W72-F72 -> 0
A73: =+IF(E73>0,1,0) -> 1 | B73: L-KAMARA EX SOLIDARITE mpita | C73: G2 | D73: cash | E73: 20 | F73: =E73*7 -> 140 | G73: 46042 | H73: =+IF(A73=1,(+TODAY())-G73,"Sans objet") -> 266 | I73: 2 | J73: =VLOOKUP(I73,Secteurs!$A$2:$C$4,3) -> Félix OVOURA | M73: 0.5 | O73: 0.5 | Q73: =+$F73*K73 -> 0 | R73: =+$F73*L73 -> 0 | S73: =+$F73*M73 -> 70 | T73: =+$F73*N73 -> 0 | U73: =+$F73*O73 -> 70 | V73: =+$F73*P73 -> 0 | W73: =SUM(Q73:V73) -> 140 | Y73: =+W73-F73 -> 0
A74: =+IF(E74>0,1,0) -> 1 | B74: L-KAKARA ex SOLIDARITE makayabou | C74: G2 | D74: cash | E74: 24 | F74: =E74*7 -> 168 | G74: 46041 | H74: =+IF(A74=1,(+TODAY())-G74,"Sans objet") -> 267 | I74: 1 | J74: Thérèse LOUKEBA | M74: 0.5 | O74: 0.5 | Q74: =+$F74*K74 -> 0 | R74: =+$F74*L74 -> 0 | S74: =+$F74*M74 -> 84 | T74: =+$F74*N74 -> 0 | U74: =+$F74*O74 -> 84 | V74: =+$F74*P74 -> 0 | W74: =SUM(Q74:V74) -> 168 | Y74: =+W74-F74 -> 0
A75: =+IF(E75>0,1,0) -> 1 | B75: ZEYNAB ex chebou loussala | C75: G2 | D75: crédit | E75: 18 | F75: =E75*7 -> 126 | G75: 46044 | H75: =+IF(A75=1,(+TODAY())-G75,"Sans objet") -> 264 | I75: 3 | J75: =VLOOKUP(I75,Secteurs!$A$2:$C$4,3) -> Armel SOKAMBA | L75: 0.5 | M75: 0.5 | Q75: =+$F75*K75 -> 0 | R75: =+$F75*L75 -> 63 | S75: =+$F75*M75 -> 63 | T75: =+$F75*N75 -> 0 | U75: =+$F75*O75 -> 0 | V75: =+$F75*P75 -> 0 | W75: =SUM(Q75:V75) -> 126 | Y75: =+W75-F75 -> 0
A76: =+IF(E76>0,1,0) -> 1 | B76: ZEYNAB ex chebou amour du pays | C76: G2 | D76: crédit | E76: 28 | F76: =E76*7 -> 196 | G76: 46044 | H76: =+IF(A76=1,(+TODAY())-G76,"Sans objet") -> 264 | I76: 3 | J76: =VLOOKUP(I76,Secteurs!$A$2:$C$4,3) -> Armel SOKAMBA | K76: 0.5 | N76: 0.5 | Q76: =+$F76*K76 -> 98 | R76: =+$F76*L76 -> 0 | S76: =+$F76*M76 -> 0 | T76: =+$F76*N76 -> 98 | U76: =+$F76*O76 -> 0 | V76: =+$F76*P76 -> 0 | W76: =SUM(Q76:V76) -> 196 | Y76: =+W76-F76 -> 0
A77: =+IF(E77>0,1,0) -> 1 | B77: ZEYNAB ex chebou marché tchinkounkou | C77: G2 | D77: crédit | E77: 14 | F77: =E77*7 -> 98 | G77: 46027 | H77: =+IF(A77=1,(+TODAY())-G77,"Sans objet") -> 281 | I77: 3 | J77: =VLOOKUP(I77,Secteurs!$A$2:$C$4,3) -> Armel SOKAMBA | K77: 0.5 | N77: 0.5 | Q77: =+$F77*K77 -> 49 | R77: =+$F77*L77 -> 0 | S77: =+$F77*M77 -> 0 | T77: =+$F77*N77 -> 49 | U77: =+$F77*O77 -> 0 | V77: =+$F77*P77 -> 0 | W77: =SUM(Q77:V77) -> 98 | Y77: =+W77-F77 -> 0
A78: =+IF(E78>0,1,0) -> 1 | B78: ZEYNAB PATRA hopital de base | C78: G2 | D78: crédit | E78: 20 | F78: =E78*7 -> 140 | G78: 46038 | H78: =+IF(A78=1,(+TODAY())-G78,"Sans objet") -> 270 | I78: 3 | J78: =VLOOKUP(I78,Secteurs!$A$2:$C$4,3) -> Armel SOKAMBA | L78: 1 | Q78: =+$F78*K78 -> 0 | R78: =+$F78*L78 -> 140 | S78: =+$F78*M78 -> 0 | T78: =+$F78*N78 -> 0 | U78: =+$F78*O78 -> 0 | V78: =+$F78*P78 -> 0 | W78: =SUM(Q78:V78) -> 140 | Y78: =+W78-F78 -> 0
A79: =+IF(E79>0,1,0) -> 1 | B79: HASSAN nzasi | C79: G2 | D79: cash | E79: 20 | F79: =E79*7 -> 140 | G79: 46029 | H79: =+IF(A79=1,(+TODAY())-G79,"Sans objet") -> 279 | I79: 3 | J79: =VLOOKUP(I79,Secteurs!$A$2:$C$4,3) -> Armel SOKAMBA | K79: 0.5 | P79: 0.5 | Q79: =+$F79*K79 -> 70 | R79: =+$F79*L79 -> 0 | S79: =+$F79*M79 -> 0 | T79: =+$F79*N79 -> 0 | U79: =+$F79*O79 -> 0 | V79: =+$F79*P79 -> 70 | W79: =SUM(Q79:V79) -> 140 | Y79: =+W79-F79 -> 0
A80: =+IF(E80>0,1,0) -> 1 | B80: SUPER QUALITE marhé foire | C80: G2 | D80: crédit | E80: 10 | F80: =E80*7 -> 70 | G80: 46043 | H80: =+IF(A80=1,(+TODAY())-G80,"Sans objet") -> 265 | I80: 1 | J80: =VLOOKUP(I80,Secteurs!$A$2:$C$4,3) -> Alexis MABOUNDA | P80: 1 | Q80: =+$F80*K80 -> 0 | R80: =+$F80*L80 -> 0 | S80: =+$F80*M80 -> 0 | T80: =+$F80*N80 -> 0 | U80: =+$F80*O80 -> 0 | V80: =+$F80*P80 -> 70 | W80: =SUM(Q80:V80) -> 70 | Y80: =+W80-F80 -> 0
A81: =+IF(E81>0,1,0) -> 1 | B81: BON CHOIX ngoyo | C81: Direct | D81: cash | E81: 18 | F81: =E81*7 -> 126 | G81: 46038 | H81: =+IF(A81=1,(+TODAY())-G81,"Sans objet") -> 270 | I81: 3 | J81: =VLOOKUP(I81,Secteurs!$A$2:$C$4,3) -> Armel SOKAMBA | K81: 0.5 | N81: 0.5 | Q81: =+$F81*K81 -> 63 | R81: =+$F81*L81 -> 0 | S81: =+$F81*M81 -> 0 | T81: =+$F81*N81 -> 63 | U81: =+$F81*O81 -> 0 | V81: =+$F81*P81 -> 0 | W81: =SUM(Q81:V81) -> 126 | Y81: =+W81-F81 -> 0
A82: =+IF(E82>0,1,0) -> 1 | B82: BON CHOIX ex GAZA2 km4 | C82: Direct | D82: cash | E82: 10 | F82: =E82*7 -> 70 | G82: 46042 | H82: =+IF(A82=1,(+TODAY())-G82,"Sans objet") -> 266 | I82: 2 | J82: =VLOOKUP(I82,Secteurs!$A$2:$C$4,3) -> Félix OVOURA | N82: 1 | Q82: =+$F82*K82 -> 0 | R82: =+$F82*L82 -> 0 | S82: =+$F82*M82 -> 0 | T82: =+$F82*N82 -> 70 | U82: =+$F82*O82 -> 0 | V82: =+$F82*P82 -> 0 | W82: =SUM(Q82:V82) -> 70 | Y82: =+W82-F82 -> 0
A83: =+IF(E83>0,1,0) -> 1 | B83: BM EX ELKER WENVIR vindoulou arrêt sapin | C83: G2 | D83: cash | E83: 22 | F83: =E83*7 -> 154 | G83: 46043 | H83: =+IF(A83=1,(+TODAY())-G83,"Sans objet") -> 265 | I83: 1 | J83: Thérèse LOUKEBA | M83: 0.5 | P83: 0.5 | Q83: =+$F83*K83 -> 0 | R83: =+$F83*L83 -> 0 | S83: =+$F83*M83 -> 77 | T83: =+$F83*N83 -> 0 | U83: =+$F83*O83 -> 0 | V83: =+$F83*P83 -> 77 | W83: =SUM(Q83:V83) -> 154 | Y83: =+W83-F83 -> 0
A84: =+IF(E84>0,1,0) -> 1 | B84: CONGO FUTUR grand marché | C84: G2 | D84: crédit | E84: 30 | F84: =E84*7 -> 210 | G84: 46041 | H84: =+IF(A84=1,(+TODAY())-G84,"Sans objet") -> 267 | I84: 2 | J84: =VLOOKUP(I84,Secteurs!$A$2:$C$4,3) -> Félix OVOURA | N84: 0.5 | P84: 0.5 | Q84: =+$F84*K84 -> 0 | R84: =+$F84*L84 -> 0 | S84: =+$F84*M84 -> 0 | T84: =+$F84*N84 -> 105 | U84: =+$F84*O84 -> 0 | V84: =+$F84*P84 -> 105 | W84: =SUM(Q84:V84) -> 210 | Y84: =+W84-F84 -> 0
A85: =+IF(E85>0,1,0) -> 1 | B85: CONGO FUTUR faubourg | C85: G2 | D85: crédit | E85: 24 | F85: =E85*7 -> 168 | G85: 46045 | H85: =+IF(A85=1,(+TODAY())-G85,"Sans objet") -> 263 | I85: 1 | J85: =VLOOKUP(I85,Secteurs!$A$2:$C$4,3) -> Alexis MABOUNDA | N85: 0.5 | P85: 0.5 | Q85: =+$F85*K85 -> 0 | R85: =+$F85*L85 -> 0 | S85: =+$F85*M85 -> 0 | T85: =+$F85*N85 -> 84 | U85: =+$F85*O85 -> 0 | V85: =+$F85*P85 -> 84 | W85: =SUM(Q85:V85) -> 168 | Y85: =+W85-F85 -> 0
A86: =+IF(E86>0,1,0) -> 1 | B86: CONGO FUTUR carrefour rafinnerie | C86: G2 | D86: crédit | E86: 24 | F86: =E86*7 -> 168 | G86: 46045 | H86: =+IF(A86=1,(+TODAY())-G86,"Sans objet") -> 263 | I86: 1 | J86: =VLOOKUP(I86,Secteurs!$A$2:$C$4,3) -> Alexis MABOUNDA | N86: 0.5 | P86: 0.5 | Q86: =+$F86*K86 -> 0 | R86: =+$F86*L86 -> 0 | S86: =+$F86*M86 -> 0 | T86: =+$F86*N86 -> 84 | U86: =+$F86*O86 -> 0 | V86: =+$F86*P86 -> 84 | W86: =SUM(Q86:V86) -> 168 | Y86: =+W86-F86 -> 0
A87: =+IF(E87>0,1,0) -> 1 | B87: CONGO FUTUR terre jaune | C87: G2 | D87: crédit | E87: 26 | F87: =E87*7 -> 182 | G87: 46045 | H87: =+IF(A87=1,(+TODAY())-G87,"Sans objet") -> 263 | I87: 1 | J87: =VLOOKUP(I87,Secteurs!$A$2:$C$4,3) -> Alexis MABOUNDA | N87: 0.5 | P87: 0.5 | Q87: =+$F87*K87 -> 0 | R87: =+$F87*L87 -> 0 | S87: =+$F87*M87 -> 0 | T87: =+$F87*N87 -> 91 | U87: =+$F87*O87 -> 0 | V87: =+$F87*P87 -> 91 | W87: =SUM(Q87:V87) -> 182 | Y87: =+W87-F87 -> 0
A88: =+IF(E88>0,1,0) -> 1 | B88: CONGO FUTUR arrêt manguier | C88: G2 | D88: crédit | E88: 24 | F88: =E88*7 -> 168 | G88: 46045 | H88: =+IF(A88=1,(+TODAY())-G88,"Sans objet") -> 263 | I88: 1 | J88: =VLOOKUP(I88,Secteurs!$A$2:$C$4,3) -> Alexis MABOUNDA | N88: 0.5 | P88: 0.5 | Q88: =+$F88*K88 -> 0 | R88: =+$F88*L88 -> 0 | S88: =+$F88*M88 -> 0 | T88: =+$F88*N88 -> 84 | U88: =+$F88*O88 -> 0 | V88: =+$F88*P88 -> 84 | W88: =SUM(Q88:V88) -> 168 | Y88: =+W88-F88 -> 0
A89: =+IF(E89>0,1,0) -> 1 | B89: CONGO FUTUR rafinerie 1er camp | C89: G2 | D89: crédit | E89: 24 | F89: =E89*7 -> 168 | G89: 46045 | H89: =+IF(A89=1,(+TODAY())-G89,"Sans objet") -> 263 | I89: 1 | J89: =VLOOKUP(I89,Secteurs!$A$2:$C$4,3) -> Alexis MABOUNDA | N89: 0.5 | P89: 0.5 | Q89: =+$F89*K89 -> 0 | R89: =+$F89*L89 -> 0 | S89: =+$F89*M89 -> 0 | T89: =+$F89*N89 -> 84 | U89: =+$F89*O89 -> 0 | V89: =+$F89*P89 -> 84 | W89: =SUM(Q89:V89) -> 168 | Y89: =+W89-F89 -> 0
A90: =+IF(E90>0,1,0) -> 1 | B90: CONGO FUTUR fond tié-tié | C90: G2 | D90: crédit | E90: 24 | F90: =E90*7 -> 168 | G90: 46037 | H90: =+IF(A90=1,(+TODAY())-G90,"Sans objet") -> 271 | I90: 2 | J90: =VLOOKUP(I90,Secteurs!$A$2:$C$4,3) -> Félix OVOURA | L90: 0.5 | N90: 0.5 | Q90: =+$F90*K90 -> 0 | R90: =+$F90*L90 -> 84 | S90: =+$F90*M90 -> 0 | T90: =+$F90*N90 -> 84 | U90: =+$F90*O90 -> 0 | V90: =+$F90*P90 -> 0 | W90: =SUM(Q90:V90) -> 168 | Y90: =+W90-F90 -> 0
A91: =+IF(E91>0,1,0) -> 1 | B91: CONGO FUTUR moukondo | C91: G2 | D91: cash | E91: 20 | F91: =E91*7 -> 140 | G91: 46045 | H91: =+IF(A91=1,(+TODAY())-G91,"Sans objet") -> 263 | I91: 1 | J91: Thérèse LOUKEBA | N91: 0.5 | P91: 0.5 | Q91: =+$F91*K91 -> 0 | R91: =+$F91*L91 -> 0 | S91: =+$F91*M91 -> 0 | T91: =+$F91*N91 -> 70 | U91: =+$F91*O91 -> 0 | V91: =+$F91*P91 -> 70 | W91: =SUM(Q91:V91) -> 140 | Y91: =+W91-F91 -> 0
A92: =+IF(E92>0,1,0) -> 1 | B92: CONGO FUTUR marché culotte | C92: G2 | D92: cash | E92: 28 | F92: =E92*7 -> 196 | G92: 46034 | H92: =+IF(A92=1,(+TODAY())-G92,"Sans objet") -> 274 | I92: 1 | J92: =VLOOKUP(I92,Secteurs!$A$2:$C$4,3) -> Alexis MABOUNDA | L92: 0.5 | P92: 0.5 | Q92: =+$F92*K92 -> 0 | R92: =+$F92*L92 -> 98 | S92: =+$F92*M92 -> 0 | T92: =+$F92*N92 -> 0 | U92: =+$F92*O92 -> 0 | V92: =+$F92*P92 -> 98 | W92: =SUM(Q92:V92) -> 196 | Y92: =+W92-F92 -> 0
A93: =+IF(E93>0,1,0) -> 1 | B93: MEA 7/7ex baguette d'asta | C93: Autre | D93: cash | E93: 18 | F93: =E93*7 -> 126 | G93: 46037 | H93: =+IF(A93=1,(+TODAY())-G93,"Sans objet") -> 271 | I93: 2 | J93: =VLOOKUP(I93,Secteurs!$A$2:$C$4,3) -> Félix OVOURA | N93: 0.5 | P93: 0.5 | Q93: =+$F93*K93 -> 0 | R93: =+$F93*L93 -> 0 | S93: =+$F93*M93 -> 0 | T93: =+$F93*N93 -> 63 | U93: =+$F93*O93 -> 0 | V93: =+$F93*P93 -> 63 | W93: =SUM(Q93:V93) -> 126 | Y93: =+W93-F93 -> 0
A94: =+IF(E94>0,1,0) -> 1 | B94: PARIS PAIN 2 ex baguette d'asta mpita | C94: G2 | D94: crédit | E94: 20 | F94: =E94*7 -> 140 | G94: 46042 | H94: =+IF(A94=1,(+TODAY())-G94,"Sans objet") -> 266 | I94: 2 | J94: Thérèse LOUKEBA | K94: 0.5 | N94: 0.5 | Q94: =+$F94*K94 -> 70 | R94: =+$F94*L94 -> 0 | S94: =+$F94*M94 -> 0 | T94: =+$F94*N94 -> 70 | U94: =+$F94*O94 -> 0 | V94: =+$F94*P94 -> 0 | W94: =SUM(Q94:V94) -> 140 | Y94: =+W94-F94 -> 0
A95: =+IF(E95>0,1,0) -> 1 | B95: ELVOZ INCHALLA mbota | C95: Direct | D95: cash | E95: 24 | F95: =E95*7 -> 168 | G95: 46035 | H95: =+IF(A95=1,(+TODAY())-G95,"Sans objet") -> 273 | I95: 3 | J95: Thérèse LOUKEBA | K95: 0.5 | N95: 0.5 | Q95: =+$F95*K95 -> 84 | R95: =+$F95*L95 -> 0 | S95: =+$F95*M95 -> 0 | T95: =+$F95*N95 -> 84 | U95: =+$F95*O95 -> 0 | V95: =+$F95*P95 -> 0 | W95: =SUM(Q95:V95) -> 168 | Y95: =+W95-F95 -> 0
A96: =+IF(E96>0,1,0) -> 1 | B96: BAGUETTE D'EXCELLENCE nkouinkou | C96: Autre | D96: cash | E96: 4 | F96: =E96*7 -> 28 | G96: 46043 | H96: =+IF(A96=1,(+TODAY())-G96,"Sans objet") -> 265 | I96: 1 | J96: =VLOOKUP(I96,Secteurs!$A$2:$C$4,3) -> Alexis MABOUNDA | M96: 1 | Q96: =+$F96*K96 -> 0 | R96: =+$F96*L96 -> 0 | S96: =+$F96*M96 -> 28 | T96: =+$F96*N96 -> 0 | U96: =+$F96*O96 -> 0 | V96: =+$F96*P96 -> 0 | W96: =SUM(Q96:V96) -> 28 | Y96: =+W96-F96 -> 0
A97: =+IF(E97>0,1,0) -> 1 | B97: BOUDI mvou-mvou | C97: Autre | D97: cash | E97: 4 | F97: =E97*7 -> 28 | G97: 46041 | H97: =+IF(A97=1,(+TODAY())-G97,"Sans objet") -> 267 | I97: 2 | J97: =VLOOKUP(I97,Secteurs!$A$2:$C$4,3) -> Félix OVOURA | N97: 0.5 | O97: 0.5 | Q97: =+$F97*K97 -> 0 | R97: =+$F97*L97 -> 0 | S97: =+$F97*M97 -> 0 | T97: =+$F97*N97 -> 14 | U97: =+$F97*O97 -> 14 | V97: =+$F97*P97 -> 0 | W97: =SUM(Q97:V97) -> 28 | Y97: =+W97-F97 -> 0
A98: =+IF(E98>0,1,0) -> 1 | B98: ELVETH/ EX CONGO RIM patra | C98: Autre | D98: cash | E98: 14 | F98: =E98*7 -> 98 | G98: 46038 | H98: =+IF(A98=1,(+TODAY())-G98,"Sans objet") -> 270 | I98: 3 | J98: =VLOOKUP(I98,Secteurs!$A$2:$C$4,3) -> Armel SOKAMBA | K98: 0.5 | P98: 0.5 | Q98: =+$F98*K98 -> 49 | R98: =+$F98*L98 -> 0 | S98: =+$F98*M98 -> 0 | T98: =+$F98*N98 -> 0 | U98: =+$F98*O98 -> 0 | V98: =+$F98*P98 -> 49 | W98: =SUM(Q98:V98) -> 98 | Y98: =+W98-F98 -> 0
A99: =+IF(E99>0,1,0) -> 1 | B99: EL MONA tié tié masola | C99: Autre | D99: cash | E99: 10 | F99: =E99*7 -> 70 | G99: 46035 | H99: =+IF(A99=1,(+TODAY())-G99,"Sans objet") -> 273 | I99: 2 | J99: =VLOOKUP(I99,Secteurs!$A$2:$C$4,3) -> Félix OVOURA | L99: 0.5 | O99: 0.5 | Q99: =+$F99*K99 -> 0 | R99: =+$F99*L99 -> 35 | S99: =+$F99*M99 -> 0 | T99: =+$F99*N99 -> 0 | U99: =+$F99*O99 -> 35 | V99: =+$F99*P99 -> 0 | W99: =SUM(Q99:V99) -> 70 | Y99: =+W99-F99 -> 0
A100: =+IF(E100>0,1,0) -> 1 | B100: EL MONA fond tié-tié | C100: Autre | D100: cash | E100: 20 | F100: =E100*7 -> 140 | G100: 46036 | H100: =+IF(A100=1,(+TODAY())-G100,"Sans objet") -> 272 | I100: 3 | J100: Thérèse LOUKEBA | N100: 0.5 | O100: 0.5 | Q100: =+$F100*K100 -> 0 | R100: =+$F100*L100 -> 0 | S100: =+$F100*M100 -> 0 | T100: =+$F100*N100 -> 70 | U100: =+$F100*O100 -> 70 | V100: =+$F100*P100 -> 0 | W100: =SUM(Q100:V100) -> 140 | Y100: =+W100-F100 -> 0
...

Sheet WEEK5
A1: N° | B1: Boulangerie | C1: Groupe | D1: Type | E1: Cons/j | F1: C° heb | G1: Date Dernière Visite | H1: Période sans visite | I1: Secteur | J1: Technico Commercial | K1: %MINOCO | L1: %FANTA | M1: %GMK | N1: %SGMP | O1: %MFB | P1: %GMC | Q1: MINOCO | R1: FANTA | S1: GMK | T1: SGMP | U1: MFB | V1: GMC | W1: Total | X1: COMMENTAIRES | AA1: Week | AB1: Minoco | AC1: Fanta | AD1: GMPN | AE1: GMK | AF1: SGMP | AG1: MFB | AH1: GMC
A2: =+IF(E2>0,1,0) -> 1 | B2: CONGO FUTUR SIAFOUMOU | C2: G2 | D2: crédit | E2: 20 | F2: =E2*7 -> 140 | G2: 46049 | H2: =+IF(A2=1,(+TODAY())-G2,"Sans objet") -> 259 | I2: 1 | J2: =VLOOKUP(I2,Secteurs!$A$2:$C$4,3) -> Alexis MABOUNDA | N2: 0.5 | P2: 0.5 | Q2: =+$F2*K2 -> 0 | R2: =+$F2*L2 -> 0 | S2: =+$F2*M2 -> 0 | T2: =+$F2*N2 -> 70 | U2: =+$F2*O2 -> 0 | V2: =+$F2*P2 -> 70 | W2: =SUM(Q2:V2) -> 140 | Y2: =+W2-F2 -> 0 | AA2: 2 | AB2: 0.35592619 | AC2: 0.081263307 | AD2: =SUM(AB2:AC2) -> 0.4371895 | AE2: 0.083569908 | AF2: 0.12668559 | AG2: 0.11905607 | AH2: 0.23349894 | AI2: =SUM(AD2:AH2) -> 1
A3: =+IF(E3>0,1,0) -> 1 | B3: EL ATIGH mengo péage | C3: G1 | D3: cash | E3: 26 | F3: =E3*7 -> 182 | G3: 46051 | H3: =+IF(A3=1,(+TODAY())-G3,"Sans objet") -> 257 | I3: 1 | J3: =VLOOKUP(I3,Secteurs!$A$2:$C$4,3) -> Alexis MABOUNDA | M3: 0.5 | O3: 0.25 | P3: 0.25 | Q3: =+$F3*K3 -> 0 | R3: =+$F3*L3 -> 0 | S3: =+$F3*M3 -> 91 | T3: =+$F3*N3 -> 0 | U3: =+$F3*O3 -> 45.5 | V3: =+$F3*P3 -> 45.5 | W3: =SUM(Q3:V3) -> 182 | Y3: =+W3-F3 -> 0 | AA3: 3 | AB3: 0.33262411 | AC3: 0.12659574 | AD3: =SUM(AB3:AC3) -> 0.45921986 | AE3: 0.082801418 | AF3: 0.13244681 | AG3: 0.12641844 | AH3: 0.19911348 | AI3: =SUM(AD3:AH3) -> 1
A4: =+IF(E4>0,1,0) -> 1 | B4: ATAKALKHAYR loandjili | C4: G1 | D4: cash | E4: 32 | F4: =E4*7 -> 224 | G4: 46049 | H4: =+IF(A4=1,(+TODAY())-G4,"Sans objet") -> 259 | I4: 1 | J4: =VLOOKUP(I4,Secteurs!$A$2:$C$4,3) -> Alexis MABOUNDA | K4: 0.5 | O4: 0.5 | Q4: =+$F4*K4 -> 112 | R4: =+$F4*L4 -> 0 | S4: =+$F4*M4 -> 0 | T4: =+$F4*N4 -> 0 | U4: =+$F4*O4 -> 112 | V4: =+$F4*P4 -> 0 | W4: =SUM(Q4:V4) -> 224 | Y4: =+W4-F4 -> 0 | AA4: 4 | AB4: 0.32180663 | AC4: 0.096506704 | AD4: =SUM(AB4:AC4) -> 0.41831334 | AE4: 0.100741 | AF4: 0.15067043 | AG4: 0.099505999 | AH4: 0.23076923 | AI4: =SUM(AD4:AH4) -> 1
A5: =+IF(E5>0,1,0) -> 1 | B5: ATAKALKHAYR fouks | C5: G1 | D5: cash | E5: 28 | F5: =E5*7 -> 196 | G5: 46050 | H5: =+IF(A5=1,(+TODAY())-G5,"Sans objet") -> 258 | I5: 2 | J5: =VLOOKUP(I5,Secteurs!$A$2:$C$4,3) -> Félix OVOURA | K5: 0.5 | O5: 0.5 | Q5: =+$F5*K5 -> 98 | R5: =+$F5*L5 -> 0 | S5: =+$F5*M5 -> 0 | T5: =+$F5*N5 -> 0 | U5: =+$F5*O5 -> 98 | V5: =+$F5*P5 -> 0 | W5: =SUM(Q5:V5) -> 196 | Y5: =+W5-F5 -> 0 | AA5: 5 | AB5: 0.3431715 | AC5: 0.10059378 | AD5: =SUM(AB5:AC5) -> 0.44376528 | AE5: 0.091687042 | AF5: 0.15420887 | AG5: 0.10932588 | AH5: 0.20101292 | AI5: =SUM(AD5:AH5) -> 1
A6: =+IF(E6>0,1,0) -> 1 | B6: ATAKAHYR mayinga | C6: G1 | D6: cash | E6: 20 | F6: =E6*7 -> 140 | G6: 46048 | H6: =+IF(A6=1,(+TODAY())-G6,"Sans objet") -> 260 | I6: 3 | J6: =VLOOKUP(I6,Secteurs!$A$2:$C$4,3) -> Armel SOKAMBA | K6: 0.5 | O6: 0.5 | Q6: =+$F6*K6 -> 70 | R6: =+$F6*L6 -> 0 | S6: =+$F6*M6 -> 0 | T6: =+$F6*N6 -> 0 | U6: =+$F6*O6 -> 70 | V6: =+$F6*P6 -> 0 | W6: =SUM(Q6:V6) -> 140 | Y6: =+W6-F6 -> 0 | AA6: Variation | AB6: =AB5-AB4 -> 0.021364865 | AC6: =AC5-AC4 -> 0.0040870784 | AD6: =AD5-AD4 -> 0.025451943 | AE6: =AE5-AE4 -> -0.0090539606 | AF6: =AF5-AF4 -> 0.0035384413 | AG6: =AG5-AG4 -> 0.0098198834 | AH6: =AH5-AH4 -> -0.029756307
A7: =+IF(E7>0,1,0) -> 1 | B7: MED globaline | C7: G1 | D7: cash | E7: 26 | F7: =E7*7 -> 182 | G7: 46042 | H7: =+IF(A7=1,(+TODAY())-G7,"Sans objet") -> 266 | I7: 3 | J7: =VLOOKUP(I7,Secteurs!$A$2:$C$4,3) -> Armel SOKAMBA | K7: 0.5 | N7: 0.5 | Q7: =+$F7*K7 -> 91 | R7: =+$F7*L7 -> 0 | S7: =+$F7*M7 -> 0 | T7: =+$F7*N7 -> 91 | U7: =+$F7*O7 -> 0 | V7: =+$F7*P7 -> 0 | W7: =SUM(Q7:V7) -> 182 | Y7: =+W7-F7 -> 0
A8: =+IF(E8>0,1,0) -> 1 | B8: Ets AMITIE ex BAGDAD1 grand marché révolution | C8: G1 | D8: cash | E8: 26 | F8: =E8*7 -> 182 | G8: 46050 | H8: =+IF(A8=1,(+TODAY())-G8,"Sans objet") -> 258 | I8: 2 | J8: =VLOOKUP(I8,Secteurs!$A$2:$C$4,3) -> Félix OVOURA | K8: 1 | Q8: =+$F8*K8 -> 182 | R8: =+$F8*L8 -> 0 | S8: =+$F8*M8 -> 0 | T8: =+$F8*N8 -> 0 | U8: =+$F8*O8 -> 0 | V8: =+$F8*P8 -> 0 | W8: =SUM(Q8:V8) -> 182 | Y8: =+W8-F8 -> 0
A9: =+IF(E9>0,1,0) -> 1 | B9: Ets AMITIE ex CONGO2 voungou école primaire | C9: G1 | D9: cash | E9: 20 | F9: =E9*7 -> 140 | G9: 46044 | H9: =+IF(A9=1,(+TODAY())-G9,"Sans objet") -> 264 | I9: 3 | J9: =VLOOKUP(I9,Secteurs!$A$2:$C$4,3) -> Armel SOKAMBA | K9: 1 | Q9: =+$F9*K9 -> 140 | R9: =+$F9*L9 -> 0 | S9: =+$F9*M9 -> 0 | T9: =+$F9*N9 -> 0 | U9: =+$F9*O9 -> 0 | V9: =+$F9*P9 -> 0 | W9: =SUM(Q9:V9) -> 140 | Y9: =+W9-F9 -> 0
A10: =+IF(E10>0,1,0) -> 1 | B10: Ets AMITIE ex CONGO1 kitoko daniel | C10: G1 | D10: cash | E10: 26 | F10: =E10*7 -> 182 | G10: 46050 | H10: =+IF(A10=1,(+TODAY())-G10,"Sans objet") -> 258 | I10: 2 | J10: =VLOOKUP(I10,Secteurs!$A$2:$C$4,3) -> Félix OVOURA | K10: 0.5 | M10: 0.5 | Q10: =+$F10*K10 -> 91 | R10: =+$F10*L10 -> 0 | S10: =+$F10*M10 -> 91 | T10: =+$F10*N10 -> 0 | U10: =+$F10*O10 -> 0 | V10: =+$F10*P10 -> 0 | W10: =SUM(Q10:V10) -> 182 | Y10: =+W10-F10 -> 0
A11: =+IF(E11>0,1,0) -> 1 | B11: Ets AMITIE ex BAGDAD2 Rex grand marché | C11: G1 | D11: cash | E11: 26 | F11: =E11*7 -> 182 | G11: 46050 | H11: =+IF(A11=1,(+TODAY())-G11,"Sans objet") -> 258 | I11: 2 | J11: =VLOOKUP(I11,Secteurs!$A$2:$C$4,3) -> Félix OVOURA | K11: 1 | Q11: =+$F11*K11 -> 182 | R11: =+$F11*L11 -> 0 | S11: =+$F11*M11 -> 0 | T11: =+$F11*N11 -> 0 | U11: =+$F11*O11 -> 0 | V11: =+$F11*P11 -> 0 | W11: =SUM(Q11:V11) -> 182 | Y11: =+W11-F11 -> 0
A12: =+IF(E12>0,1,0) -> 1 | B12: Ets AMITIE ex BONNE CHANCE nkouinkou dénisia | C12: G1 | D12: cash | E12: 24 | F12: =E12*7 -> 168 | G12: 46052 | H12: =+IF(A12=1,(+TODAY())-G12,"Sans objet") -> 256 | I12: 1 | J12: =VLOOKUP(I12,Secteurs!$A$2:$C$4,3) -> Alexis MABOUNDA | K12: 0.5 | O12: 0.5 | Q12: =+$F12*K12 -> 84 | R12: =+$F12*L12 -> 0 | S12: =+$F12*M12 -> 0 | T12: =+$F12*N12 -> 0 | U12: =+$F12*O12 -> 84 | V12: =+$F12*P12 -> 0 | W12: =SUM(Q12:V12) -> 168 | Y12: =+W12-F12 -> 0
A13: =+IF(E13>0,1,0) -> 1 | B13: BAH ex HACEN fond tié-tié | C13: G2 | D13: cash | E13: 36 | F13: =E13*7 -> 252 | G13: 46049 | H13: =+IF(A13=1,(+TODAY())-G13,"Sans objet") -> 259 | I13: 3 | J13: =VLOOKUP(I13,Secteurs!$A$2:$C$4,3) -> Armel SOKAMBA | K13: 0.5 | P13: 0.5 | Q13: =+$F13*K13 -> 126 | R13: =+$F13*L13 -> 0 | S13: =+$F13*M13 -> 0 | T13: =+$F13*N13 -> 0 | U13: =+$F13*O13 -> 0 | V13: =+$F13*P13 -> 126 | W13: =SUM(Q13:V13) -> 252 | Y13: =+W13-F13 -> 0
A14: =+IF(E14>0,1,0) -> 1 | B14: BAH ex SASI tié tié massola | C14: G1 | D14: cash | E14: 20 | F14: =E14*7 -> 140 | G14: 46050 | H14: =+IF(A14=1,(+TODAY())-G14,"Sans objet") -> 258 | I14: 2 | J14: =VLOOKUP(I14,Secteurs!$A$2:$C$4,3) -> Félix OVOURA | K14: 0.5 | P14: 0.5 | Q14: =+$F14*K14 -> 70 | R14: =+$F14*L14 -> 0 | S14: =+$F14*M14 -> 0 | T14: =+$F14*N14 -> 0 | U14: =+$F14*O14 -> 0 | V14: =+$F14*P14 -> 70 | W14: =SUM(Q14:V14) -> 140 | Y14: =+W14-F14 -> 0
A15: =+IF(E15>0,1,0) -> 1 | B15: BAH ex BMM paka maison blanche | C15: G1 | D15: cash | E15: 20 | F15: =E15*7 -> 140 | G15: 46048 | H15: =+IF(A15=1,(+TODAY())-G15,"Sans objet") -> 260 | I15: 3 | J15: =VLOOKUP(I15,Secteurs!$A$2:$C$4,3) -> Armel SOKAMBA | K15: 1 | Q15: =+$F15*K15 -> 140 | R15: =+$F15*L15 -> 0 | S15: =+$F15*M15 -> 0 | T15: =+$F15*N15 -> 0 | U15: =+$F15*O15 -> 0 | V15: =+$F15*P15 -> 0 | W15: =SUM(Q15:V15) -> 140 | Y15: =+W15-F15 -> 0
A16: =+IF(E16>0,1,0) -> 1 | B16: BA mvoumvou immigration | C16: G1 | D16: cash | E16: 26 | F16: =E16*7 -> 182 | G16: 46050 | H16: =+IF(A16=1,(+TODAY())-G16,"Sans objet") -> 258 | I16: 2 | J16: =VLOOKUP(I16,Secteurs!$A$2:$C$4,3) -> Félix OVOURA | K16: 0.5 | O16: 0.5 | Q16: =+$F16*K16 -> 91 | R16: =+$F16*L16 -> 0 | S16: =+$F16*M16 -> 0 | T16: =+$F16*N16 -> 0 | U16: =+$F16*O16 -> 91 | V16: =+$F16*P16 -> 0 | W16: =SUM(Q16:V16) -> 182 | Y16: =+W16-F16 -> 0
A17: =+IF(E17>0,1,0) -> 1 | B17: BA thyster mongo mpoukou | C17: G1 | D17: cash | E17: 32 | F17: =E17*7 -> 224 | G17: 46051 | H17: =+IF(A17=1,(+TODAY())-G17,"Sans objet") -> 257 | I17: 1 | J17: =VLOOKUP(I17,Secteurs!$A$2:$C$4,3) -> Alexis MABOUNDA | K17: 0.5 | M17: 0.5 | Q17: =+$F17*K17 -> 112 | R17: =+$F17*L17 -> 0 | S17: =+$F17*M17 -> 112 | T17: =+$F17*N17 -> 0 | U17: =+$F17*O17 -> 0 | V17: =+$F17*P17 -> 0 | W17: =SUM(Q17:V17) -> 224 | Y17: =+W17-F17 -> 0
A18: =+IF(E18>0,1,0) -> 1 | B18: BA mpaka dalette | C18: G1 | D18: cash | E18: 26 | F18: =E18*7 -> 182 | G18: 46048 | H18: =+IF(A18=1,(+TODAY())-G18,"Sans objet") -> 260 | I18: 3 | J18: =VLOOKUP(I18,Secteurs!$A$2:$C$4,3) -> Armel SOKAMBA | K18: 0.5 | O18: 0.5 | Q18: =+$F18*K18 -> 91 | R18: =+$F18*L18 -> 0 | S18: =+$F18*M18 -> 0 | T18: =+$F18*N18 -> 0 | U18: =+$F18*O18 -> 91 | V18: =+$F18*P18 -> 0 | W18: =SUM(Q18:V18) -> 182 | Y18: =+W18-F18 -> 0
A19: =+IF(E19>0,1,0) -> 1 | B19: BA fond tié-tié gar | C19: G1 | D19: cash | E19: 46 | F19: =E19*7 -> 322 | G19: 46049 | H19: =+IF(A19=1,(+TODAY())-G19,"Sans objet") -> 259 | I19: 3 | J19: =VLOOKUP(I19,Secteurs!$A$2:$C$4,3) -> Armel SOKAMBA | K19: 0.5 | M19: 0.5 | Q19: =+$F19*K19 -> 161 | R19: =+$F19*L19 -> 0 | S19: =+$F19*M19 -> 161 | T19: =+$F19*N19 -> 0 | U19: =+$F19*O19 -> 0 | V19: =+$F19*P19 -> 0 | W19: =SUM(Q19:V19) -> 322 | Y19: =+W19-F19 -> 0
A20: =+IF(E20>0,1,0) -> 1 | B20: BA mpaka marché | C20: G1 | D20: cash | E20: 20 | F20: =E20*7 -> 140 | G20: 46048 | H20: =+IF(A20=1,(+TODAY())-G20,"Sans objet") -> 260 | I20: 3 | J20: =VLOOKUP(I20,Secteurs!$A$2:$C$4,3) -> Armel SOKAMBA | K20: 0.5 | M20: 0.5 | Q20: =+$F20*K20 -> 70 | R20: =+$F20*L20 -> 0 | S20: =+$F20*M20 -> 70 | T20: =+$F20*N20 -> 0 | U20: =+$F20*O20 -> 0 | V20: =+$F20*P20 -> 0 | W20: =SUM(Q20:V20) -> 140 | Y20: =+W20-F20 -> 0
A21: =+IF(E21>0,1,0) -> 1 | B21: BA ngoyo | C21: G1 | D21: cash | E21: 26 | F21: =E21*7 -> 182 | G21: 46051 | H21: =+IF(A21=1,(+TODAY())-G21,"Sans objet") -> 257 | I21: 3 | J21: =VLOOKUP(I21,Secteurs!$A$2:$C$4,3) -> Armel SOKAMBA | K21: 0.75 | P21: 0.25 | Q21: =+$F21*K21 -> 136.5 | R21: =+$F21*L21 -> 0 | S21: =+$F21*M21 -> 0 | T21: =+$F21*N21 -> 0 | U21: =+$F21*O21 -> 0 | V21: =+$F21*P21 -> 45.5 | W21: =SUM(Q21:V21) -> 182 | Y21: =+W21-F21 -> 0
A22: =+IF(E22>0,1,0) -> 1 | B22: BA fond tié-tié en allant vers voungou | C22: G1 | D22: cash | E22: 20 | F22: =E22*7 -> 140 | G22: 46049 | H22: =+IF(A22=1,(+TODAY())-G22,"Sans objet") -> 259 | I22: 3 | J22: =VLOOKUP(I22,Secteurs!$A$2:$C$4,3) -> Armel SOKAMBA | K22: 0.5 | M22: 0.25 | O22: 0.25 | Q22: =+$F22*K22 -> 70 | R22: =+$F22*L22 -> 0 | S22: =+$F22*M22 -> 35 | T22: =+$F22*N22 -> 0 | U22: =+$F22*O22 -> 35 | V22: =+$F22*P22 -> 0 | W22: =SUM(Q22:V22) -> 140 | Y22: =+W22-F22 -> 0 | AD22: Prix Sac de Farine Boulangère 50 KG
A23: =+IF(E23>0,1,0) -> 1 | B23: NEINA REPUBLIQUE marché bissongo | C23: G1 | D23: cash | E23: 18 | F23: =E23*7 -> 126 | G23: 46035 | H23: =+IF(A23=1,(+TODAY())-G23,"Sans objet") -> 273 | I23: 3 | J23: =VLOOKUP(I23,Secteurs!$A$2:$C$4,3) -> Armel SOKAMBA | K23: 0.5 | P23: 0.5 | Q23: =+$F23*K23 -> 63 | R23: =+$F23*L23 -> 0 | S23: =+$F23*M23 -> 0 | T23: =+$F23*N23 -> 0 | U23: =+$F23*O23 -> 0 | V23: =+$F23*P23 -> 63 | W23: =SUM(Q23:V23) -> 126 | Y23: =+W23-F23 -> 0
A24: =+IF(E24>0,1,0) -> 1 | B24: NEINA REPUBLIQUE ngoyo central | C24: G1 | D24: cash | E24: 24 | F24: =E24*7 -> 168 | G24: 46038 | H24: =+IF(A24=1,(+TODAY())-G24,"Sans objet") -> 270 | I24: 3 | J24: =VLOOKUP(I24,Secteurs!$A$2:$C$4,3) -> Armel SOKAMBA | K24: 0.5 | P24: 0.5 | Q24: =+$F24*K24 -> 84 | R24: =+$F24*L24 -> 0 | S24: =+$F24*M24 -> 0 | T24: =+$F24*N24 -> 0 | U24: =+$F24*O24 -> 0 | V24: =+$F24*P24 -> 84 | W24: =SUM(Q24:V24) -> 168 | Y24: =+W24-F24 -> 0 | AD24: GMPN | AE24: GMK | AF24: SGMP | AG24: MFB | AH24: GMC
A25: =+IF(E25>0,1,0) -> 1 | B25: NEINA REPUBLIQUE grand marché | C25: G1 | D25: cash | E25: 24 | F25: =E25*7 -> 168 | G25: 46050 | H25: =+IF(A25=1,(+TODAY())-G25,"Sans objet") -> 258 | I25: 2 | J25: =VLOOKUP(I25,Secteurs!$A$2:$C$4,3) -> Félix OVOURA | K25: 0.5 | M25: 0.5 | Q25: =+$F25*K25 -> 84 | R25: =+$F25*L25 -> 0 | S25: =+$F25*M25 -> 84 | T25: =+$F25*N25 -> 0 | U25: =+$F25*O25 -> 0 | V25: =+$F25*P25 -> 0 | W25: =SUM(Q25:V25) -> 168 | Y25: =+W25-F25 -> 0 | AC25: Prix affiché | AD25: 16500 | AE25: 16000 | AF25: 16000 | AG25: 15750 | AH25: 16000
A26: =+IF(E26>0,1,0) -> 1 | B26: NEINA REPUBLIQUE tchimbambouka | C26: G1 | D26: cash | E26: 20 | F26: =E26*7 -> 140 | G26: 46048 | H26: =+IF(A26=1,(+TODAY())-G26,"Sans objet") -> 260 | I26: 3 | J26: =VLOOKUP(I26,Secteurs!$A$2:$C$4,3) -> Armel SOKAMBA | K26: 1 | Q26: =+$F26*K26 -> 140 | R26: =+$F26*L26 -> 0 | S26: =+$F26*M26 -> 0 | T26: =+$F26*N26 -> 0 | U26: =+$F26*O26 -> 0 | V26: =+$F26*P26 -> 0 | W26: =SUM(Q26:V26) -> 140 | Y26: =+W26-F26 -> 0 | AC26: Prix pour 1.000 sacs | AD26: 15850 & 16050 | AE26: 15750 | AF26: 15750 | AG26: 15500 | AH26: 15750
A27: =+IF(E27>0,1,0) -> 1 | B27: MED MMB deux poteaux | C27: G1 | D27: cash | E27: 20 | F27: =E27*7 -> 140 | G27: 46044 | H27: =+IF(A27=1,(+TODAY())-G27,"Sans objet") -> 264 | I27: 3 | J27: =VLOOKUP(I27,Secteurs!$A$2:$C$4,3) -> Armel SOKAMBA | K27: 1 | Q27: =+$F27*K27 -> 140 | R27: =+$F27*L27 -> 0 | S27: =+$F27*M27 -> 0 | T27: =+$F27*N27 -> 0 | U27: =+$F27*O27 -> 0 | V27: =+$F27*P27 -> 0 | W27: =SUM(Q27:V27) -> 140 | Y27: =+W27-F27 -> 0 | AC27: Meilleur Prix après Ristourne | AD27: 15105 | AE27: 15750 | AF27: 15500 | AG27: 15500 | AH27: 15750
A28: =+IF(E28>0,1,0) -> 1 | B28: MED marché tchimbamba | C28: G1 | D28: cash | E28: 26 | F28: =E28*7 -> 182 | G28: 46051 | H28: =+IF(A28=1,(+TODAY())-G28,"Sans objet") -> 257 | I28: 3 | J28: =VLOOKUP(I28,Secteurs!$A$2:$C$4,3) -> Armel SOKAMBA | K28: 1 | Q28: =+$F28*K28 -> 182 | R28: =+$F28*L28 -> 0 | S28: =+$F28*M28 -> 0 | T28: =+$F28*N28 -> 0 | U28: =+$F28*O28 -> 0 | V28: =+$F28*P28 -> 0 | W28: =SUM(Q28:V28) -> 182 | Y28: =+W28-F28 -> 0
A29: =+IF(E29>0,1,0) -> 1 | B29: MED ngoyo péage | C29: G1 | D29: cash | E29: 30 | F29: =E29*7 -> 210 | G29: 46051 | H29: =+IF(A29=1,(+TODAY())-G29,"Sans objet") -> 257 | I29: 3 | J29: =VLOOKUP(I29,Secteurs!$A$2:$C$4,3) -> Armel SOKAMBA | N29: 0.5 | O29: 0.5 | Q29: =+$F29*K29 -> 0 | R29: =+$F29*L29 -> 0 | S29: =+$F29*M29 -> 0 | T29: =+$F29*N29 -> 105 | U29: =+$F29*O29 -> 105 | V29: =+$F29*P29 -> 0 | W29: =SUM(Q29:V29) -> 210 | Y29: =+W29-F29 -> 0
A30: =+IF(E30>0,1,0) -> 1 | B30: MED ex la grace vindoulou | C30: G1 | D30: cash | E30: 30 | F30: =E30*7 -> 210 | G30: 46051 | H30: =+IF(A30=1,(+TODAY())-G30,"Sans objet") -> 257 | I30: 1 | J30: =VLOOKUP(I30,Secteurs!$A$2:$C$4,3) -> Alexis MABOUNDA | K30: 0.75 | N30: 0.25 | Q30: =+$F30*K30 -> 157.5 | R30: =+$F30*L30 -> 0 | S30: =+$F30*M30 -> 0 | T30: =+$F30*N30 -> 52.5 | U30: =+$F30*O30 -> 0 | V30: =+$F30*P30 -> 0 | W30: =SUM(Q30:V30) -> 210 | Y30: =+W30-F30 -> 0
A31: =+IF(E31>0,1,0) -> 1 | B31: MMB Licee vindoulou | C31: G1 | D31: cash | E31: 20 | F31: =E31*7 -> 140 | G31: 46052 | H31: =+IF(A31=1,(+TODAY())-G31,"Sans objet") -> 256 | I31: 1 | J31: =VLOOKUP(I31,Secteurs!$A$2:$C$4,3) -> Alexis MABOUNDA | K31: 0.5 | M31: 0.25 | O31: 0.25 | Q31: =+$F31*K31 -> 70 | R31: =+$F31*L31 -> 0 | S31: =+$F31*M31 -> 35 | T31: =+$F31*N31 -> 0 | U31: =+$F31*O31 -> 35 | V31: =+$F31*P31 -> 0 | W31: =SUM(Q31:V31) -> 140 | Y31: =+W31-F31 -> 0
